Workbook
Name А1: #REF!
Name А1: #REF!
Name А1: #REF!
Name А1: #REF!
Name А1: #REF!
Name А1: #REF!
Name А1: #REF!
Name А1: #REF!
Name А1: #REF!
Name А1: #REF!
Name А1: #REF!
Name А1: #REF!
Name А1: #REF!
Name А1: #REF!
Name А1: #REF!
Name А1: #REF!
Name А1: #REF!
Name А1: #REF!
Name А1: #REF!
Name А1: #REF!
Name А1: #REF!
Name А1: #REF!
Name А1: #REF!
Name А1: #REF!
Name А1: #REF!
Name А1: #REF!
Name А1: #REF!
Name А1: #REF!
Name А1: #REF!
Name А1: #REF!
Name А1: #REF!
Name А1: #REF!
Name А1: #REF!
Name А1: #REF!
Name А1: #REF!
Name А1: #REF!
Name А1: #REF!
Name А1: #REF!
Name А1: #REF!
Name А1: #REF!
Name А1: #REF!
Name А1: #REF!
Name Выбор_1.1: '[1]1.1'!$C$5:$C$8
Name Выбор_1.1: '[1]1.1'!$C$5:$C$8
Name Выбор_1.1: '[1]1.1'!$C$5:$C$8
Name Выбор_1.1: '[1]1.1'!$C$5:$C$8
Name Выбор_1.1: '[1]1.1'!$C$5:$C$8
Name Выбор_1.1: '[1]1.1'!$C$5:$C$8
Name Выбор_1.1: '[1]1.1'!$C$5:$C$8
Name Выбор_1.1: '[1]1.1'!$C$5:$C$8
Name Выбор_1.1: '[1]1.1'!$C$5:$C$8
Name Выбор_1.1: '[1]1.1'!$C$5:$C$8
Name Выбор_1.1: '[1]1.1'!$C$5:$C$8
Name Выбор_1.1: '[1]1.1'!$C$5:$C$8
Name Выбор_1.1: '[1]1.1'!$C$5:$C$8
Name Выбор_1.1: '[1]1.1'!$C$5:$C$8
Name Выбор_1.1: '[1]1.1'!$C$5:$C$8
Name Выбор_1.1: '[1]1.1'!$C$5:$C$8
Name Выбор_1.1: '[1]1.1'!$C$5:$C$8
Name Выбор_1.1: '[1]1.1'!$C$5:$C$8

Sheet Оценка (Этап I)
A1: Оценка муниципальных образований по I этапу «Характеристика первоначально утвержденного бюджета муниципального образования Саратовской области»
A2: Календарный период | B2: 2024 год
A3: Наименование муниципального образования Саратовской обалсти | B3: Итого по I этапу | C3: ='Показатель 1.1'!A1 -> 1.1. Опубликование первоначально принятого решения о бюджете муниципального образования на текущий финансовый год (текущий финансовый год и плановый период), на портале (сайте) | D3: ='Показатель 1.2'!A1 -> 1.2. Опубликование бюджета для граждан, разработанного на основе первоначально принятого решения о бюджете муниципального образования на текущий финансовый год (текущий финансовый год и плановый период), на портале (сайте) | E3: ='Раздел 2'!A1 -> 2.1 Итоговое значение рейтинга открытости и прозрачности муниципальных учреждений муниципального образования, рассчитанного на основе данных раздела «Независимая система оценки качества» официального сайта Российской Федерации для размещения информации о государственных (муниципальных) учреждениях (www.bus.gov.ru)
A4: Единица измерения | B4: баллов | C4: баллов | D4: баллов | E4: баллов
A5: Максимальный балл | B5: =SUM(C5:E5) -> 10 | C5: ='Методика I этап'!C9 -> 4 | D5: ='Методика I этап'!C14 -> 3 | E5: ='Методика I этап'!C21 -> 3
A6: Городские округа
A7: г. Саратов | B7: =SUM(C7:E7) -> 10 | C7: ='Показатель 1.1'!J9 -> 4 | D7: ='Показатель 1.2'!H10 -> 3 | E7: ='Раздел 2'!D10 -> 3
A8: п. Михайловский | B8: =SUM(C8:E8) -> 10 | C8: ='Показатель 1.1'!J10 -> 4 | D8: ='Показатель 1.2'!H11 -> 3 | E8: ='Раздел 2'!D11 -> 3
A9: ЗАТО Светлый | B9: =SUM(C9:E9) -> 9 | C9: ='Показатель 1.1'!J11 -> 4 | D9: ='Показатель 1.2'!H12 -> 2 | E9: ='Раздел 2'!D12 -> 3
A10: г. Шиханы | B10: =SUM(C10:E10) -> 8 | C10: ='Показатель 1.1'!J12 -> 4 | D10: ='Показатель 1.2'!H13 -> 1 | E10: ='Раздел 2'!D13 -> 3
A11: Муниципальные районы
A12: Александрово-Гайский | B12: =SUM(C12:E12) -> 5 | C12: ='Показатель 1.1'!J14 -> 1 | D12: ='Показатель 1.2'!H15 -> 1 | E12: ='Раздел 2'!D15 -> 3
A13: Аркадакский | B13: =SUM(C13:E13) -> 7 | C13: ='Показатель 1.1'!J15 -> 1 | D13: ='Показатель 1.2'!H16 -> 3 | E13: ='Раздел 2'!D16 -> 3
A14: Аткарский | B14: =SUM(C14:E14) -> 10 | C14: ='Показатель 1.1'!J16 -> 4 | D14: ='Показатель 1.2'!H17 -> 3 | E14: ='Раздел 2'!D17 -> 3
A15: Базарно-Карабулакский | B15: =SUM(C15:E15) -> 10 | C15: ='Показатель 1.1'!J17 -> 4 | D15: ='Показатель 1.2'!H18 -> 3 | E15: ='Раздел 2'!D18 -> 3
A16: Балаковский | B16: =SUM(C16:E16) -> 10 | C16: ='Показатель 1.1'!J18 -> 4 | D16: ='Показатель 1.2'!H19 -> 3 | E16: ='Раздел 2'!D19 -> 3
A17: Балашовский | B17: =SUM(C17:E17) -> 10 | C17: ='Показатель 1.1'!J19 -> 4 | D17: ='Показатель 1.2'!H20 -> 3 | E17: ='Раздел 2'!D20 -> 3
A18: Балтайский | B18: =SUM(C18:E18) -> 9 | C18: ='Показатель 1.1'!J20 -> 4 | D18: ='Показатель 1.2'!H21 -> 2 | E18: ='Раздел 2'!D21 -> 3
A19: Вольский | B19: =SUM(C19:E19) -> 2 | C19: ='Показатель 1.1'!J21 -> 2 | D19: ='Показатель 1.2'!H22 -> 0 | E19: ='Раздел 2'!D22 -> 0
A20: Воскресенский | B20: =SUM(C20:E20) -> 2 | C20: ='Показатель 1.1'!J22 -> 2 | D20: ='Показатель 1.2'!H23 -> 0 | E20: ='Раздел 2'!D23 -> 0
A21: Дергачевский | B21: =SUM(C21:E21) -> 9 | C21: ='Показатель 1.1'!J23 -> 4 | D21: ='Показатель 1.2'!H24 -> 2 | E21: ='Раздел 2'!D24 -> 3
A22: Духовницкий | B22: =SUM(C22:E22) -> 8.5 | C22: ='Показатель 1.1'!J24 -> 4 | D22: ='Показатель 1.2'!H25 -> 1.5 | E22: ='Раздел 2'!D25 -> 3
A23: Екатериновский | B23: =SUM(C23:E23) -> 3 | C23: ='Показатель 1.1'!J25 -> 2 | D23: ='Показатель 1.2'!H26 -> 0 | E23: ='Раздел 2'!D26 -> 1
... A48: Энгельсский | B48: =SUM(C48:E48) -> 10 | C48: ='Показатель 1.1'!J50 -> 4 | D48: ='Показатель 1.2'!H51 -> 3 | E48: ='Раздел 2'!D51 -> 3

Sheet Методика I этап
A1: I этап. Характеристика первоначально утвержденного бюджета муниципального образования
A4: № п/п | B4: Вопросы и варианты ответов | C4: Баллы
A6: 1. | B6: Первоначально утвержденный бюджет муниципального образования | C6: =C9+C14 -> 7
A7: 1.1 | B7: Опубликование первоначально принятого решения о бюджете муниципального образования на текущий финансовый год (текущий финансовый год и плановый период) на портале (сайте)
B8: В целях оценки показателя учитывается публикация принятого решения о бюджете в полном объеме, включая текстовую часть и все приложения к нему. Публикация отдельных составляющих в целях оценки показателя не учитывается. Решение о бюджете должно быть опубликовано в течение 15 рабочих дней после принятия и сохраняться не менее трех лет. При нарушении указанного срока применяется понижающий коэффициент за несоблюдение сроков обеспечения доступа к бюджетным данным. В случае, если в установленный для представления информации в министерство финансов области срок (далее - установленный срок) документ не размещен, оценка показателя принимает значение 0 баллов.
B9: Опубликовано в структурированном виде с указанием полных или кратких наименований всех составляющих | C9: 4
B10: Опубликовано, но не в структурированном виде и (или) без указания полных или кратких наименований всех составляющих | C10: 2
B11: Не опубликовано | C11: 0
A12: 1.2 | B12: Опубликование бюджета для граждан, разработанного на основе первоначально принятого решения о бюджете муниципального образования на текущий финансовый год (текущий финансовый год и плановый период), на портале (сайте)
B13: В целях оценки показателя учитывается публикация информации в виде брошюр (презентаций) либо в виде отдельных сведений, опубликованных на портале (сайте). В том числе, должна быть представлена следующая информация: 1) показатели прогноза социально-экономического развития, на основе которых сформирован бюджет (включая показатели, характеризующие объемы производства, численность и состав населения, заработную плату и т.д.); 2) сведения о доходах бюджета муниципального образования в разрезе видов доходов; 3) сведения о расходах бюджета муниципального образования по разделам и подразделам классификации расходов бюджета; 4) сведения о расходах бюджета муниципального образования на реализацию муниципальных программ, а также о целевых показателях (индикаторах), планируемых к достижению в результате их реализации; 5) сведения о социально-значимых проектах, предусмотренных к финансированию за счет бюджета муниципального образования, или об отсутствии таких проектов; 6) сведения об объеме (об отсутствии) муниципального долга; 7) контактная информация для обратной связи с гражданами . По пунктам 1-6 информация должна быть представлена в динамике: фактические значения за год, предшествующий отчетному году, оценку за отчетный год и прогноз на текущий год и плановый период. Бюджет для граждан, разработанный на основе решения о бюджете, должен быть опубликован в течение 10 рабочих дней после принятия решения о бюджете муниципального образования и сохраняться не менее трех лет. При нарушении указанного срока применяется понижающий коэффициент за несоблюдение сроков обеспечения доступа к бюджетным данным. В случае, если в установленный срок документ не размещен, оценка показателя принимает значение 0 баллов.
B14: Опубликован и содержит информацию по всем ключевым элементам | C14: 3
B15: Опубликован и содержит информацию по пяти и более ключевым элементам | C15: 2
B16: Опубликован и содержит информацию по трем и более ключевым элементам | C16: 1
B17: Не опубликован или содержит информацию менее чем по трем ключевым элементам | C17: 0
A18: 2. | B18: Публичные сведения о плановых показателях деятельности муниципальных учреждений Саратовской области | C18: =C21 -> 3
A19: 2.1 | B19: Итоговое значение рейтинга открытости и прозрачности муниципальных учреждений муниципального образования, рассчитанного на основе данных раздела «Независимая система оценки качества» официального сайта Российской Федерации для размещения информации о государственных (муниципальных) учреждениях (www.bus.gov.ru)
B20: Источники информации для проведения оценки: официальный сайт Российской Федерации для размещения информации о государственных (муниципальных) учреждениях (www.bus.gov.ru), раздел «Независимая система оценки качества»; перечень муниципальных учреждений муниципального образования, представляемый финансовыми органами муниципальных образований в министерство финансов в срок, предусмотренный для направления информации по I этапу. Правила предоставления и размещения информации о государственных (муниципальных) учреждениях на указанном сайте установлены приказом Минфина России от 21 июля 2011 года № 86н «Об утверждении порядка предоставления информации государственным (муниципальным) учреждением, ее размещения на официальном сайте в сети Интернет и ведения указанного сайта». Итоговое значение рейтинга открытости и прозрачности муниципальных учреждений муниципального образования рассчитывается по следующей формуле: ∑mi=1Ri Rмо= -------------, m где Rмо – итоговое значение рейтинга открытости и прозрачности муниципальных учреждений муниципального образования; Ri – итоговый показатель рейтинга открытости и прозрачности i-го муниципального учреждения муниципального образования; m – общее количество муниципальных учреждений муниципального образования. Итоговый показатель рейтинга открытости и прозрачности по учреждению рассчитывается по следующей формуле: Ri=Roii*0,2+ Rmzi*0,4+ Rbsi*0,4, где Roii – показатель публикации на указанном сайте общей информации об i-ом муниципальном учреждении; Rmzi – показатель публикации на указанном сайте информации о муниципальном задании i-му муниципальному учреждению, Rbsi – показатель публикации на указанном сайте информации о бюджетной смете i-го муниципального учреждения. 0,2 и 0,4 – весовые коэффициенты значимости показателей. Показатели Roii, Rmzi Rbsi при наличии опубликованной информации на указанном сайте принимают значения 1, в иных случаях – 0. Если муниципальному учреждению муниципальное задание не доводится (муниципальное учреждение является казенным), то показатель Rmzi принимает значение 1, в иных случаях – 0. Для автономных и бюджетных муниципальных учреждений показатель Rbsi принимает значение 1. В целях расчета показателей обособленные структурные подразделения (филиалы, представительства) не учитываются.
B21: 0,95 и более | C21: 3
B22: 0,9 и более | C22: 2
B23: 0,8 и более | C23: 1
B24: менее 0,8 | C24: 0
B25: Итого баллов на I этапе | C25: =C6+C18 -> 10

Sheet Показатель 1.1
A1: 1.1. Опубликование первоначально принятого решения о бюджете муниципального образования на текущий финансовый год (текущий финансовый год и плановый период), на портале (сайте)
A2: Комментарий:
A3: ='Методика I этап'!B8 -> В целях оценки показателя учитывается публикация принятого решения о бюджете в полном объеме, включая текстовую часть и все приложения к нему. Публикация отдельных составляющих в целях оценки показателя не учитывается. Решение о бюджете должно быть опубликовано в течение 15 рабочих дней после принятия и сохраняться не менее трех лет. При нарушении указанного срока применяется понижающий коэффициент за несоблюдение сроков обеспечения доступа к бюджетным данным. В случае, если в установленный для представления информации в министерство финансов области срок (далее - установленный срок) документ не размещен, оценка показателя принимает значение 0 баллов.
A4: № п/п | B4: Вопрос | C4: ='Методика I этап'!B7 -> Опубликование первоначально принятого решения о бюджете муниципального образования на текущий финансовый год (текущий финансовый год и плановый период) на портале (сайте) | D4: Формат | E4: Доступность (указать, если возникли трудности с поиском документа, если переход осуществляется более, чем за 5 «кликов» с основной страницы портала (сайта), если название раздела не соответствует содержанию) | F4: Оценка показателя 1.1 | K4: Ссылка на источник данных | L4: Комментарии
B5: Варианты ответов | C5: ='Методика I этап'!B9 -> Опубликовано в структурированном виде с указанием полных или кратких наименований всех составляющих | D5: Word, Excel, PDF | F5: баллы | G5: понижающие коэффициенты | J5: Итого
C6: ='Методика I этап'!B10 -> Опубликовано, но не в структурированном виде и (или) без указания полных или кратких наименований всех составляющих | G6: графический формат | H6: затруднен-ный поиск | I6: несоблюде-ние сроков
C7: ='Методика I этап'!B11 -> Не опубликовано
B8: Городские округа
A9: 1 | B9: г. Саратов | C9: Опубликовано в структурированном виде с указанием полных или кратких наименований всех составляющих | D9: Word | F9: =IF(C9=C5,4,IF(C9=C6,2,0)) -> 4 | J9: =F9*(1-G9)*(1-H9)*(1-I9) -> 4 | K9: http://www.saratovmer.ru/budget/rubrics/1/1333.html
A10: 2 | B10: п. Михайловский | C10: Опубликовано в структурированном виде с указанием полных или кратких наименований всех составляющих | D10: Word, Excel | F10: =IF(C10=C5,4,IF(C10=C6,2,0)) -> 4 | J10: =F10*(1-G10)*(1-H10)*(1-I10) -> 4 | K10: http://mihailovski.ru/byudzhet-mo-na-2024-2026-gody/resheniya-o-byudzhete-/-reshenie-sobraniya-deputatov-munitsipalnogo-obraz/
A11: 3 | B11: ЗАТО Светлый | C11: Опубликовано в структурированном виде с указанием полных или кратких наименований всех составляющих | D11: Web, Word | F11: =IF(C11=C5,4,IF(C11=C6,2,0)) -> 4 | J11: =F11*(1-G11)*(1-H11)*(1-I11) -> 4 | K11: https://zatosvetly.gosuslugi.ru/upr-finansov/biudzhet/resheniyaobudzhete/2024-god/novosti_770.html
A12: 4 | B12: г. Шиханы | C12: Опубликовано в структурированном виде с указанием полных или кратких наименований всех составляющих | D12: Word | F12: =IF(C12=C5,4,IF(C12=C6,2,0)) -> 4 | J12: =F12*(1-G12)*(1-H12)*(1-I12) -> 4 | K12: http://zatoshihany.ru/budget/reshenie-o-byudzhete/2024/ | L12: Обратите внимание, отсутствует возможность скачать документ полностью.
B13: Муниципальные районы
A14: 5 | B14: Александрово-Гайский | C14: Опубликовано, но не в структурированном виде и (или) без указания полных или кратких наименований всех составляющих | D14: Word | F14: =IF(C14=C5,4,IF(C14=C6,2,0)) -> 2 | I14: 0.5 | J14: =F14*(1-G14)*(1-H14)*(1-I14) -> 1 | K14: http://algay.sarmo.ru/byudzhet-ekonomika-finansy/resheniya-mun-sobraniya.php | L14: Решение о бюджете должно быть опубликовано в течение 15 рабочих дней после принятия и сохраняться не менее трех лет (дата решения - 25.12.2023, дата последнего внесения изменения в файл - 22.03.2024 )
A15: 6 | B15: Аркадакский | C15: Опубликовано, но не в структурированном виде и (или) без указания полных или кратких наименований всех составляющих | D15: Word | E15: переход осуществляется более, чем за 5 «кликов» с основной страницы | F15: =IF(C15=C5,4,IF(C15=C6,2,0)) -> 2 | H15: 0.5 | J15: =F15*(1-G15)*(1-H15)*(1-I15) -> 1 | K15: https://arkadak.gosuslugi.ru/ofitsialno/statistika/byudzhet-dlya-grazhdan/reshenie-o-byudzhete/byudzhet-2024-2026/
A16: 7 | B16: Аткарский | C16: Опубликовано в структурированном виде с указанием полных или кратких наименований всех составляющих | D16: Word, Excel | F16: =IF(C16=C5,4,IF(C16=C6,2,0)) -> 4 | J16: =F16*(1-G16)*(1-H16)*(1-I16) -> 4 | K16: https://atkarsk.moyaokruga.ru/CityArticles.aspx?articleid=20792
A17: 8 | B17: Базарно-Карабулакский | C17: Опубликовано в структурированном виде с указанием полных или кратких наименований всех составляющих | D17: Web, Word, Excel | E17: лишняя папка в архиве | F17: =IF(C17=C5,4,IF(C17=C6,2,0)) -> 4 | J17: =F17*(1-G17)*(1-H17)*(1-I17) -> 4 | K17: https://admbk.ru/administration/finansovoe-upravlenie/byudzhet/2024-god/reshenie-25-dekabrya-2023-g-15-o-byudzhete-bazarno-karabulakskogo-munitsipalnogo-rayona-na-2024-god-/
A18: 9 | B18: Балаковский | C18: Опубликовано в структурированном виде с указанием полных или кратких наименований всех составляющих | D18: Word, Excel | F18: =IF(C18=C5,4,IF(C18=C6,2,0)) -> 4 | J18: =F18*(1-G18)*(1-H18)*(1-I18) -> 4 | K18: http://balkomfin.ru/
A19: 10 | B19: Балашовский | C19: Опубликовано в структурированном виде с указанием полных или кратких наименований всех составляющих | D19: Word | E19: лишняя папка в архиве | F19: =IF(C19=C5,4,IF(C19=C6,2,0)) -> 4 | J19: =F19*(1-G19)*(1-H19)*(1-I19) -> 4 | K19: http://baladmin.ru/byudzhet-na-2024-god-i-planovyy-period-2025-i-2026-godov.php
A20: 11 | B20: Балтайский | C20: Опубликовано в структурированном виде с указанием полных или кратких наименований всех составляющих | D20: Word | F20: =IF(C20=C5,4,IF(C20=C6,2,0)) -> 4 | J20: =F20*(1-G20)*(1-H20)*(1-I20) -> 4 | K20: http://adm-baltay.ru/finansovoe-upravlenie/resheniya-o-mestnom-byudzhete-na-2024-god-i-planovyj-period-2025-2026-gg/ | L20: Обратите внимание, отсутствует возможность скачать документ полностью.
A21: 12 | B21: Вольский | C21: Опубликовано, но не в структурированном виде и (или) без указания полных или кратких наименований всех составляющих | D21: Word | F21: =IF(C21=C5,4,IF(C21=C6,2,0)) -> 2 | J21: =F21*(1-G21)*(1-H21)*(1-I21) -> 2 | K21: http://volsk-ms.ru/resheniya-vms/resheniya/
A22: 13 | B22: Воскресенский | C22: Опубликовано, но не в структурированном виде и (или) без указания полных или кратких наименований всех составляющих | D22: Word | F22: =IF(C22=C5,4,IF(C22=C6,2,0)) -> 2 | J22: =F22*(1-G22)*(1-H22)*(1-I22) -> 2 | K22: http://voskresensk64.ru/meeting/mun-sobranie/documents/index.php
A23: 14 | B23: Дергачевский | C23: Опубликовано в структурированном виде с указанием полных или кратких наименований всех составляющих | D23: Word, Excel, PDF | F23: =IF(C23=C5,4,IF(C23=C6,2,0)) -> 4 | J23: =F23*(1-G23)*(1-H23)*(1-I23) -> 4 | K23: http://dergachi.sarmo.ru/sobranie-dergachevskogo-munitsipalnogo-rayona/resheniya-sobraniya-dergachevskogo-munitsipalnogo-rayona/
A24: 15 | B24: Духовницкий | C24: Опубликовано в структурированном виде с указанием полных или кратких наименований всех составляющих | D24: Web, Word, Excel | E24: лишняя папка в архиве | F24: =IF(C24=C5,4,IF(C24=C6,2,0)) -> 4 | J24: =F24*(1-G24)*(1-H24)*(1-I24) -> 4 | K24: http://duhovnitskoe.sarmo.ru/ispolnenie-byudzheta/byudzhet-2024-goda/byudzhet-1-ot-22-12-2023.php
A25: 16 | B25: Екатериновский | C25: Опубликовано, но не в структурированном виде и (или) без указания полных или кратких наименований всех составляющих | D25: Word | F25: =IF(C25=C5,4,IF(C25=C6,2,0)) -> 2 | J25: =F25*(1-G25)*(1-H25)*(1-I25) -> 2 | K25: http://ekaterinovka.sarmo.ru/byudzhet-dlya-grazhdan/ | L25: Отсутствуют полные или краткие наименования всех составляющих
A26: 17 | B26: Ершовский | C26: Опубликовано в структурированном виде с указанием полных или кратких наименований всех составляющих | D26: Word | E26: лишняя папка в архиве | F26: =IF(C26=C5,4,IF(C26=C6,2,0)) -> 4 | J26: =F26*(1-G26)*(1-H26)*(1-I26) -> 4 | K26: https://adminemr.ru/byudzhet-i-finansy/byudzhet/UTVERJDENNIIbudjet/
A27: 18 | B27: Ивантеевский | C27: Опубликовано в структурированном виде с указанием полных или кратких наименований всех составляющих | D27: Word | F27: =IF(C27=C5,4,IF(C27=C6,2,0)) -> 4 | J27: =F27*(1-G27)*(1-H27)*(1-I27) -> 4 | K27: http://ivanteevka.sarmo.ru/byudzhet-dlya-grazhdan/npa/2024.php
A28: 19 | B28: Калининский | C28: Опубликовано в структурированном виде с указанием полных или кратких наименований всех составляющих | D28: Word | F28: =IF(C28=C5,4,IF(C28=C6,2,0)) -> 4 | J28: =F28*(1-G28)*(1-H28)*(1-I28) -> 4 | K28: http://kalininsk.sarmo.ru/otkrytyybyudzhet/resheniya-o-byudzhete/resheniya-o-byudzhete-2024-god.php
A29: 20 | B29: Красноармейский | C29: Опубликовано, но не в структурированном виде и (или) без указания полных или кратких наименований всех составляющих | D29: Word | F29: =IF(C29=C5,4,IF(C29=C6,2,0)) -> 2 | J29: =F29*(1-G29)*(1-H29)*(1-I29) -> 2 | K29: https://krasnoarmeysk64.ru/predstavitelnyy-organ/resheniya-sobraniya-deputatov/
A30: 21 | B30: Краснокутский | C30: Опубликовано в структурированном виде с указанием полных или кратких наименований всех составляющих | D30: Word | F30: =IF(C30=C5,4,IF(C30=C6,2,0)) -> 4 | J30: =F30*(1-G30)*(1-H30)*(1-I30) -> 4 | K30: https://krasny-kut.ru/finansy/byudzhet-rayona/
A31: 22 | B31: Краснопартизанский | C31: Опубликовано в структурированном виде с указанием полных или кратких наименований всех составляющих | D31: Word, Excel | F31: =IF(C31=C5,4,IF(C31=C6,2,0)) -> 4 | J31: =F31*(1-G31)*(1-H31)*(1-I31) -> 4 | K31: https://adminkmr.ru/byudzhet/byudzhet-munitsipalnogo-rayona/byudzhet-rayona-2024.php
A32: 23 | B32: Лысогорский | C32: Опубликовано в структурированном виде с указанием полных или кратких наименований всех составляющих | D32: Word | F32: =IF(C32=C5,4,IF(C32=C6,2,0)) -> 4 | J32: =F32*(1-G32)*(1-H32)*(1-I32) -> 4 | K32: https://adm.lysyegory.ru/base/14324-reshenie-ot-15-12-2023-goda-430-o-byudzhete-lysogorskogo-municipalnogo-raiona-na-2024-god-i-na.html | L32: Обратите внимание, отсутствует возможность скачать документ полностью.
A33: 24 | B33: Марксовский | C33: Опубликовано в структурированном виде с указанием полных или кратких наименований всех составляющих | D33: Word, Excel | F33: =IF(C33=C5,4,IF(C33=C6,2,0)) -> 4 | J33: =F33*(1-G33)*(1-H33)*(1-I33) -> 4 | K33: http://marksadm.ru/r-o-b.html
A34: 25 | B34: Новобурасский | C34: Опубликовано в структурированном виде с указанием полных или кратких наименований всех составляющих | D34: Web, Word, Excel | F34: =IF(C34=C5,4,IF(C34=C6,2,0)) -> 4 | J34: =F34*(1-G34)*(1-H34)*(1-I34) -> 4 | K34: http://www.nbfin.ru/resheniya_o_byudzhetah/novoburasskogo_municipal_nogo_rajona/resheniya_o_vnesenii_izmenenij_v_byudzhet/na_2024_god/
A35: 26 | B35: Новоузенский | C35: Опубликовано, но не в структурированном виде и (или) без указания полных или кратких наименований всех составляющих | D35: Word | F35: =IF(C35=C5,4,IF(C35=C6,2,0)) -> 2 | J35: =F35*(1-G35)*(1-H35)*(1-I35) -> 2 | K35: https://novouzensk.gosuslugi.ru/ofitsialno/dokumenty/dokumenty-all_210.html
A36: 27 | B36: Озинский | C36: Опубликовано в структурированном виде с указанием полных или кратких наименований всех составляющих | D36: Word, Excel | F36: =IF(C36=C5,4,IF(C36=C6,2,0)) -> 4 | J36: =F36*(1-G36)*(1-H36)*(1-I36) -> 4 | K36: http://ozinki.sarmo.ru/byudzhet/byudzhet-munitsipalnogo-rayona.php?ELEMENT_ID=9406
A37: 28 | B37: Перелюбский | C37: Опубликовано в структурированном виде с указанием полных или кратких наименований всех составляющих | D37: Word, Excel | E37: лишняя папка в архиве | F37: =IF(C37=C5,4,IF(C37=C6,2,0)) -> 4 | J37: =F37*(1-G37)*(1-H37)*(1-I37) -> 4 | K37: https://www.перелюбский.рф/dokumenty/byudzhet-rayona/
A38: 29 | B38: Петровский | C38: Опубликовано в структурированном виде с указанием полных или кратких наименований всех составляющих | D38: Word | F38: =IF(C38=C5,4,IF(C38=C6,2,0)) -> 4 | J38: =F38*(1-G38)*(1-H38)*(1-I38) -> 4 | K38: https://petrovsk64.gosuslugi.ru/ofitsialno/struktura/munitsipalnye-podvedomstvennye-organizatsii/fin-upr/byudzhet-munitsipalnogo-rayona/dokumenty_16351.html
A39: 30 | B39: Питерский | C39: Опубликовано в структурированном виде с указанием полных или кратких наименований всех составляющих | D39: Word | F39: =IF(C39=C5,4,IF(C39=C6,2,0)) -> 4 | J39: =F39*(1-G39)*(1-H39)*(1-I39) -> 4 | K39: https://питерка.рф/ekonomika-i-byudzhet/byudzhet-piterskogo-mr/resheniya-o-byudzhete/reshenie-o-byudzhete-na-2024-god-i-planovyy-period-2025-i-2026-godov/
A40: 31 | B40: Пугачевский | C40: Опубликовано в структурированном виде с указанием полных или кратких наименований всех составляющих | D40: Word | F40: =IF(C40=C5,4,IF(C40=C6,2,0)) -> 4 | J40: =F40*(1-G40)*(1-H40)*(1-I40) -> 4 | K40: https://pugachev-adm.gosuslugi.ru/ofitsialno/byudzhet-rayona/resheniya-o-byudzhete/2024-god/
A41: 32 | B41: Ровенский | C41: Опубликовано в структурированном виде с указанием полных или кратких наименований всех составляющих | D41: Word, Excel | F41: =IF(C41=C5,4,IF(C41=C6,2,0)) -> 4 | J41: =F41*(1-G41)*(1-H41)*(1-I41) -> 4 | K41: http://rovnoe.sarmo.ru/2024godreshenie.php?clear_cache=Y
A42: 33 | B42: Романовский | C42: Опубликовано в структурированном виде с указанием полных или кратких наименований всех составляющих | D42: Word | F42: =IF(C42=C5,4,IF(C42=C6,2,0)) -> 4 | J42: =F42*(1-G42)*(1-H42)*(1-I42) -> 4 | K42: http://romanovka.sarmo.ru/byudzhet-dlya-grazhdan/byudzhet-romanovskogo-munitsipalnogo-rayona/resheniya-byudzheta/
A43: 34 | B43: Ртищевский | C43: Опубликовано в структурированном виде с указанием полных или кратких наименований всех составляющих | D43: Web, Word, Excel | F43: =IF(C43=C5,4,IF(C43=C6,2,0)) -> 4 | J43: =F43*(1-G43)*(1-H43)*(1-I43) -> 4 | K43: http://rtishevo.sarmo.ru/finansovyy-organ/rtishchevskiy-munitsipalnyy-rayon/2024-god/reshenie-o-byudzhete-i-vnesenii-izmeneniy-v-byudzhet-munitsipalnogo-rayona.php
A44: 35 | B44: Самойловский | C44: Опубликовано в структурированном виде с указанием полных или кратких наименований всех составляющих | D44: Word, Excel | E44: лишняя папка в архиве | F44: =IF(C44=C5,4,IF(C44=C6,2,0)) -> 4 | J44: =F44*(1-G44)*(1-H44)*(1-I44) -> 4 | K44: https://sam64.ru/ekonomika-i-byudzhet/byudzhet/resheniya-o-byudzhete/
A45: 36 | B45: Советский | C45: Опубликовано в структурированном виде с указанием полных или кратких наименований всех составляющих | D45: Word, Excel | F45: =IF(C45=C5,4,IF(C45=C6,2,0)) -> 4 | J45: =F45*(1-G45)*(1-H45)*(1-I45) -> 4 | K45: https://stepnoe-adm.ru/administration/use-budget-funds/mestnyy-byudzhet/
A46: 37 | B46: Татищевский | C46: Опубликовано в структурированном виде с указанием полных или кратких наименований всех составляющих | D46: Web, Word | F46: =IF(C46=C5,4,IF(C46=C6,2,0)) -> 4 | J46: =F46*(1-G46)*(1-H46)*(1-I46) -> 4 | K46: http://tatishevo.saratov.gov.ru/index.php?option=com_content&view=article&id=2666:2016-02-02-08-52-24&catid=64:2009-12-20-17-44-19&Itemid=91 | L46: Обратите внимание, отсутствует возможность скачать документ полностью.
A47: 38 | B47: Турковский | C47: Опубликовано, но не в структурированном виде и (или) без указания полных или кратких наименований всех составляющих | D47: Word | F47: =IF(C47=C5,4,IF(C47=C6,2,0)) -> 2 | I47: 0.5 | J47: =F47*(1-G47)*(1-H47)*(1-I47) -> 1 | K47: https://turkovskoe-r64.gosweb.gosuslugi.ru/deyatelnost/napravleniya-deyatelnosti/otkrytyy-byudzhet/reshenie-o-byudzhete/dokumenty-1_1214.html | L47: Решение о бюджете должно быть опубликовано в течение 15 рабочих дней после принятия и сохраняться не менее трех лет (дата решения - 25.12.2023, дата последнего внесения изменения в файл - 28.03.2024 ). Отсутствуют полные или краткие наименования всех составляющих
A48: 39 | B48: Федоровский | C48: Опубликовано в структурированном виде с указанием полных или кратких наименований всех составляющих | D48: Word, Excel | F48: =IF(C48=C5,4,IF(C48=C6,2,0)) -> 4 | J48: =F48*(1-G48)*(1-H48)*(1-I48) -> 4 | K48: http://fedormr.ru/byudzhet/byudzhet2024.php
A49: 40 | B49: Хвалынский | C49: Опубликовано в структурированном виде с указанием полных или кратких наименований всех составляющих | D49: Word, Excel | F49: =IF(C49=C5,4,IF(C49=C6,2,0)) -> 4 | J49: =F49*(1-G49)*(1-H49)*(1-I49) -> 4 | K49: http://hvalynsk.sarmo.ru/administratsiya-khvalynskogo-munitsipalnogo-rayona/byudzhet/resheniya/index.php
A50: 41 | B50: Энгельсский | C50: Опубликовано в структурированном виде с указанием полных или кратких наименований всех составляющих | D50: Word, Excel | F50: =IF(C50=C5,4,IF(C50=C6,2,0)) -> 4 | J50: =F50*(1-G50)*(1-H50)*(1-I50) -> 4 | K50: https://www.engels-city.ru/mestnyj-byudzhet | L50: Обратите внимание, отсутствует возможность скачать документ полностью.

Sheet Показатель 1.2
A1: 1.2. Опубликование бюджета для граждан, разработанного на основе первоначально принятого решения о бюджете муниципального образования на текущий финансовый год (текущий финансовый год и плановый период), на портале (сайте)
A2: Комментарий:
A3: ='Методика I этап'!B13 -> В целях оценки показателя учитывается публикация информации в виде брошюр (презентаций) либо в виде отдельных сведений, опубликованных на портале (сайте). В том числе, должна быть представлена следующая информация: 1) показатели прогноза социально-экономического развития, на основе которых сформирован бюджет (включая показатели, характеризующие объемы производства, численность и состав населения, заработную плату и т.д.); 2) сведения о доходах бюджета муниципального образования в разрезе видов доходов; 3) сведения о расходах бюджета муниципального образования по разделам и подразделам классификации расходов бюджета; 4) сведения о расходах бюджета муниципального образования на реализацию муниципальных программ, а также о целевых показателях (индикаторах), планируемых к достижению в результате их реализации; 5) сведения о социально-значимых проектах, предусмотренных к финансированию за счет бюджета муниципального образования, или об отсутствии таких проектов; 6) сведения об объеме (об отсутствии) муниципального долга; 7) контактная информация для обратной связи с гражданами . По пунктам 1-6 информация должна быть представлена в динамике: фактические значения за год, предшествующий отчетному году, оценку за отчетный год и прогноз на текущий год и плановый период. Бюджет для граждан, разработанный на основе решения о бюджете, должен быть опубликован в течение 10 рабочих дней после принятия решения о бюджете муниципального образования и сохраняться не менее трех лет. При нарушении указанного срока применяется понижающий коэффициент за несоблюдение сроков обеспечения доступа к бюджетным данным. В случае, если в установленный срок документ не размещен, оценка показателя принимает значение 0 баллов.
A4: № п/п | B4: Наименование муниципального образования Саратовской обалсти | C4: ='Методика I этап'!B12 -> Опубликование бюджета для граждан, разработанного на основе первоначально принятого решения о бюджете муниципального образования на текущий финансовый год (текущий финансовый год и плановый период), на портале (сайте) | D4: Доступность (указать, если возникли трудности с поиском документа, если переход осуществляется более, чем за 5 «кликов» с основной страницы портала (сайта), если название раздела не соответствует содержанию) | E4: Оценка показателя 1.2 | I4: Ссылка на источник данных | J4: Комментарии
B5: Варианты ответов | C5: ='Методика I этап'!B14 -> Опубликован и содержит информацию по всем ключевым элементам | E5: баллы | F5: понижающие коэффициенты | H5: Итого
C6: ='Методика I этап'!B15 -> Опубликован и содержит информацию по пяти и более ключевым элементам | F6: затруднен-ный поиск | G6: несоблюде-ние сроков
C7: ='Методика I этап'!B16 -> Опубликован и содержит информацию по трем и более ключевым элементам
C8: ='Методика I этап'!B17 -> Не опубликован или содержит информацию менее чем по трем ключевым элементам
B9: Городские округа
A10: 1 | B10: г. Саратов | C10: Опубликован и содержит информацию по всем ключевым элементам | E10: =IF(C10=C5,3,IF(C10=C6,2,IF(C10=C7,1,0))) -> 3 | H10: =E10*(1-F10)*(1-G10) -> 3 | I10: http://www.saratovmer.ru/budget/rubrics/6/1313.html
A11: 2 | B11: п. Михайловский | C11: Опубликован и содержит информацию по всем ключевым элементам | E11: =IF(C11=C5,3,IF(C11=C6,2,IF(C11=C7,1,0))) -> 3 | H11: =E11*(1-F11)*(1-G11) -> 3 | I11: http://mihailovski.ru/byudzhet-dlya-grazhdan/byudzhet-dlya-grazhdan-razrabotannyy-na-osnove-per6650/
A12: 3 | B12: ЗАТО Светлый | C12: Опубликован и содержит информацию по пяти и более ключевым элементам | E12: =IF(C12=C5,3,IF(C12=C6,2,IF(C12=C7,1,0))) -> 2 | H12: =E12*(1-F12)*(1-G12) -> 2 | I12: https://zatosvetly.gosuslugi.ru/upr-finansov/biudzhet/budzhetdlyadgr/dokumenty_1911.html | J12: Пункт 4 не соответствует (целевые показатели представлены не в динамике 2022-2026 годов)
A13: 4 | B13: г. Шиханы | C13: Опубликован и содержит информацию по пяти и более ключевым элементам | E13: =IF(C13=C5,3,IF(C13=C6,2,IF(C13=C7,1,0))) -> 2 | G13: 0.5 | H13: =E13*(1-F13)*(1-G13) -> 1 | I13: http://zatoshihany.ru/budget/byudzhet-dlya-grazhdan/ | J13: Бюджет для граждан, разработанный на основе решения о бюджете, должен быть опубликован в течение 10 рабочих дней после принятия решения о бюджете муниципального образования и сохраняться не менее трех лет (решением от 24.12.2023 г № 6-65-1 утвержден бюджет на 2024 год и на плановый период 2025 и 2026 годов , а дата последнего изменения в брошюре - 20.03.2024). Отсутствует п.5, рисунок на листах 18 и 19 не читается
B14: Муниципальные районы
A15: 5 | B15: Александрово-Гайский | C15: Опубликован и содержит информацию по пяти и более ключевым элементам | E15: =IF(C15=C5,3,IF(C15=C6,2,IF(C15=C7,1,0))) -> 2 | G15: 0.5 | H15: =E15*(1-F15)*(1-G15) -> 1 | I15: http://algay.sarmo.ru/byudzhet-ekonomika-finansy/byudzhet-dlya-grazhdan.php | J15: Бюджет для граждан, разработанный на основе решения о бюджете, должен быть опубликован в течение 10 рабочих дней после принятия решения о бюджете муниципального образования и сохраняться не менее трех лет (решением от 25.12.2023 г № 159 утвержден бюджет на 2024 год и на плановый период 2025 и 2026 годов , а дата последнего изменения в брошюре - 22.03.2024). Отсутствует п.5, пункт 1 не соответствует (отсутствуют показатели, характеризующие состав населения), пункт 4 не соответствует (сведения о целевых показателях по муниципальным программам представлены не в динамике 2022-2026 гг ).
A16: 6 | B16: Аркадакский | C16: Опубликован и содержит информацию по всем ключевым элементам | E16: =IF(C16=C5,3,IF(C16=C6,2,IF(C16=C7,1,0))) -> 3 | H16: =E16*(1-F16)*(1-G16) -> 3 | I16: https://arkadak.gosuslugi.ru/ofitsialno/statistika/byudzhet-dlya-grazhdan/reshenie-o-byudzhete/byudzhet-2024-2026/
A17: 7 | B17: Аткарский | C17: Опубликован и содержит информацию по всем ключевым элементам | E17: =IF(C17=C5,3,IF(C17=C6,2,IF(C17=C7,1,0))) -> 3 | H17: =E17*(1-F17)*(1-G17) -> 3 | I17: https://atkarsk.moyaokruga.ru/CityArticles.aspx?articleid=20756
A18: 8 | B18: Базарно-Карабулакский | C18: Опубликован и содержит информацию по всем ключевым элементам | E18: =IF(C18=C5,3,IF(C18=C6,2,IF(C18=C7,1,0))) -> 3 | H18: =E18*(1-F18)*(1-G18) -> 3 | I18: https://admbk.ru/administration/finansovoe-upravlenie/byudzhet/byudzhet-dlya-grazhdan-rayona/Бюджет%20для%20граждан%20по%20решению%20о%20бюджете%20БКМР%20на%202024-2026%20гг.pdf
A19: 9 | B19: Балаковский | C19: Опубликован и содержит информацию по всем ключевым элементам | E19: =IF(C19=C5,3,IF(C19=C6,2,IF(C19=C7,1,0))) -> 3 | H19: =E19*(1-F19)*(1-G19) -> 3 | I19: http://balkomfin.ru/
A20: 10 | B20: Балашовский | C20: Опубликован и содержит информацию по всем ключевым элементам | E20: =IF(C20=C5,3,IF(C20=C6,2,IF(C20=C7,1,0))) -> 3 | H20: =E20*(1-F20)*(1-G20) -> 3 | I20: http://baladmin.ru/administration/divisions-structure/finance/otkritiy-byudzhet.php
A21: 11 | B21: Балтайский | C21: Опубликован и содержит информацию по пяти и более ключевым элементам | E21: =IF(C21=C5,3,IF(C21=C6,2,IF(C21=C7,1,0))) -> 2 | H21: =E21*(1-F21)*(1-G21) -> 2 | I21: http://adm-baltay.ru/finansovoe-upravlenie/byudzhet-dlya-grazhdan/ | J21: Пункт 4 не соответствует (целевые показатели представлены не в динамике 2022-2026 годов)
A22: 12 | B22: Вольский | C22: Не опубликован или содержит информацию менее чем по трем ключевым элементам | E22: =IF(C22=C5,3,IF(C22=C6,2,IF(C22=C7,1,0))) -> 0 | H22: =E22*(1-F22)*(1-G22) -> 0 | J22: Ссылка не предоставлена. На сайте бюджет для граждан, разработанный на основе первоначально принятого решения о бюджете на 2024-2026 гг, не найден.
A23: 13 | B23: Воскресенский | C23: Не опубликован или содержит информацию менее чем по трем ключевым элементам | E23: =IF(C23=C5,3,IF(C23=C6,2,IF(C23=C7,1,0))) -> 0 | H23: =E23*(1-F23)*(1-G23) -> 0 | I23: http://voskresensk64.ru/administration/statistics/Budget%20for%20citizens/ | J23: Отсутствует пункты 1,5,6, пункт 3 не соответствует (сведения о расходах бюджета муниципального образования представлены по разделам без деления на подразделы классификации расходов бюджета), пункт 4 не соответствует (целевые показатели представлены не в динамике 2022-2026 гг).
A24: 14 | B24: Дергачевский | C24: Опубликован и содержит информацию по пяти и более ключевым элементам | E24: =IF(C24=C5,3,IF(C24=C6,2,IF(C24=C7,1,0))) -> 2 | H24: =E24*(1-F24)*(1-G24) -> 2 | I24: http://dergachi.sarmo.ru/byudzhet-dlya-grazhdan/ | J24: Пункт 3 не соответствует (сведения о расходах бюджета муниципального образования представлены по разделам без деления на подразделы классификации расходов бюджета)
A25: 15 | B25: Духовницкий | C25: Опубликован и содержит информацию по всем ключевым элементам | E25: =IF(C25=C5,3,IF(C25=C6,2,IF(C25=C7,1,0))) -> 3 | G25: 0.5 | H25: =E25*(1-F25)*(1-G25) -> 1.5 | I25: http://duhovnitskoe.sarmo.ru/byudzhet-dlya-grazhdan/byudzhet-dlya-grazhdan/ | J25: Бюджет для граждан, разработанный на основе решения о бюджете, должен быть опубликован в течение 10 рабочих дней после принятия решения о бюджете муниципального образования и сохраняться не менее трех лет (решением от 22.12.2023 г № 5/31 утвержден бюджет на 2024 год и на плановый период 2025 и 2026 годов , а дата последнего изменения в брошюре - 13.02.2024).
A26: 16 | B26: Екатериновский | C26: Не опубликован или содержит информацию менее чем по трем ключевым элементам | E26: =IF(C26=C5,3,IF(C26=C6,2,IF(C26=C7,1,0))) -> 0 | H26: =E26*(1-F26)*(1-G26) -> 0 | I26: http://ekaterinovka.sarmo.ru/byudzhet-dlya-grazhdan/ | J26: По предоставленной ссылке размещен бюджет для граждан по проекту решения на 2024-2026 гг. Бюджет для граждан, разработанный на основе первоначально принятого решения о бюджете на 2024-2026 гг, на сайте не найден.
A27: 17 | B27: Ершовский | C27: Опубликован и содержит информацию по трем и более ключевым элементам | E27: =IF(C27=C5,3,IF(C27=C6,2,IF(C27=C7,1,0))) -> 1 | H27: =E27*(1-F27)*(1-G27) -> 1 | I27: https://adminemr.ru/byudzhet-i-finansy/byudzhet-dlya-grazhdan/ | J27: Пункт 4 не соответствует (информация не представлена в динамике 2022-2026 гг по тем МП, которые не до 2025 года), пункт 5 не соответствует (не указан период и суммы по проектам)., пункт 6 не соответствует (информация не представлена в динамике 2022-2026 гг).
A28: 18 | B28: Ивантеевский | C28: Опубликован и содержит информацию по всем ключевым элементам | E28: =IF(C28=C5,3,IF(C28=C6,2,IF(C28=C7,1,0))) -> 3 | H28: =E28*(1-F28)*(1-G28) -> 3 | I28: http://ivanteevka.sarmo.ru/byudzhet-dlya-grazhdan/byudzhet-dlya-grazhdan/2024/
A29: 19 | B29: Калининский | C29: Опубликован и содержит информацию по всем ключевым элементам | E29: =IF(C29=C5,3,IF(C29=C6,2,IF(C29=C7,1,0))) -> 3 | H29: =E29*(1-F29)*(1-G29) -> 3 | I29: http://kalininsk.sarmo.ru/otkrytyybyudzhet/byudzhet-dlya-grazhdan/byudzhet-dlya-grazhdan-2024.php
A30: 20 | B30: Красноармейский | C30: Не опубликован или содержит информацию менее чем по трем ключевым элементам | E30: =IF(C30=C5,3,IF(C30=C6,2,IF(C30=C7,1,0))) -> 0 | H30: =E30*(1-F30)*(1-G30) -> 0 | I30: https://krasnoarmeysk64.ru/krasnoarmeyskiy-rayon/byudzhet/byudzhet-dlya-grazhdan/ | J30: Бюджет для граждан, разработанный на основе решения о бюджете, должен быть опубликован в течение 10 рабочих дней после принятия решения о бюджете муниципального образования и сохраняться не менее трех лет (решением от 22.12.2023 г № 119 утвержден бюджет на 2024 год и на плановый период 2025 и 2026 годов , а дата последнего изменения в брошюре - 11.03.2024). Отсутствует п.5, пункты 2,3,4 и 6 не соответствуют (информация не представлена в динамике 2022-2026 гг).
A31: 21 | B31: Краснокутский | C31: Опубликован и содержит информацию по пяти и более ключевым элементам | E31: =IF(C31=C5,3,IF(C31=C6,2,IF(C31=C7,1,0))) -> 2 | H31: =E31*(1-F31)*(1-G31) -> 2 | I31: https://krasny-kut.ru/finansy/novosti/ | J31: Пункт 4 не соотвествует (финансирование и целевые показатели не представлены по каждой МП и в динамике 2022-2026 гг), пункт 6 не соответствует (данные не представлены в динамике 2022-2026 годов).
A32: 22 | B32: Краснопартизанский | C32: Опубликован и содержит информацию по пяти и более ключевым элементам | E32: =IF(C32=C5,3,IF(C32=C6,2,IF(C32=C7,1,0))) -> 2 | H32: =E32*(1-F32)*(1-G32) -> 2 | I32: https://adminkmr.ru/byudzhet/byudzhet-dlya-grazhdan/ | J32: Отсутствует п.5
A33: 23 | B33: Лысогорский | C33: Опубликован и содержит информацию по пяти и более ключевым элементам | E33: =IF(C33=C5,3,IF(C33=C6,2,IF(C33=C7,1,0))) -> 2 | H33: =E33*(1-F33)*(1-G33) -> 2 | I33: https://adm.lysyegory.ru/base/14768-byudzhet-dlja-grazhdan-lysogorskogo-mr-k-resheniyu-sobranija-lysogorskogo-mr-ot-15-12-2023-g-4.html | J33: Пункт 4 не соотвествует (целевые показатели не представлены в динамике 2022-2026 гг), пункт 6 не соответствует (данные не представлены в динамике 2022-2026 годов).
A34: 24 | B34: Марксовский | C34: Опубликован и содержит информацию по всем ключевым элементам | E34: =IF(C34=C5,3,IF(C34=C6,2,IF(C34=C7,1,0))) -> 3 | H34: =E34*(1-F34)*(1-G34) -> 3 | I34: http://marksadm.ru/bdg-kf.html
A35: 25 | B35: Новобурасский | C35: Опубликован и содержит информацию по всем ключевым элементам | E35: =IF(C35=C5,3,IF(C35=C6,2,IF(C35=C7,1,0))) -> 3 | H35: =E35*(1-F35)*(1-G35) -> 3 | I35: http://www.nbfin.ru/byudzhet_dlya_grazhdan1/novoburasskij_municipal_nyj_rajon/2024_god/
A36: 26 | B36: Новоузенский | C36: Опубликован и содержит информацию по всем ключевым элементам | E36: =IF(C36=C5,3,IF(C36=C6,2,IF(C36=C7,1,0))) -> 3 | H36: =E36*(1-F36)*(1-G36) -> 3 | I36: https://novouzensk.gosuslugi.ru/ofitsialno/dokumenty/dokumenty-all_222.html
A37: 27 | B37: Озинский | C37: Опубликован и содержит информацию по всем ключевым элементам | E37: =IF(C37=C5,3,IF(C37=C6,2,IF(C37=C7,1,0))) -> 3 | H37: =E37*(1-F37)*(1-G37) -> 3 | I37: http://ozinki.sarmo.ru/byudzhet/byudzhet-dlya-grazhdan.php?ELEMENT_ID=9569
A38: 28 | B38: Перелюбский | C38: Опубликован и содержит информацию по всем ключевым элементам | E38: =IF(C38=C5,3,IF(C38=C6,2,IF(C38=C7,1,0))) -> 3 | H38: =E38*(1-F38)*(1-G38) -> 3 | I38: https://www.перелюбский.рф/dokumenty/byudzhet-dlya-grazhdan/
A39: 29 | B39: Петровский | C39: Опубликован и содержит информацию по всем ключевым элементам | E39: =IF(C39=C5,3,IF(C39=C6,2,IF(C39=C7,1,0))) -> 3 | H39: =E39*(1-F39)*(1-G39) -> 3 | I39: https://petrovsk64.gosuslugi.ru/ofitsialno/struktura/munitsipalnye-podvedomstvennye-organizatsii/fin-upr/byudzhet-munitsipalnogo-rayona/dokumenty_16352.html
A40: 30 | B40: Питерский | C40: Опубликован и содержит информацию по пяти и более ключевым элементам | E40: =IF(C40=C5,3,IF(C40=C6,2,IF(C40=C7,1,0))) -> 2 | H40: =E40*(1-F40)*(1-G40) -> 2 | I40: https://питерка.рф/ekonomika-i-byudzhet/byudzhet-piterskogo-mr/byudzhet-dlya-grazhdan/byudzhet-dlya-grazhdan-2024-god-i-planovyy-period-2025-2026-godov/ | J40: Пункт 4 не соответствует (целевые показатели не предсталены в динамике 2022-2026 гг), пункт 5 не соответствует (информация представлена не в динамике 2022-2026 гг),
A41: 31 | B41: Пугачевский | C41: Опубликован и содержит информацию по всем ключевым элементам | E41: =IF(C41=C5,3,IF(C41=C6,2,IF(C41=C7,1,0))) -> 3 | H41: =E41*(1-F41)*(1-G41) -> 3 | I41: https://pugachev-adm.gosuslugi.ru/ofitsialno/byudzhet-rayona/byudzhet-dlya-grazhdan/2024-god/
A42: 32 | B42: Ровенский | C42: Опубликован и содержит информацию по всем ключевым элементам | E42: =IF(C42=C5,3,IF(C42=C6,2,IF(C42=C7,1,0))) -> 3 | H42: =E42*(1-F42)*(1-G42) -> 3 | I42: http://rovnoe.sarmo.ru/byudzhet/byudzhet-dlyagrazhdan/
A43: 33 | B43: Романовский | C43: Опубликован и содержит информацию по всем ключевым элементам | E43: =IF(C43=C5,3,IF(C43=C6,2,IF(C43=C7,1,0))) -> 3 | H43: =E43*(1-F43)*(1-G43) -> 3 | I43: http://romanovka.sarmo.ru/byudzhet-dlya-grazhdan/byudzhet-romanovskogo-munitsipalnogo-rayona/byudzhet-dlya-grazhdan.php
A44: 34 | B44: Ртищевский | C44: Опубликован и содержит информацию по всем ключевым элементам | E44: =IF(C44=C5,3,IF(C44=C6,2,IF(C44=C7,1,0))) -> 3 | H44: =E44*(1-F44)*(1-G44) -> 3 | I44: http://rtishevo.sarmo.ru/finansovyy-organ/rtishchevskiy-munitsipalnyy-rayon/2024-god/byudzhet-dlya-grazhdan.php
A45: 35 | B45: Самойловский | C45: Опубликован и содержит информацию по трем и более ключевым элементам | E45: =IF(C45=C5,3,IF(C45=C6,2,IF(C45=C7,1,0))) -> 1 | H45: =E45*(1-F45)*(1-G45) -> 1 | I45: https://sam64.ru/ekonomika-i-byudzhet/byudzhet/byudzhet-dlya-grazhdan/ | J45: Отсутствует пункт 5, пункт 3 не соответствует (сведения о расходах бюджета муниципального образования представлены по разделам без деления на подразделы классификации расходов бюджета), пункт 4 не соответствует (финансирование и целевые показатели представлены не в динамике 2022-2026 гг).
A46: 36 | B46: Советский | C46: Опубликован и содержит информацию по пяти и более ключевым элементам | E46: =IF(C46=C5,3,IF(C46=C6,2,IF(C46=C7,1,0))) -> 2 | H46: =E46*(1-F46)*(1-G46) -> 2 | I46: https://stepnoe-adm.ru/administration/use-budget-funds/byudzhet-dlya-grazhdan/ | J46: Пункт 5 не соответствует (отсутствует информация о финансировании социально-значимых проектов), пункт 6 не соответствует (данные не представлены в динамике 2022-2026 годов).
A47: 37 | B47: Татищевский | C47: Не опубликован или содержит информацию менее чем по трем ключевым элементам | E47: =IF(C47=C5,3,IF(C47=C6,2,IF(C47=C7,1,0))) -> 0 | H47: =E47*(1-F47)*(1-G47) -> 0 | I47: http://tatishevo.saratov.gov.ru/index.php?option=com_content&view=article&id=Itemid=1827 | J47: Отсутствуют п.5, пункт 2 не соответствует (отсутствует структура доходов бюджета в динамике за 2022-2026 годы), пункт 3 не соответствует (отсутствуют сведения по разделам и подразделам классификации расходов бюджета в динамике 2022-20265), пункт 4 не соответствует (целевые показатели представлены не в динамике 2022-2026 гг), пункт 6 не соответствует (информация представлена не в динамике 2022-2026г).
A48: 38 | B48: Турковский | C48: Опубликован и содержит информацию по пяти и более ключевым элементам | E48: =IF(C48=C5,3,IF(C48=C6,2,IF(C48=C7,1,0))) -> 2 | H48: =E48*(1-F48)*(1-G48) -> 2 | I48: https://turkovskoe-r64.gosweb.gosuslugi.ru/deyatelnost/napravleniya-deyatelnosti/otkrytyy-byudzhet/byudzhet-dlya-grazhdan/dokumenty_1093.html | J48: Пункт 4 не соответствует (не по всем МП целевые показатели представлены в динамике 2022-2026 годов).
A49: 39 | B49: Федоровский | C49: Опубликован и содержит информацию по всем ключевым элементам | E49: =IF(C49=C5,3,IF(C49=C6,2,IF(C49=C7,1,0))) -> 3 | H49: =E49*(1-F49)*(1-G49) -> 3 | I49: http://fedormr.ru/byudzhet/byudzhet2024.php
A50: 40 | B50: Хвалынский | C50: Опубликован и содержит информацию по пяти и более ключевым элементам | E50: =IF(C50=C5,3,IF(C50=C6,2,IF(C50=C7,1,0))) -> 2 | G50: 0.5 | H50: =E50*(1-F50)*(1-G50) -> 1 | I50: http://hvalynsk.sarmo.ru/administratsiya-khvalynskogo-munitsipalnogo-rayona/byudzhet/byudzhet-dlya-grazhdan.php | J50: Бюджет для граждан, разработанный на основе решения о бюджете, должен быть опубликован в течение 10 рабочих дней после принятия решения о бюджете муниципального образования и сохраняться не менее трех лет (решением от 15.12.2023 г № 781 утвержден бюджет на 2024 год и на плановый период 2025 и 2026 годов , а дата последнего изменения в брошюре - 12.01.2024). Отсутствует п.5
A51: 41 | B51: Энгельсский | C51: Опубликован и содержит информацию по всем ключевым элементам | E51: =IF(C51=C5,3,IF(C51=C6,2,IF(C51=C7,1,0))) -> 3 | H51: =E51*(1-F51)*(1-G51) -> 3 | I51: https://www.engels-city.ru/byudzhet-dlya-grazhdan

Sheet Раздел 2
A1: 2.1 Итоговое значение рейтинга открытости и прозрачности муниципальных учреждений муниципального образования, рассчитанного на основе данных раздела «Независимая система оценки качества» официального сайта Российской Федерации для размещения информации о государственных (муниципальных) учреждениях (www.bus.gov.ru)
A2: Источник информации | C2: Официальный сайт Российской Федерации для размещения информации о государственных (муниципальных) учреждениях (www.bus.gov.ru), раздел «Независимая система оценки качества»; перечень муниципальных учреждений муниципального образования, представляемый финансовыми органами муниципальных образований в министерство финансов в срок, предусмотренный для направления информации по I этапу.
A3: Дата проведения оценки | C3: 15-30.04.2024
A4: № п/п | B4: Наименование муниципального образования Саратовской обалсти | C4: ='Методика I этап'!B19 -> Итоговое значение рейтинга открытости и прозрачности муниципальных учреждений муниципального образования, рассчитанного на основе данных раздела «Независимая система оценки качества» официального сайта Российской Федерации для размещения информации о государственных (муниципальных) учреждениях (www.bus.gov.ru) | D4: Оценка показателя 2.1
C5: 0,95 и более | D5: баллы
C6: 0,9 и более
C7: 0,8 и более
C8: менее 0,8
B9: Городские округа
A10: 1 | B10: г. Саратов | C10: ='Раздел 2. г. Саратов'!I431 -> 0.99905437 | D10: =IF(C10>=0.95,3,IF(C10>=0.9,2,IF(C10>=0.8,1,0))) -> 3
A11: 2 | B11: п. Михайловское | C11: ='Раздел 2. п. Михайловский'!I15 -> 1 | D11: =IF(C11>=0.95,3,IF(C11>=0.9,2,IF(C11>=0.8,1,0))) -> 3
A12: 3 | B12: ЗАТО Светлый | C12: ='Раздел 2. ЗАТО Светлый'!I20 -> 1 | D12: =IF(C12>=0.95,3,IF(C12>=0.9,2,IF(C12>=0.8,1,0))) -> 3
A13: 4 | B13: г. Шиханы | C13: ='Раздел 2. г. Шиханы'!I18 -> 1 | D13: =IF(C13>=0.95,3,IF(C13>=0.9,2,IF(C13>=0.8,1,0))) -> 3
B14: Муниципальные районы
A15: 5 | B15: Александрово-Гайский | C15: ='Раздел 2.Александрово-Гайский '!I30 -> 0.98181818 | D15: =IF(C15>=0.95,3,IF(C15>=0.9,2,IF(C15>=0.8,1,0))) -> 3
A16: 6 | B16: Аркадакский | C16: ='Раздел 2. Аркадский '!I36 -> 1 | D16: =IF(C16>=0.95,3,IF(C16>=0.9,2,IF(C16>=0.8,1,0))) -> 3
A17: 7 | B17: Аткарский | C17: ='Раздел 2. Аткарский'!I26 -> 0.95555556 | D17: =IF(C17>=0.95,3,IF(C17>=0.9,2,IF(C17>=0.8,1,0))) -> 3
A18: 8 | B18: Базарно-Карабулакский | C18: ='Раздел 2. Базарно-Карабулакский'!I56 -> 1 | D18: =IF(C18>=0.95,3,IF(C18>=0.9,2,IF(C18>=0.8,1,0))) -> 3
A19: 9 | B19: Балаковский | C19: ='Раздел 2. Балаковский'!I119 -> 1 | D19: =IF(C19>=0.95,3,IF(C19>=0.9,2,IF(C19>=0.8,1,0))) -> 3
A20: 10 | B20: Балашовский | C20: ='Раздел 2. Балашовский'!I72 -> 0.99375 | D20: =IF(C20>=0.95,3,IF(C20>=0.9,2,IF(C20>=0.8,1,0))) -> 3
A21: 11 | B21: Балтайский | C21: ='Раздел 2. Балтайский'!I28 -> 1 | D21: =IF(C21>=0.95,3,IF(C21>=0.9,2,IF(C21>=0.8,1,0))) -> 3
A22: 12 | B22: Вольский | C22: ='Раздел 2. Вольский '!I55 -> 0.77021277 | D22: =IF(C22>=0.95,3,IF(C22>=0.9,2,IF(C22>=0.8,1,0))) -> 0
A23: 13 | B23: Воскресенский | C23: ='Раздел 2. Воскресенский'!I30 -> 0.74545455 | D23: =IF(C23>=0.95,3,IF(C23>=0.9,2,IF(C23>=0.8,1,0))) -> 0
A24: 14 | B24: Дергачевский | C24: ='Раздел 2. Дергачевский'!I32 -> 1 | D24: =IF(C24>=0.95,3,IF(C24>=0.9,2,IF(C24>=0.8,1,0))) -> 3
A25: 15 | B25: Духовницкий | C25: ='Раздел 2. Духовницкий'!I27 -> 1 | D25: =IF(C25>=0.95,3,IF(C25>=0.9,2,IF(C25>=0.8,1,0))) -> 3
A26: 16 | B26: Екатериновский | C26: ='Раздел 2. Екатериновский'!I45 -> 0.81081081 | D26: =IF(C26>=0.95,3,IF(C26>=0.9,2,IF(C26>=0.8,1,0))) -> 1
A27: 17 | B27: Ершовский | C27: ='Раздел 2. Ершовский'!I39 -> 1 | D27: =IF(C27>=0.95,3,IF(C27>=0.9,2,IF(C27>=0.8,1,0))) -> 3
A28: 18 | B28: Ивантеевский | C28: ='Раздел 2. Ивантеевский'!I30 -> 1 | D28: =IF(C28>=0.95,3,IF(C28>=0.9,2,IF(C28>=0.8,1,0))) -> 3
A29: 19 | B29: Калининский | C29: ='Раздел 2. Калининский'!I44 -> 1 | D29: =IF(C29>=0.95,3,IF(C29>=0.9,2,IF(C29>=0.8,1,0))) -> 3
A30: 20 | B30: Красноармейский | C30: ='Раздел 2. Красноармейский'!I54 -> 0.97826087 | D30: =IF(C30>=0.95,3,IF(C30>=0.9,2,IF(C30>=0.8,1,0))) -> 3
A31: 21 | B31: Краснокутский | C31: ='Раздел 2. Краснокутский'!I50 -> 0.93333333 | D31: =IF(C31>=0.95,3,IF(C31>=0.9,2,IF(C31>=0.8,1,0))) -> 2
A32: 22 | B32: Краснопартизанский | C32: ='Раздел 2. Краснопартизанский'!I28 -> 1 | D32: =IF(C32>=0.95,3,IF(C32>=0.9,2,IF(C32>=0.8,1,0))) -> 3
A33: 23 | B33: Лысогорский | C33: ='Раздел 2. Лысогорский'!I26 -> 1 | D33: =IF(C33>=0.95,3,IF(C33>=0.9,2,IF(C33>=0.8,1,0))) -> 3
A34: 24 | B34: Марксовский | C34: ='Раздел 2. Марксовский'!I64 -> 0.94642857 | D34: =IF(C34>=0.95,3,IF(C34>=0.9,2,IF(C34>=0.8,1,0))) -> 2
A35: 25 | B35: Новобурасский | C35: ='Раздел 2. Новобурасский'!I38 -> 1 | D35: =IF(C35>=0.95,3,IF(C35>=0.9,2,IF(C35>=0.8,1,0))) -> 3
A36: 26 | B36: Новоузенский | C36: ='Раздел 2. Новоузенский'!I62 -> 0.89259259 | D36: =IF(C36>=0.95,3,IF(C36>=0.9,2,IF(C36>=0.8,1,0))) -> 1
A37: 27 | B37: Озинский | C37: ='Раздел 2. Озинский'!I41 -> 0.92727273 | D37: =IF(C37>=0.95,3,IF(C37>=0.9,2,IF(C37>=0.8,1,0))) -> 2
A38: 28 | B38: Перелюбский | C38: ='Раздел 2. Перелюбский'!I34 -> 0.96923077 | D38: =IF(C38>=0.95,3,IF(C38>=0.9,2,IF(C38>=0.8,1,0))) -> 3
A39: 29 | B39: Петровский | C39: ='Раздел 2. Петровский'!I45 -> 1 | D39: =IF(C39>=0.95,3,IF(C39>=0.9,2,IF(C39>=0.8,1,0))) -> 3
A40: 30 | B40: Питерский | C40: ='Раздел 2. Питерский'!I33 -> 1 | D40: =IF(C40>=0.95,3,IF(C40>=0.9,2,IF(C40>=0.8,1,0))) -> 3
A41: 31 | B41: Пугачевский | C41: ='Раздел 2. Пугачевский'!I53 -> 0.99111111 | D41: =IF(C41>=0.95,3,IF(C41>=0.9,2,IF(C41>=0.8,1,0))) -> 3
A42: 32 | B42: Ровенский | C42: ='Раздел 2. Ровенский'!I41 -> 1 | D42: =IF(C42>=0.95,3,IF(C42>=0.9,2,IF(C42>=0.8,1,0))) -> 3
A43: 33 | B43: Романовский | C43: ='Раздел 2. Романовский'!I27 -> 1 | D43: =IF(C43>=0.95,3,IF(C43>=0.9,2,IF(C43>=0.8,1,0))) -> 3
A44: 34 | B44: Ртищевский | C44: ='Раздел 2. Ртищевский'!I61 -> 1 | D44: =IF(C44>=0.95,3,IF(C44>=0.9,2,IF(C44>=0.8,1,0))) -> 3
A45: 35 | B45: Самойловский | C45: ='Раздел 2. Самойловский'!I29 -> 1 | D45: =IF(C45>=0.95,3,IF(C45>=0.9,2,IF(C45>=0.8,1,0))) -> 3
A46: 36 | B46: Советский | C46: ='Раздел 2. Советский'!I33 -> 1 | D46: =IF(C46>=0.95,3,IF(C46>=0.9,2,IF(C46>=0.8,1,0))) -> 3
A47: 37 | B47: Татищевский | C47: ='Раздел 2. Татищевский'!I37 -> 1 | D47: =IF(C47>=0.95,3,IF(C47>=0.9,2,IF(C47>=0.8,1,0))) -> 3
A48: 38 | B48: Турковский | C48: ='Раздел 2. Турковский'!I27 -> 1 | D48: =IF(C48>=0.95,3,IF(C48>=0.9,2,IF(C48>=0.8,1,0))) -> 3
A49: 39 | B49: Федоровский | C49: ='Раздел 2. Федоровский'!I27 -> 1 | D49: =IF(C49>=0.95,3,IF(C49>=0.9,2,IF(C49>=0.8,1,0))) -> 3
A50: 40 | B50: Хвалынский | C50: ='Раздел 2. Хвалынский'!I28 -> 1 | D50: =IF(C50>=0.95,3,IF(C50>=0.9,2,IF(C50>=0.8,1,0))) -> 3
A51: 41 | B51: Энгельсский | C51: ='Раздел 2. Энгельсский'!I181 -> 1 | D51: =IF(C51>=0.95,3,IF(C51>=0.9,2,IF(C51>=0.8,1,0))) -> 3

Sheet Раздел 2. г. Саратов
A1: 2.1 Итоговое значение рейтинга открытости и прозрачности муниципальных учреждений муниципального образования, рассчитанного на основе данных раздела «Независимая система оценки качества» официального сайта Российской Федерации для размещения информации о государственных (муниципальных) учреждениях (www.bus.gov.ru)
A2: Наименование муниципального образования | C2: г. Саратов
A3: Дата проведения оценки | C3: 45412
A4: Комментарий:
A5: Показатели Roii, Rmzi Rbsi при наличии опубликованной информации на указанном сайте принимают значения 1, в иных случаях – 0. Если муниципальному учреждению муниципальное задание не доводится (муниципальное учреждение является казенным), то показатель Rmzi принимает значение 1, в иных случаях – 0. Для автономных и бюджетных муниципальных учреждений показатель Rbsi принимает значение 1.
A6: № п/п | B6: Полное наименование учреждения | C6: Сокращенное наименование учреждения | D6: Тип учреждения | E6: Отметка об отсутствии муниципального задания | F6: Общая информация (Roii) | G6: на 2024 год | I6: Рейтинг открытости и прозрачности по учреждению (Ri=Roii*0,2+ Rmzi*0,4+ Rbsi*0,4) | J6: Комментарии
G7: Информация о муниципальном задании (Rmzi) | H7: Информация о показателях бюджетной сметы (Rbsi)
A8: 1 | B8: муниципальное бюджетное учреждение дополнительного образования "Центральная детская музыкальная школа" | C8: МБУДО "ЦДМШ" | D8: бюджетное | F8: 1 | G8: 1 | H8: 1 | I8: =F8*0.2+G8*0.4+H8*0.4 -> 1
A9: 2 | B9: муниципальное бюджетное учреждение дополнительного образования "Детская школа искусств №1" | C9: МБУДО "ДШИ № 1" | D9: бюджетное | F9: 1 | G9: 1 | H9: 1 | I9: =F9*0.2+G9*0.4+H9*0.4 -> 1 | J9: Наименование на сайте МУНИЦИПАЛЬНОЕ БЮДЖЕТНОЕ УЧРЕЖДЕНИЕ ДОПОЛНИТЕЛЬНОГО ОБРАЗОВАНИЯ "ДЕТСКАЯ ШКОЛА ИСКУССТВ № 1 ИМ. Н.В. ГРИБКОВА"
A10: 3 | B10: муниципальное бюджетное учреждение дополнительного образования "Детская школа искусств № 2" | C10: МБУДО "ДШИ № 2" | D10: бюджетное | F10: 1 | G10: 1 | H10: 1 | I10: =F10*0.2+G10*0.4+H10*0.4 -> 1
A11: 4 | B11: муниципальное бюджетное учреждение дополнительного образования "Детская музыкальная школа № 3" | C11: МБУДО "ДМШ № 3" | D11: бюджетное | F11: 1 | G11: 1 | H11: 1 | I11: =F11*0.2+G11*0.4+H11*0.4 -> 1
A12: 5 | B12: муниципальное бюджетное учреждение дополнительного образования "Детская музыкальная школа № 4" | C12: МБУДО "ДМШ № 4" | D12: бюджетное | F12: 1 | G12: 1 | H12: 1 | I12: =F12*0.2+G12*0.4+H12*0.4 -> 1
A13: 6 | B13: муниципальное бюджетное учреждение дополнительного образования "Детская музыкальная школа № 5" | C13: МБУДО "ДМШ № 5" | D13: бюджетное | F13: 1 | G13: 1 | H13: 1 | I13: =F13*0.2+G13*0.4+H13*0.4 -> 1
A14: 7 | B14: муниципальное бюджетное учреждение дополнительного образования "Детская музыкальная школа № 6" | C14: МБУДО "ДМШ № 6" | D14: бюджетное | F14: 1 | G14: 1 | H14: 1 | I14: =F14*0.2+G14*0.4+H14*0.4 -> 1
A15: 8 | B15: муниципальное бюджетное учреждение дополнительного образования "Детская музыкальная школа № 7" | C15: МБУДО "ДМШ № 7" | D15: бюджетное | F15: 1 | G15: 1 | H15: 1 | I15: =F15*0.2+G15*0.4+H15*0.4 -> 1 | J15: Наименование на сайте МУНИЦИПАЛЬНОЕ БЮДЖЕТНОЕ УЧРЕЖДЕНИЕ ДОПОЛНИТЕЛЬНОГО ОБРАЗОВАНИЯ "ДЕТСКАЯ ШКОЛА ИСКУССТВ № 7"
A16: 9 | B16: муниципальное бюджетное учреждение дополнительного образования "Детская школа искусств № 8" | C16: МБУДО "ДШИ № 8" | D16: бюджетное | F16: 1 | G16: 1 | H16: 1 | I16: =F16*0.2+G16*0.4+H16*0.4 -> 1
A17: 10 | B17: муниципальное бюджетное учреждение дополнительного образования "Детская школа искусств № 9" | C17: МБУДО "ДШИ № 9" | D17: бюджетное | F17: 1 | G17: 1 | H17: 1 | I17: =F17*0.2+G17*0.4+H17*0.4 -> 1
A18: 11 | B18: муниципальное бюджетное учреждение дополнительного образования "Детская школа искусств № 10" | C18: МБУДО "ДШИ № 10" | D18: бюджетное | F18: 1 | G18: 1 | H18: 1 | I18: =F18*0.2+G18*0.4+H18*0.4 -> 1
A19: 12 | B19: муниципальное бюджетное учреждение дополнительного образования "Детская школа искусств № 11" | C19: МБУДО "ДШИ № 11" | D19: бюджетное | F19: 1 | G19: 1 | H19: 1 | I19: =F19*0.2+G19*0.4+H19*0.4 -> 1
A20: 13 | B20: муниципальное бюджетное учреждение дополнительного образования "Детская музыкальная школа № 12" | C20: МБУДО "ДМШ № 12" | D20: бюджетное | F20: 1 | G20: 1 | H20: 1 | I20: =F20*0.2+G20*0.4+H20*0.4 -> 1
A21: 14 | B21: муниципальное бюджетное учреждение дополнительного образования "Детская школа искусств №13" | C21: МБУДО "ДШИ №13" | D21: бюджетное | F21: 1 | G21: 1 | H21: 1 | I21: =F21*0.2+G21*0.4+H21*0.4 -> 1
A22: 15 | B22: муниципальное бюджетное учреждение дополнительного образования "Детская музыкальная школа № 14" | C22: МБУДО "ДМШ № 14" | D22: бюджетное | F22: 1 | G22: 1 | H22: 1 | I22: =F22*0.2+G22*0.4+H22*0.4 -> 1
A23: 16 | B23: муниципальное бюджетное учреждение дополнительного образования "Детская школа искусств № 15 имени Л.Л. Христиансена" | C23: МБУДО "ДШИ № 15 им. Л.Л. Христиансена" | D23: бюджетное | F23: 1 | G23: 1 | H23: 1 | I23: =F23*0.2+G23*0.4+H23*0.4 -> 1
A24: 17 | B24: муниципальное бюджетное учреждение дополнительного образования "Детская школа искусств № 16" | C24: МБУДО "ДШИ № 16" | D24: бюджетное | F24: 1 | G24: 1 | H24: 1 | I24: =F24*0.2+G24*0.4+H24*0.4 -> 1
A25: 18 | B25: муниципальное бюджетное учреждение дополнительного образования "Детская школа искусств № 17 имени М.Н. Симанского" | C25: МБУДО "ДШИ № 17 им. М.Н. Симанского" | D25: бюджетное | F25: 1 | G25: 1 | H25: 1 | I25: =F25*0.2+G25*0.4+H25*0.4 -> 1 | J25: В общей информации указан некорректный номер телефона.
A26: 19 | B26: муниципальное бюджетное учреждение дополнительного образования "Детская школа искусств № 18" | C26: МБУДО "ДШИ № 18" | D26: бюджетное | F26: 1 | G26: 1 | H26: 1 | I26: =F26*0.2+G26*0.4+H26*0.4 -> 1
A27: 20 | B27: муниципальное бюджетное учреждение дополнительного образования "Детская музыкальная школа № 19" | C27: МБУДО "ДМШ № 19" | D27: бюджетное | F27: 1 | G27: 1 | H27: 1 | I27: =F27*0.2+G27*0.4+H27*0.4 -> 1
A28: 21 | B28: муниципальное бюджетное учреждение дополнительного образования "Детская школа искусств № 20" | C28: МБУДО "ДШИ № 20" | D28: бюджетное | F28: 1 | G28: 1 | H28: 1 | I28: =F28*0.2+G28*0.4+H28*0.4 -> 1
A29: 22 | B29: муниципальное бюджетное учреждение дополнительного образования "Детская школа искусств №21" | C29: МБУДО "ДШИ №21" | D29: бюджетное | F29: 1 | G29: 1 | H29: 1 | I29: =F29*0.2+G29*0.4+H29*0.4 -> 1
A30: 23 | B30: муниципальное бюджетное учреждение дополнительного образования "Детская школа искусств № 22" | C30: МБУДО "ДШИ № 22" | D30: бюджетное | F30: 1 | G30: 1 | H30: 1 | I30: =F30*0.2+G30*0.4+H30*0.4 -> 1
A31: 24 | B31: Муниципальное автономное учреждение дополнительного образования "Детская школа искусств имени В.В. Ковалева" муниципального образования "Город Саратов" | C31: МАУ ДО "ДШИ им. В.В. Ковалева" МО "Город Саратов" | D31: автономное | F31: 1 | G31: 1 | H31: 1 | I31: =F31*0.2+G31*0.4+H31*0.4 -> 1
A32: 25 | B32: муниципальное бюджетное учреждение дополнительного образования "Детская музыкальная школа имени М.В.Тельтевской" | C32: МБУДО "ДМШ им.М.В.Тельтевской" | D32: бюджетное | F32: 1 | G32: 1 | H32: 1 | I32: =F32*0.2+G32*0.4+H32*0.4 -> 1
A33: 26 | B33: муниципальное бюджетное учреждение дополнительного образования "Детская музыкальная школа духовых и ударных инструментов им. А.Д. Селянина" | C33: МБУДО "ДМШ ДУИ им. А.Д. Селянина" | D33: бюджетное | F33: 1 | G33: 1 | H33: 1 | I33: =F33*0.2+G33*0.4+H33*0.4 -> 1
A34: 27 | B34: муниципальное бюджетное учреждение дополнительного образования "Детская художественная школа" | C34: МБУДО "ДХШ" | D34: бюджетное | F34: 1 | G34: 1 | H34: 1 | I34: =F34*0.2+G34*0.4+H34*0.4 -> 1
A35: 28 | B35: муниципальное учреждение культуры "Дом культуры химиков" | C35: МУК "ДК химиков" | D35: бюджетное | F35: 1 | G35: 1 | H35: 1 | I35: =F35*0.2+G35*0.4+H35*0.4 -> 1
A36: 29 | B36: муниципальное бюджетное учреждение "Городской центр им. П.А. Столыпина" | C36: МБУ "ГЦ им. П.А. Столыпина" | D36: бюджетное | F36: 1 | G36: 1 | H36: 1 | I36: =F36*0.2+G36*0.4+H36*0.4 -> 1
A37: 30 | B37: муниципальное учреждение культуры "Клуб "Заводской" | C37: МУК "Клуб "Заводской" | D37: бюджетное | F37: 1 | G37: 1 | H37: 1 | I37: =F37*0.2+G37*0.4+H37*0.4 -> 1
... A55: 48 | B55: муниципальное бюджетное учреждение дополнительного образования "Детская межпоселенческая школа искусств № 1" | C55: МБУДО "ДМШИ № 1 | D55: бюджетное | F55: 1 | G55: 1 | H55: 1 | I55: =F55*0.2+G55*0.4+H55*0.4 -> 1
A56: 49 | B56: муниципальное автономное учреждение культуры "Централизованная клубная система" муниципального образования «Город Саратов» | C56: МАУК "ЦКС" | D56: автономное | F56: 1 | G56: 1 | H56: 1 | I56: =F56*0.2+G56*0.4+H56*0.4 -> 1 | J56: В общей информации отсутствует ссылка на официальный сайт учреждения.
A57: 50 | B57: муниципальное учреждение культуры "Дом культуры п. Тепличный" муниципального образования "Город Саратов" | C57: МУК "ДК п. Тепличный" | D57: бюджетное | F57: 1 | G57: 1 | H57: 1 | I57: =F57*0.2+G57*0.4+H57*0.4 -> 1 | J57: В общей информации отсутствует ссылка на официальный сайт учреждения.
A58: 51 | B58: муниципальное учреждение культуры "Дом культуры с. Михайловка" муниципального образования "Город Саратов" | C58: МАУК "ДК с. Михайловка" | D58: автономное | F58: 1 | G58: 1 | H58: 1 | I58: =F58*0.2+G58*0.4+H58*0.4 -> 1 | J58: В общей информации отсутствует ссылка на официальный сайт учреждения.
A59: 52 | B59: муниципальное учреждение культуры "Дом культуры с. Усть-Курдюм" муниципального образования "Город Саратов" | C59: МУК "ДК с. Усть-Курдюм" | D59: бюджетное | F59: 1 | G59: 1 | H59: 1 | I59: =F59*0.2+G59*0.4+H59*0.4 -> 1 | J59: В общей информации отсутствует ссылка на официальный сайт учреждения.
A60: 53 | B60: муниципальное учреждение культуры "Дом культуры ст. Тарханы" муниципального образования "Город Саратов" | C60: МУК "ДК ст. Тарханы" | D60: бюджетное | F60: 1 | G60: 1 | H60: 1 | I60: =F60*0.2+G60*0.4+H60*0.4 -> 1 | J60: В общей информации отсутствует ссылка на официальный сайт учреждения.
A61: 54 | B61: муниципальное учреждение культуры "Дом культуры р.п. Красный Октябрь" муниципального образования "Город Саратов" | C61: МУК "ДК р.п. Красный Октябрь" | D61: бюджетное | F61: 1 | G61: 1 | H61: 1 | I61: =F61*0.2+G61*0.4+H61*0.4 -> 1 | J61: В общей информации отсутствует ссылка на официальный сайт учреждения.
A62: 55 | B62: Муниципальное бюджетное учреждение «Городская аварийно-ремонтная служба 05» | C62: МБУ "ГАРС-05" | D62: бюджетное | F62: 1 | G62: 1 | H62: 1 | I62: =F62*0.2+G62*0.4+H62*0.4 -> 1 | J62: В общей информации отсутствует ссылка на официальный сайт учреждения.
A63: 56 | B63: муниципальное автономное учреждение дополнительного образования "Центральная спортивная школа олимпийского резерва" | C63: МАУДО "ЦСШОР" | D63: автономное | F63: 1 | G63: 1 | H63: 1 | I63: =F63*0.2+G63*0.4+H63*0.4 -> 1
A64: 57 | B64: Муниципальное автономное учреждение дополнительного образования "Спортивная школа олимпийского резерва № 3" г. Саратова | C64: МАУДО "СШОР № 3" г. Саратова | D64: автономное | F64: 1 | G64: 1 | H64: 1 | I64: =F64*0.2+G64*0.4+H64*0.4 -> 1
A65: 58 | B65: Муниципальное автономное учреждение дополнительного образования "Спортивная школа олимпийского резерва №14 "Волга" | C65: МАУДО "СШОР №14 "Волга" | D65: автономное | F65: 1 | G65: 1 | H65: 1 | I65: =F65*0.2+G65*0.4+H65*0.4 -> 1 | J65: В общей информации указан некорректный номер телефона.
A66: 59 | B66: Муниципальное автономное учреждение "Дирекция физкультурно-оздоровительных и спортивных сооружений" | C66: МАУ "ДФОСС" | D66: автономное | F66: 1 | G66: 1 | H66: 1 | I66: =F66*0.2+G66*0.4+H66*0.4 -> 1
A67: 60 | B67: Муниципальное автономное учреждение дополнительного образования "Детский оздоровительно-образовательный спортивный центр" | C67: МАУ ДО "ДООСЦ" | D67: автономное | F67: 1 | G67: 1 | H67: 1 | I67: =F67*0.2+G67*0.4+H67*0.4 -> 1
A68: 61 | B68: Муниципальное автономное учреждение "Центр физической культуры и спорта" | C68: МАУ "Центр физической культуры и спорта" | D68: автономное | F68: 1 | G68: 1 | H68: 1 | I68: =F68*0.2+G68*0.4+H68*0.4 -> 1
A69: 62 | B69: муниципальное автономное учреждение дополнительного образования "Дворец творчества детей и молодежи имени О.П. Табакова" | C69: МАУДО "ДТДиМ им. О.П. Табакова" | D69: автономное | F69: 1 | G69: 1 | H69: 1 | I69: =F69*0.2+G69*0.4+H69*0.4 -> 1
A70: 63 | B70: муниципальное учреждение дополнительного образования "Центр туризма, краеведения и спортивной подготовки" | C70: МУДО "ЦТКСП" | D70: бюджетное | F70: 1 | G70: 1 | H70: 1 | I70: =F70*0.2+G70*0.4+H70*0.4 -> 1
A71: 64 | B71: Муниципальное дошкольное образовательное учреждение "Детский сад комбинированного вида № 17" Ленинского района г. Саратова | C71: МДОУ "Детский сад комбинированного вида № 17" | D71: бюджетное | F71: 1 | G71: 1 | H71: 1 | I71: =F71*0.2+G71*0.4+H71*0.4 -> 1
A72: 65 | B72: Муниципальное дошкольное образовательное учреждение "Детский сад № 46" Ленинского района г. Саратова | C72: МДОУ "Детский сад № 46" | D72: бюджетное | F72: 1 | G72: 1 | H72: 1 | I72: =F72*0.2+G72*0.4+H72*0.4 -> 1
A73: 66 | B73: Муниципальное дошкольное образовательное учреждение "Детский сад № 48" Ленинского района г. Саратова | C73: МДОУ "Детский сад № 48" | D73: бюджетное | F73: 1 | G73: 1 | H73: 1 | I73: =F73*0.2+G73*0.4+H73*0.4 -> 1
A74: 67 | B74: муниципальное дошкольное образовательное учреждение "Детский сад № 53" Ленинского района г. Саратова | C74: МДОУ "Детский сад № 53" | D74: бюджетное | F74: 1 | G74: 1 | H74: 1 | I74: =F74*0.2+G74*0.4+H74*0.4 -> 1
A75: 68 | B75: Муниципальное дошкольное образовательное учреждение "Детский сад № 75" Ленинского района г. Саратова | C75: МДОУ "Детский сад № 75" | D75: бюджетное | F75: 1 | G75: 1 | H75: 1 | I75: =F75*0.2+G75*0.4+H75*0.4 -> 1
A76: 69 | B76: Муниципальное дошкольное образовательное учреждение "Детский сад № 76" Ленинского района г. Саратова | C76: МДОУ "Детский сад № 76" | D76: бюджетное | F76: 1 | G76: 1 | H76: 1 | I76: =F76*0.2+G76*0.4+H76*0.4 -> 1
A77: 70 | B77: Муниципальное дошкольное образовательное учреждение "Детский сад № 77" Ленинского района г. Саратова | C77: МДОУ "Детский сад № 77" | D77: бюджетное | F77: 1 | G77: 1 | H77: 1 | I77: =F77*0.2+G77*0.4+H77*0.4 -> 1
... A80: 73 | B80: муниципальное общеобразовательное учреждение "Начальная общеобразовательная школа № 88" Ленинского района г. Саратова | C80: МОУ НОШ № 88 | D80: автономное | F80: 1 | G80: 1 | H80: 1 | I80: =F80*0.2+G80*0.4+H80*0.4 -> 1
A81: 74 | B81: Муниципальное дошкольное образовательное учреждение "Детский сад № 95" Ленинского района г.Саратова | C81: МДОУ "Детский сад № 95" | D81: бюджетное | F81: 1 | G81: 1 | H81: 1 | I81: =F81*0.2+G81*0.4+H81*0.4 -> 1 | J81: В общей информации указан некорректный номер телефона.
A82: 75 | B82: Муниципальное дошкольное образовательное учреждение "Детский сад комбинированного вида № 117" Ленинского района г. Саратова | C82: МДОУ "Детский сад комбинированного вида № 117" | D82: бюджетное | F82: 1 | G82: 1 | H82: 1 | I82: =F82*0.2+G82*0.4+H82*0.4 -> 1
A83: 76 | B83: Муниципальное дошкольное образовательное учреждение "Детский сад № 118" Ленинского района г.Саратова | C83: МДОУ "Детский сад № 118" | D83: бюджетное | F83: 1 | G83: 1 | H83: 1 | I83: =F83*0.2+G83*0.4+H83*0.4 -> 1
A84: 77 | B84: Муниципальное дошкольное образовательное учреждение "Детский сад № 125" Ленинского района г. Саратова | C84: МДОУ "Детский сад № 125" | D84: бюджетное | F84: 1 | G84: 1 | H84: 1 | I84: =F84*0.2+G84*0.4+H84*0.4 -> 1
A85: 78 | B85: Муниципальное дошкольное образовательное учреждение "Детский сад № 132" Ленинского района г. Саратова | C85: МДОУ "Детский сад № 132" | D85: бюджетное | F85: 1 | G85: 1 | H85: 1 | I85: =F85*0.2+G85*0.4+H85*0.4 -> 1
A86: 79 | B86: Муниципальное дошкольное образовательное учреждение "Детский сад № 138" Ленинского района г. Саратова | C86: МДОУ "Детский сад № 138" | D86: бюджетное | F86: 1 | G86: 1 | H86: 1 | I86: =F86*0.2+G86*0.4+H86*0.4 -> 1
A87: 80 | B87: Муниципальное дошкольное образовательное учреждение "Детский сад № 142" Ленинского района г. Саратова | C87: МДОУ "Детский сад № 142" | D87: бюджетное | F87: 1 | G87: 1 | H87: 1 | I87: =F87*0.2+G87*0.4+H87*0.4 -> 1
A88: 81 | B88: Муниципальное дошкольное образовательное учреждение "Детский сад № 150" Ленинского района г. Саратова | C88: МДОУ "Детский сад № 150" | D88: бюджетное | F88: 1 | G88: 1 | H88: 1 | I88: =F88*0.2+G88*0.4+H88*0.4 -> 1
A89: 82 | B89: Муниципальное дошкольное образовательное учреждение "Детский сад № 153" Ленинского района г.Саратова | C89: МДОУ "Детский сад № 153" | D89: бюджетное | F89: 1 | G89: 1 | H89: 1 | I89: =F89*0.2+G89*0.4+H89*0.4 -> 1
A90: 83 | B90: Муниципальное дошкольное образовательное учреждение "Детский сад комбинированного вида № 156" Ленинского района г.Саратова | C90: МДОУ "Детский сад комбинированного вида № 156" | D90: бюджетное | F90: 1 | G90: 1 | H90: 1 | I90: =F90*0.2+G90*0.4+H90*0.4 -> 1
A91: 84 | B91: Муниципальное дошкольное образовательное учреждение "Детский сад комбинированного вида № 158" Ленинского района г. Саратова | C91: МДОУ "Детский сад комбинированного вида № 158" | D91: бюджетное | F91: 1 | G91: 1 | H91: 1 | I91: =F91*0.2+G91*0.4+H91*0.4 -> 1
A92: 85 | B92: Муниципальное дошкольное образовательное учреждение "Детский сад № 160" Ленинского района г.Саратова | C92: МДОУ "Детский сад № 160" Ленинского района г. Саратова | D92: бюджетное | F92: 1 | G92: 1 | H92: 1 | I92: =F92*0.2+G92*0.4+H92*0.4 -> 1
A93: 86 | B93: муниципальное дошкольное образовательное учреждение "Центр развития ребенка - детский сад № 255" Ленинского района г.Саратова | C93: МДОУ "ЦРР - детский сад № 255" | D93: бюджетное | F93: 1 | G93: 1 | H93: 1 | I93: =F93*0.2+G93*0.4+H93*0.4 -> 1
... A119: 112 | B119: Муниципальное дошкольное образовательное учреждение "Детский сад комбинированного вида № 230" Ленинского района г. Саратова | C119: МДОУ "Детский сад комбинированного вида № 230" | D119: бюджетное | F119: 1 | G119: 1 | H119: 1 | I119: =F119*0.2+G119*0.4+H119*0.4 -> 1
A120: 113 | B120: муниципальное общеобразовательное учреждение "Начальная общеобразовательная школа № 238" Ленинского района города Саратова | C120: МОУ "НОШ № 238" | D120: автономное | F120: 1 | G120: 1 | H120: 1 | I120: =F120*0.2+G120*0.4+H120*0.4 -> 1 | J120: В информации о муниципальном задании отсутствуют ФИО и должность уполномоченного лица, утвердившего его
A121: 114 | B121: Муниципальное дошкольное образовательное учреждение "Детский сад комбинированного вида № 239" Ленинского района г.Саратова | C121: МДОУ "Детский сад комбинированного вида № 239" | D121: бюджетное | F121: 1 | G121: 1 | H121: 1 | I121: =F121*0.2+G121*0.4+H121*0.4 -> 1 | J121: В информации о муниципальном задании отсутствуют ФИО и должность уполномоченного лица, утвердившего его
A122: 115 | B122: МУНИЦИПАЛЬНОЕ ДОШКОЛЬНОЕ ОБРАЗОВАТЕЛЬНОЕ УЧРЕЖДЕНИЕ "ДЕТСКИЙ САД КОМБИНИРОВАННОГО ВИДА № 242" ЛЕНИНСКОГО РАЙОНА Г.САРАТОВА | C122: МДОУ "ДЕТСКИЙ САД КОМБИНИРОВАННОГО ВИДА № 242" | D122: бюджетное | F122: 1 | G122: 1 | H122: 1 | I122: =F122*0.2+G122*0.4+H122*0.4 -> 1
A123: 116 | B123: Муниципальное автономное общеобразовательное учреждение "Лицей № 36" Ленинского района города Саратова | C123: МАОУ "Лицей № 36" Ленинского района г. Саратова | D123: автономное | F123: 1 | G123: 1 | H123: 1 | I123: =F123*0.2+G123*0.4+H123*0.4 -> 1
A124: 117 | B124: Муниципальное общеобразовательное учреждение "Средняя общеобразовательная школа № 41" Ленинского района г. Саратова | C124: МОУ "СОШ № 41" | D124: автономное | F124: 1 | G124: 1 | H124: 1 | I124: =F124*0.2+G124*0.4+H124*0.4 -> 1
A125: 118 | B125: муниципальное общеобразовательное учреждение "Средняя общеобразовательная школа № 44 имени Героя России Н.В. Исаева" Ленинского района г. Саратова | C125: МОУ "СОШ № 44 имени Героя России Н.В. Исаева" | D125: автономное | F125: 1 | G125: 1 | H125: 1 | I125: =F125*0.2+G125*0.4+H125*0.4 -> 1
A126: 119 | B126: муниципальное общеобразовательное учреждение "Средняя общеобразовательная школа № 46" Ленинского района г. Саратова | C126: МОУ "СОШ № 46" | D126: автономное | F126: 1 | G126: 1 | H126: 1 | I126: =F126*0.2+G126*0.4+H126*0.4 -> 1
A127: 120 | B127: муниципальное общеобразовательное учреждение "Лицей № 47 имени К.В. Благодарова" Ленинского района г. Саратова | C127: МОУ "Лицей № 47" | D127: автономное | F127: 1 | G127: 1 | H127: 1 | I127: =F127*0.2+G127*0.4+H127*0.4 -> 1
A128: 121 | B128: Муниципальное общеобразовательное учреждение "Средняя общеобразовательная школа № 48" Ленинского района города Саратова | C128: МОУ "СОШ № 48" | D128: автономное | F128: 1 | G128: 1 | H128: 1 | I128: =F128*0.2+G128*0.4+H128*0.4 -> 1
A129: 122 | B129: Муниципальное общеобразовательное учреждение "Средняя общеобразовательная школа № 49" Ленинского района города Саратова | C129: МОУ "СОШ № 49" | D129: автономное | F129: 1 | G129: 1 | H129: 1 | I129: =F129*0.2+G129*0.4+H129*0.4 -> 1
A130: 123 | B130: муниципальное общеобразовательное учреждение "Лицей № 50" им. Загороднева В.И. Ленинского района г. Саратова | C130: МОУ "Лицей № 50" | D130: автономное | F130: 1 | G130: 1 | H130: 1 | I130: =F130*0.2+G130*0.4+H130*0.4 -> 1
A131: 124 | B131: Муниципальное общеобразовательное учреждение "Средняя общеобразовательная школа № 52" Ленинского района г. Саратова | C131: МОУ "СОШ №52" | D131: автономное | F131: 1 | G131: 1 | H131: 1 | I131: =F131*0.2+G131*0.4+H131*0.4 -> 1
A132: 125 | B132: Муниципальное общеобразовательное учреждение "Средняя общеобразовательная школа № 55" Ленинского района города Саратова | C132: МОУ "СОШ № 55" | D132: автономное | F132: 1 | G132: 1 | H132: 1 | I132: =F132*0.2+G132*0.4+H132*0.4 -> 1 | J132: В информации о муниципальном задании отсутствуют ФИО и должность уполномоченного лица, утвердившего его
A133: 126 | B133: Муниципальное общеобразовательное учреждение "Лицей № 56" Ленинского района г. Саратова | C133: МОУ "Лицей № 56" | D133: автономное | F133: 1 | G133: 1 | H133: 1 | I133: =F133*0.2+G133*0.4+H133*0.4 -> 1
A134: 127 | B134: муниципальное общеобразовательное учреждение "Средняя общеобразовательная школа № 57 имени С.Ф. Тархова" Ленинского района города Саратова | C134: МОУ "СОШ № 57" | D134: автономное | F134: 1 | G134: 1 | H134: 1 | I134: =F134*0.2+G134*0.4+H134*0.4 -> 1
A135: 128 | B135: муниципальное общеобразовательное учреждение "Средняя общеобразовательная школа № 60 имени Героя Советского Союза П. Ф. Батавина" Ленинского района города Саратова | C135: МОУ "СОШ № 60 им. Героя Советского Союза П. Ф. Батавина" | D135: автономное | F135: 1 | G135: 1 | H135: 1 | I135: =F135*0.2+G135*0.4+H135*0.4 -> 1
A136: 129 | B136: Муниципальное общеобразовательное учреждение "Cредняя общеобразовательная школа № 61 - образовательный комплекс" Ленинского района г. Саратова | C136: МОУ "СОШ № 61" | D136: автономное | F136: 1 | G136: 1 | H136: 1 | I136: =F136*0.2+G136*0.4+H136*0.4 -> 1
A137: 130 | B137: Муниципальное общеобразовательное учреждение "Средняя общеобразовательная школа № 63 с углубленным изучением отдельных предметов" Ленинского района города Саратова | C137: МОУ "СОШ № 63 с УИП" | D137: автономное | F137: 1 | G137: 1 | H137: 1 | I137: =F137*0.2+G137*0.4+H137*0.4 -> 1
A138: 131 | B138: муниципальное общеобразовательное учреждение "Средняя общеобразовательная школа № 64 имени Героя Советского Союза И.В. Панфилова" Ленинского района города Саратова | C138: МОУ "СОШ № 64" | D138: автономное | F138: 1 | G138: 1 | H138: 1 | I138: =F138*0.2+G138*0.4+H138*0.4 -> 1
A139: 132 | B139: Муниципальное общеобразовательное учреждение "Средняя общеобразовательная школа № 69 имени дважды Героя Советского Союза Скоморохова Н.М." Ленинского района г. Саратова | C139: МОУ "СОШ № 69" | D139: автономное | F139: 1 | G139: 1 | H139: 1 | I139: =F139*0.2+G139*0.4+H139*0.4 -> 1
A140: 133 | B140: Муниципальное общеобразовательное учреждение "Средняя общеобразовательная школа № 72" Ленинского района г. Саратова | C140: МОУ "СОШ № 72" | D140: автономное | F140: 1 | G140: 1 | H140: 1 | I140: =F140*0.2+G140*0.4+H140*0.4 -> 1
A141: 134 | B141: Муниципальное общеобразовательное учреждение "Гимназия № 75 имени Д.М. Карбышева" Ленинского района города Саратова | C141: МОУ "Гимназия № 75 имени Д.М. Карбышева" | D141: автономное | F141: 1 | G141: 1 | H141: 1 | I141: =F141*0.2+G141*0.4+H141*0.4 -> 1 | J141: В информации о муниципальном задании отсутствуют ФИО и должность уполномоченного лица, утвердившего его
A142: 135 | B142: муниципальное общеобразовательное учреждение "Средняя общеобразовательная школа №76 имени М.Г.Галицкого" Ленинского района города Саратова | C142: МОУ "СОШ №76 имени М.Г.Галицкого" | D142: автономное | F142: 1 | G142: 1 | H142: 1 | I142: =F142*0.2+G142*0.4+H142*0.4 -> 1
A143: 136 | B143: муниципальное общеобразовательное учреждение "Средняя общеобразовательная школа № 86" Ленинского района города Саратова | C143: МОУ "СОШ № 86" | D143: автономное | F143: 1 | G143: 1 | H143: 1 | I143: =F143*0.2+G143*0.4+H143*0.4 -> 1
A144: 137 | B144: Муниципальное автономное общеобразовательное учреждение "Гимназия № 87" | C144: МАОУ "Гимназия № 87" | D144: автономное | F144: 1 | G144: 1 | H144: 1 | I144: =F144*0.2+G144*0.4+H144*0.4 -> 1
...

Sheet Раздел 2. п. Михайловский
A1: 2.1 Итоговое значение рейтинга открытости и прозрачности муниципальных учреждений муниципального образования, рассчитанного на основе данных раздела «Независимая система оценки качества» официального сайта Российской Федерации для размещения информации о государственных (муниципальных) учреждениях (www.bus.gov.ru)
A2: Наименование муниципального образования | C2: п. Михайловский
A3: Дата проведения оценки | C3: 45397
A4: Комментарий:
A5: Показатели Roii, Rmzi Rbsi при наличии опубликованной информации на указанном сайте принимают значения 1, в иных случаях – 0. Если муниципальному учреждению муниципальное задание не доводится (муниципальное учреждение является казенным), то показатель Rmzi принимает значение 1, в иных случаях – 0. Для автономных и бюджетных муниципальных учреждений показатель Rbsi принимает значение 1.
A6: № п/п | B6: Полное наименование учреждения | C6: Сокращенное наименование учреждения | D6: Тип учреждения | E6: Отметка об отсутствии муниципального задания | F6: Общая информация (Roii) | G6: на 2024 год | I6: Рейтинг открытости и прозрачности по учреждению (Ri=Roii*0,2+ Rmzi*0,4+ Rbsi*0,4) | J6: Комментарии
G7: Информация о муниципальном задании (Rmzi) | H7: Информация о показателях бюджетной сметы (Rbsi)
A8: 1 | B8: МУНИЦИПАЛЬНОЕ ДОШКОЛЬНОЕ ОБРАЗОВАТЕЛЬНОЕ УЧРЕЖДЕНИЕ ДЕТСКИЙ САД №1 "СКАЗКА" МУНИЦИПАЛЬНОГО ОБРАЗОВАНИЯ ПОСЕЛКА МИХАЙЛОВСКИЙ САРАТОВСКОЙ ОБЛАСТИ | C8: МДОУ Д/С №1 "СКАЗКА" МО П. МИХАЙЛОВСКИЙ | D8: Бюджетное учреждение | F8: 1 | G8: 1 | H8: 1 | I8: =F8*0.2+G8*0.4+H8*0.4 -> 1
A9: 2 | B9: МУНИЦИПАЛЬНОЕ ОБЩЕОБРАЗОВАТЕЛЬНОЕ УЧРЕЖДЕНИЕ "СРЕДНЯЯ ОБЩЕОБРАЗОВАТЕЛЬНАЯ ШКОЛА МУНИЦИПАЛЬНОГО ОБРАЗОВАНИЯ ПОСЕЛОК МИХАЙЛОВСКИЙ САРАТОВСКОЙ ОБЛАСТИ" | C9: МОУ "СОШ МО ПОС. МИХАЙЛОВСКИЙ" | D9: Бюджетное учреждение | F9: 1 | G9: 1 | H9: 1 | I9: =F9*0.2+G9*0.4+H9*0.4 -> 1
A10: 3 | B10: МУНИЦИПАЛЬНОЕ УЧРЕЖДЕНИЕ "РЕДАКЦИЯ ГАЗЕТЫ "МИХАЙЛОВСКИЕ НОВОСТИ" МУНИЦИПАЛЬНОГО ОБРАЗОВАНИЯ ПОСЕЛОК МИХАЙЛОВСКИЙ САРАТОВСКОЙ ОБЛАСТИ | C10: МУ "РЕДАКЦИЯ ГАЗЕТЫ "МИХАЙЛОВСКИЕ НОВОСТИ" | D10: Бюджетное учреждение | F10: 1 | G10: 1 | H10: 1 | I10: =F10*0.2+G10*0.4+H10*0.4 -> 1
A11: 4 | B11: МУНИЦИПАЛЬНОЕ УЧРЕЖДЕНИЕ "ЕДИНАЯ ДЕЖУРНО-ДИСПЕТЧЕРСКАЯ СЛУЖБА - 112 МУНИЦИПАЛЬНОГО ОБРАЗОВАНИЯ ПОСЕЛОК МИХАЙЛОВСКИЙ САРАТОВСКОЙ ОБЛАСТИ" | C11: МУ "ЕДДС - 112 МО П. МИХАЙЛОВСКИЙ САРАТОВСКОЙ ОБЛАСТИ" | D11: Казенное учреждение | F11: 1 | G11: 1 | H11: 1 | I11: =F11*0.2+G11*0.4+H11*0.4 -> 1
A12: 5 | B12: МУНИЦИПАЛЬНОЕ УЧРЕЖДЕНИЕ "ЦЕНТРАЛИЗОВАННАЯ БУХГАЛТЕРИЯ И СЛУЖБА МАТЕРИАЛЬНО-ТЕХНИЧЕСКОГО ОБЕСПЕЧЕНИЯ И ТРАНСПОРТНОГО ОБСЛУЖИВАНИЯ ОРГАНОВ МЕСТНОГО САМОУПРАВЛЕНИЯ МУНИЦИПАЛЬНОГО ОБРАЗОВАНИЯ ПОСЕЛОК МИХАЙЛОВСКИЙ САРАТОВСКОЙ ОБЛАСТИ" | C12: МУ "ЦБ И СЛУЖБА МТО И ТО ОМС МУНИЦИПАЛЬНОГО ОБРАЗОВАНИЯ П.МИХАЙЛОВСКИЙ" | D12: Казенное учреждение | F12: 1 | G12: 1 | H12: 1 | I12: =F12*0.2+G12*0.4+H12*0.4 -> 1
A13: 6 | B13: МУНИЦИПАЛЬНОЕ КАЗЕННОЕ УЧРЕЖДЕНИЕ КУЛЬТУРЫ "ДОМ КУЛЬТУРЫ" МУНИЦИПАЛЬНОГО ОБРАЗОВАНИЯ ПОСЕЛОК МИХАЙЛОВСКИЙ САРАТОВСКОЙ ОБЛАСТИ | C13: МКУК "ДК" МО П. МИХАЙЛОВСКИЙ САРАТОВСКОЙ ОБЛ. | D13: Казенное учреждение | F13: 1 | G13: 1 | H13: 1 | I13: =F13*0.2+G13*0.4+H13*0.4 -> 1
A14: 7 | B14: МУНИЦИПАЛЬНОЕ УЧРЕЖДЕНИЕ ДОПОЛНИТЕЛЬНОГО ОБРАЗОВАНИЯ "СПОРТИВНАЯ ШКОЛА МУНИЦИПАЛЬНОГО ОБРАЗОВАНИЯ П. МИХАЙЛОВСКИЙ САРАТОВСКОЙ ОБЛАСТИ" | C14: МУ ДО "СШ МО П. МИХАЙЛОВСКИЙ" | D14: Казенное учреждение | F14: 1 | G14: 1 | H14: 1 | I14: =F14*0.2+G14*0.4+H14*0.4 -> 1
A15: ИТОГО (Rмо=(∑mi=1Ri)/m) | I15: =SUM(I8:I14)/COUNT(I8:I14) -> 1

Sheet Раздел 2. ЗАТО Светлый
A1: 2.1 Итоговое значение рейтинга открытости и прозрачности муниципальных учреждений муниципального образования, рассчитанного на основе данных раздела «Независимая система оценки качества» официального сайта Российской Федерации для размещения информации о государственных (муниципальных) учреждениях (www.bus.gov.ru)
A2: Наименование муниципального образования | C2: ЗАТО Светлый
A3: Дата проведения оценки | C3: 45398
A4: Комментарий:
A5: Показатели Roii, Rmzi Rbsi при наличии опубликованной информации на указанном сайте принимают значения 1, в иных случаях – 0. Если муниципальному учреждению муниципальное задание не доводится (муниципальное учреждение является казенным), то показатель Rmzi принимает значение 1, в иных случаях – 0. Для автономных и бюджетных муниципальных учреждений показатель Rbsi принимает значение 1.
A6: № п/п | B6: Полное наименование учреждения | C6: Сокращенное наименование учреждения | D6: Тип учреждения | E6: Отметка об отсутствии муниципального задания | F6: Общая информация (Roii) | G6: на 2024 год | I6: Рейтинг открытости и прозрачности по учреждению (Ri=Roii*0,2+ Rmzi*0,4+ Rbsi*0,4) | J6: Комментарии
G7: Информация о муниципальном задании (Rmzi) | H7: Информация о показателях бюджетной сметы (Rbsi)
A8: 1 | B8: Муниципальное учреждение «Централизованная бухгалтерия городского округа ЗАТО Светлый» | C8: МУ «ЦБ городского округа ЗАТО Светлый» | D8: Казенное | F8: 1 | G8: 1 | H8: 1 | I8: =F8*0.2+G8*0.4+H8*0.4 -> 1
A9: 2 | B9: Муниципальное дошкольное образовательное учреждение «Детский сад «Светлячок» городского округа ЗАТО Светлый Саратовской области» | C9: МДОУ «Детский сад «Светлячок» городского округа ЗАТО Светлый Саратовской области» | D9: Казенное | F9: 1 | G9: 1 | H9: 1 | I9: =F9*0.2+G9*0.4+H9*0.4 -> 1
A10: 3 | B10: Муниципальное учреждение «Управление муниципальным хозяйством» городского округа ЗАТО Светлый | C10: МУ «Управление муниципальным хозяйством» | D10: Казенное | F10: 1 | G10: 1 | H10: 1 | I10: =F10*0.2+G10*0.4+H10*0.4 -> 1
A11: 4 | B11: Муниципальное учреждение «Управление образования, культуры, спорта и молодежной политики администрации городского округа ЗАТО Светлый Саратовской области» | C11: МУ «Управление образования, культуры, спорта и молодежной политики администрации ГО ЗАТО Светлый Саратовской области» | D11: Казенное | F11: 1 | G11: 1 | H11: 1 | I11: =F11*0.2+G11*0.4+H11*0.4 -> 1
A12: 5 | B12: Муниципальное учреждение «Редакция газеты «Светлые вести» | C12: МУ «Редакция газеты «Светлые вести» | D12: Казенное | F12: 1 | G12: 1 | H12: 1 | I12: =F12*0.2+G12*0.4+H12*0.4 -> 1
A13: 6 | B13: Муниципальное учреждение «Управление по делам гражданской обороны, предупреждения и ликвидации последствий чрезвычайных ситуаций» администрации городского округа ЗАТО Светлый | C13: МУ «Управление по делам гражданской обороны, предупреждения и ликвидации последствий чрезвычайных ситуаций» | D13: Казенное | F13: 1 | G13: 1 | H13: 1 | I13: =F13*0.2+G13*0.4+H13*0.4 -> 1
A14: 7 | B14: Муниципальное учреждение «Управление административно-хозяйственного и транспортного обеспечения» городского округа ЗАТО Светлый | C14: МУ «Управление административно-хозяйственного и транспортного обеспечения» городского округа ЗАТО Светлый | D14: Бюджетное | F14: 1 | G14: 1 | H14: 1 | I14: =F14*0.2+G14*0.4+H14*0.4 -> 1
A15: 8 | B15: Муниципальное учреждение дополнительного образования «Дом детского творчества городского округа ЗАТО Светлый Саратовской области» | C15: МУ ДО «ДДТ городского округа ЗАТО Светлый Саратовской области» | D15: Бюджетное | F15: 1 | G15: 1 | H15: 1 | I15: =F15*0.2+G15*0.4+H15*0.4 -> 1
A16: 9 | B16: Муниципальное учреждение дополнительного образования «Спортивная школа городского округа ЗАТО Светлый Саратовской области» | C16: МУ ДО СШ городского округа ЗАТО Светлый Саратовской области | D16: Бюджетное | F16: 1 | G16: 1 | H16: 1 | I16: =F16*0.2+G16*0.4+H16*0.4 -> 1
A17: 10 | B17: Муниципальное учреждение культуры «Дом культуры городского округа ЗАТО Светлый Саратовской области» | C17: МУК «ДК ГО ЗАТО Светлый» | D17: Бюджетное | F17: 1 | G17: 1 | H17: 1 | I17: =F17*0.2+G17*0.4+H17*0.4 -> 1
A18: 11 | B18: Муниципальное общеобразовательное учреждение «Средняя общеобразовательная школа № 3 имени В.Н. Щёголева городского округа закрытого административно-территориального образования Светлый Саратовской области» | C18: МОУ СОШ № 3 им. В.Н. Щеголева | D18: Бюджетное | F18: 1 | G18: 1 | H18: 1 | I18: =F18*0.2+G18*0.4+H18*0.4 -> 1
A19: 12 | B19: Муниципальное общеобразовательное учреждение «Средняя общеобразовательная школа № 2 им. В.А. Коновалова городского округа закрытого административно-территориального образования Светлый Саратовской области» | C19: МОУ «СОШ №2 им. В.А. Коновалова» | D19: Бюджетное | F19: 1 | G19: 1 | H19: 1 | I19: =F19*0.2+G19*0.4+H19*0.4 -> 1
A20: ИТОГО (Rмо=(∑mi=1Ri)/m) | I20: =SUM(I8:I19)/COUNT(I8:I19) -> 1

Sheet Раздел 2. г. Шиханы
A1: 2.1 Итоговое значение рейтинга открытости и прозрачности муниципальных учреждений муниципального образования, рассчитанного на основе данных раздела «Независимая система оценки качества» официального сайта Российской Федерации для размещения информации о государственных (муниципальных) учреждениях (www.bus.gov.ru)
A2: Наименование муниципального образования | C2: г. Шиханы
A3: Дата проведения оценки | C3: 45398
A4: Комментарий:
A5: Показатели Roii, Rmzi Rbsi при наличии опубликованной информации на указанном сайте принимают значения 1, в иных случаях – 0. Если муниципальному учреждению муниципальное задание не доводится (муниципальное учреждение является казенным), то показатель Rmzi принимает значение 1, в иных случаях – 0. Для автономных и бюджетных муниципальных учреждений показатель Rbsi принимает значение 1.
A6: № п/п | B6: Полное наименование учреждения | C6: Сокращенное наименование учреждения | D6: Тип учреждения | E6: Отметка об отсутствии муниципального задания | F6: Общая информация (Roii) | G6: на 2024 год | I6: Рейтинг открытости и прозрачности по учреждению (Ri=Roii*0,2+ Rmzi*0,4+ Rbsi*0,4) | J6: Комментарии
G7: Информация о муниципальном задании (Rmzi) | H7: Информация о показателях бюджетной сметы (Rbsi)
A8: 1 | B8: Муниципальное казенное учреждение "Управление образования, культуры и спорта" муниципального образования города Шиханы Саратовской области | C8: МКУ «Управление образования культуры и спорта» | D8: Казенное учреждение | F8: 1 | G8: 1 | H8: 1 | I8: =F8*0.2+G8*0.4+H8*0.4 -> 1
A9: 2 | B9: Муниципальное общеобразовательное учреждение "Средняя общеобразовательная школа №12 города Шиханы" Саратовской области | C9: МОУ "СОШ №12 города Шиханы" | D9: Бюджетное учреждение | F9: 1 | G9: 1 | H9: 1 | I9: =F9*0.2+G9*0.4+H9*0.4 -> 1
A10: 3 | B10: Муниципальное учреждение Дворец культуры "Корунд" города Шиханы Саратовской области | C10: МУ ДК "Корунд" | D10: Бюджетное учреждение | F10: 1 | G10: 1 | H10: 1 | I10: =F10*0.2+G10*0.4+H10*0.4 -> 1
A11: 4 | B11: Муниципальное дошкольное образовательное учреждение "Детский сад №1"Звездочка" комбинированного вида" города Шиханы Саратовской области | C11: МДОУ"Детский сад №1"Звездочка" комбинированного вида" | D11: Бюджетное учреждение | F11: 1 | G11: 1 | H11: 1 | I11: =F11*0.2+G11*0.4+H11*0.4 -> 1
A12: 5 | B12: Муниципальное образовательное учреждение дополнительного образования "Спортивная школа" города Шиханы Саратовской области | C12: МБУДО "СШ" | D12: Бюджетное учреждение | F12: 1 | G12: 1 | H12: 1 | I12: =F12*0.2+G12*0.4+H12*0.4 -> 1
A13: 6 | B13: Муниципальное казенное учреждение "Редакция газеты "Шиханские новости" муниципального образования города Шиханы Саратовской области | C13: МКУ "Редакция газеты "Шиханские новости" | D13: Казенное учреждение | F13: 1 | G13: 1 | H13: 1 | I13: =F13*0.2+G13*0.4+H13*0.4 -> 1
A14: 7 | B14: Муниципальное казенное учреждение "Управление делами" муниципального образования города Шиханы Саратовской области | C14: МКУ "Управление делами" | D14: Казенное учреждение | F14: 1 | G14: 1 | H14: 1 | I14: =F14*0.2+G14*0.4+H14*0.4 -> 1
A15: 8 | B15: Муниципальное казенное учреждение "Управление по делам гражданской обороны, предупреждение и ликвидации последствий чрезвычайных ситуаций" муниципального образования города Шиханы Саратовской области | C15: МКУ "Управление по делам ГО и ЧС" | D15: Казенное учреждение | F15: 1 | G15: 1 | H15: 1 | I15: =F15*0.2+G15*0.4+H15*0.4 -> 1
A16: 9 | B16: Муниципальное казенное учреждение «Централизованная бухгалтерия» муниципального образования города Шиханы Саратовской области | C16: МКУ "Ц.Б." | D16: Казенное учреждение | F16: 1 | G16: 1 | H16: 1 | I16: =F16*0.2+G16*0.4+H16*0.4 -> 1
A17: 10 | B17: Муниципальное казенное учреждение "Управление городского хозяйства" муниципального образования города Шиханы Саратовской области | C17: МКУ "УГХ" | D17: Казенное учреждение | F17: 1 | G17: 1 | H17: 1 | I17: =F17*0.2+G17*0.4+H17*0.4 -> 1
A18: ИТОГО (Rмо=(∑mi=1Ri)/m) | I18: =SUM(I8:I17)/COUNT(I8:I17) -> 1

Sheet Раздел 2.Александрово-Гайский 
A1: 2.1 Итоговое значение рейтинга открытости и прозрачности муниципальных учреждений муниципального образования, рассчитанного на основе данных раздела «Независимая система оценки качества» официального сайта Российской Федерации для размещения информации о государственных (муниципальных) учреждениях (www.bus.gov.ru)
A2: Наименование муниципального образования | C2: Александрово-Гайский муниципальный район
A3: Дата проведения оценки | C3: 45398
A4: Комментарий:
A5: Показатели Roii, Rmzi Rbsi при наличии опубликованной информации на указанном сайте принимают значения 1, в иных случаях – 0. Если муниципальному учреждению муниципальное задание не доводится (муниципальное учреждение является казенным), то показатель Rmzi принимает значение 1, в иных случаях – 0. Для автономных и бюджетных муниципальных учреждений показатель Rbsi принимает значение 1.
A6: № п/п | B6: Полное наименование учреждения | C6: Сокращенное наименование учреждения | D6: Тип учреждения | E6: Отметка об отсутствии муниципального задания | F6: Общая информация (Roii) | G6: на 2024 год | I6: Рейтинг открытости и прозрачности по учреждению (Ri=Roii*0,2+ Rmzi*0,4+ Rbsi*0,4) | J6: Комментарии
G7: Информация о муниципальном задании (Rmzi) | H7: Информация о показателях бюджетной сметы (Rbsi)
A8: 1 | B8: Муниципальное бюджетное дошкольное образовательное учреждение «детский сад «Пчелка» с. Александров Гай Александрово-Гайского муниципального района Саратовской области | C8: МБДОУ детский сад «Пчелка» | D8: БУ | F8: 1 | G8: 1 | H8: 1 | I8: =F8*0.2+G8*0.4+H8*0.4 -> 1
A9: 2 | B9: Муниципальное бюджетное дошкольное образовательное учреждение детский сад «Колосок» с. Александров Гай Александрово-Гайского муниципального района Саратовской области | C9: МБДОУ детский сад «Колосок» | D9: БУ | F9: 1 | G9: 0 | H9: 1 | I9: =F9*0.2+G9*0.4+H9*0.4 -> 0.6 | J9: Найдено со статусом «реорганизованная/ликвидированная». Муниципальное задание на 2023 и 2024 года отсутствует.
A10: 3 | B10: Муниципальное бюджетное дошкольное образовательное учреждение детский сад «Малыш» с. Александров Гай Александрово-Гайского муниципального района Саратовской области | C10: МБДОУ детский сад «Малыш» | D10: БУ | F10: 1 | G10: 1 | H10: 1 | I10: =F10*0.2+G10*0.4+H10*0.4 -> 1
A11: 4 | B11: Муниципальное бюджетное дошкольное образовательное учреждение детский сад «Теремок» с. Александров Гай Александрово-Гайского муниципального района Саратовской области | C11: МБДОУ детский сад «Теремок» | D11: БУ | F11: 1 | G11: 1 | H11: 1 | I11: =F11*0.2+G11*0.4+H11*0.4 -> 1
A12: 5 | B12: Муниципальное бюджетное дошкольное образовательное учреждение детский сад «Улыбка» с. Александров Гай Александрово-Гайского муниципального района Саратовской области | C12: МБДОУ детский сад «Улыбка» | D12: БУ | F12: 1 | G12: 1 | H12: 1 | I12: =F12*0.2+G12*0.4+H12*0.4 -> 1
A13: 6 | B13: Муниципальное бюджетное общеобразовательное учреждение средняя общеобразовательная школа № 3 с. Александров Гай Александрово-Гайского муниципального района Саратовской области | C13: МБОУ СОШ №3 | D13: БУ | F13: 1 | G13: 1 | H13: 1 | I13: =F13*0.2+G13*0.4+H13*0.4 -> 1
A14: 7 | B14: Муниципальное бюджетное общеобразовательное учреждение средняя общеобразовательная школа № 1 с. Александров Гай Александрово-Гайского муниципального района Саратовской области | C14: МБОУ СОШ №1 | D14: БУ | F14: 1 | G14: 1 | H14: 1 | I14: =F14*0.2+G14*0.4+H14*0.4 -> 1
A15: 8 | B15: Муниципальное бюджетное общеобразовательное учреждение средняя общеобразовательная школа № 2 с. Александров Гай Александрово-Гайского муниципального района Саратовской области | C15: МБОУ СОШ №2 | D15: БУ | F15: 1 | G15: 1 | H15: 1 | I15: =F15*0.2+G15*0.4+H15*0.4 -> 1
A16: 9 | B16: Муниципальное бюджетное общеобразовательное учреждение средняя общеобразовательная школа с. Камышки Александрово-Гайского муниципального района Саратовской области | C16: МБОУ СОШ с. Камышки | D16: БУ | F16: 1 | G16: 1 | H16: 1 | I16: =F16*0.2+G16*0.4+H16*0.4 -> 1
A17: 10 | B17: Муниципальное бюджетное общеобразовательное учреждение средняя общеобразовательная школа с. Новоалександровка имени героя Советского Союза Федора Дмитриевича Глухова Александрово-Гайского муниципального района Саратовской области | C17: МБОУ СОШ с. Новоалександровка | D17: БУ | F17: 1 | G17: 1 | H17: 1 | I17: =F17*0.2+G17*0.4+H17*0.4 -> 1
A18: 11 | B18: Муниципальное бюджетное учреждение «Служба единого балансодержателя» Александрово-Гайского муниципального района Саратовской области | C18: МБУ «СЕБ» | D18: БУ | F18: 1 | G18: 1 | H18: 1 | I18: =F18*0.2+G18*0.4+H18*0.4 -> 1 | J18: В общей информации отсутствует ссылка на официальный сайт учреждения.
A19: 12 | B19: Муниципальное бюджетное дошкольное образовательное учреждение детский сад "Карусель" с.Александров-Гай Александрово-Гайского муниципального района Саратовской области | C19: МБДОУ детский сад «Карусель» | D19: БУ | F19: 1 | G19: 1 | H19: 1 | I19: =F19*0.2+G19*0.4+H19*0.4 -> 1 | J19: В общей информации отсутствует ссылка на официальный сайт учреждения.
A20: 13 | B20: Муниципальное бюджетное учреждение дополнительного образования «Детско-юношеская спортивная школа» с. Александров Гай Александрово-Гайского муниципального района Саратовской области | C20: МБУ ДО «ДЮСШ» | D20: БУ | F20: 1 | G20: 1 | H20: 1 | I20: =F20*0.2+G20*0.4+H20*0.4 -> 1
A21: 14 | B21: Муниципальное бюджетное учреждение дополнительного образования «Центр детского творчества» с. Александров Гай Александрово-Гайского муниципального района Саратовской области | C21: МБУ ДО «ЦДТ» | D21: БУ | F21: 1 | G21: 1 | H21: 1 | I21: =F21*0.2+G21*0.4+H21*0.4 -> 1
A22: 15 | B22: Муниципальное бюджетное учреждение культуры «Централизованная библиотечная ситема» Александрово-Гайского муниципального района Саратовской области | C22: МБУ «Централизованная библиотечная система» | D22: БУ | F22: 1 | G22: 1 | H22: 1 | I22: =F22*0.2+G22*0.4+H22*0.4 -> 1
A23: 16 | B23: Муниципальное бюджетное учреждение культуры «Централизованная клубная система» Александрово-Гайского муниципального района Саратовской области | C23: МБУ «Централизованная клубная система» | D23: БУ | F23: 1 | G23: 1 | H23: 1 | I23: =F23*0.2+G23*0.4+H23*0.4 -> 1
A24: 17 | B24: Муниципальное бюджетное учреждение физкультурно-оздоровительный комплекс «Заволжский» Александров Гай Александрово-Гайского муниципального района Саратовской области | C24: МБУ ФОК «Заволжский» | D24: БУ | F24: 1 | G24: 1 | H24: 1 | I24: =F24*0.2+G24*0.4+H24*0.4 -> 1
A25: 18 | B25: Муниципальное казенное учреждение «Отдел хозяйственного обслуживания муниципальных учреждений культуры Александрово-Гайского муниципального района Саратовской области» | C25: МКУ «ОХО» | D25: КУ | F25: 1 | G25: 1 | H25: 1 | I25: =F25*0.2+G25*0.4+H25*0.4 -> 1
A26: 19 | B26: Муниципальное казенное учреждение «Централизованная бухгалтерия Александрово-Гайского муниципального района Саратовской области» | C26: МКУ «Централизованная бухгалтерия» | D26: КУ | F26: 1 | G26: 1 | H26: 1 | I26: =F26*0.2+G26*0.4+H26*0.4 -> 1
A27: 20 | B27: Муниципальное казенное учреждение «Централизованная бухгалтерия управления образования» администрации Александрово-Гайского муниципального района Саратовской области | C27: МКУ «Централизованная бухгалтерия управления образования» | D27: КУ | F27: 1 | G27: 1 | H27: 1 | I27: =F27*0.2+G27*0.4+H27*0.4 -> 1
A28: 21 | B28: Муниципальное казенное учреждение «Централизованная бухгалтерия» управления культуры и кино администрации Александрово-Гайского муниципального района Саратовской области» | C28: МКУ «Централизованная бухгалтерия управления культуры и кино» | D28: КУ | F28: 1 | G28: 1 | H28: 1 | I28: =F28*0.2+G28*0.4+H28*0.4 -> 1
A29: 22 | B29: Муниципальное бюджетное учреждение культуры "Музей краеведения" Александрово-Гайского муниципального района Саратовской области | C29: МБУ «Музей краеведения» | D29: БУ | F29: 1 | G29: 1 | H29: 1 | I29: =F29*0.2+G29*0.4+H29*0.4 -> 1 | J29: В общей информации отсутствует ссылка на официальный сайт учреждения.
A30: ИТОГО (Rмо=(∑mi=1Ri)/m) | I30: =SUM(I8:I29)/COUNT(I8:I29) -> 0.98181818

Sheet Раздел 2. Аркадский 
A1: 2.1 Итоговое значение рейтинга открытости и прозрачности муниципальных учреждений муниципального образования, рассчитанного на основе данных раздела «Независимая система оценки качества» официального сайта Российской Федерации для размещения информации о государственных (муниципальных) учреждениях (www.bus.gov.ru)
A2: Наименование муниципального образования | C2: Аркадский муниципальный район
A3: Дата проведения оценки | C3: 45399
A4: Комментарий:
A5: Показатели Roii, Rmzi Rbsi при наличии опубликованной информации на указанном сайте принимают значения 1, в иных случаях – 0. Если муниципальному учреждению муниципальное задание не доводится (муниципальное учреждение является казенным), то показатель Rmzi принимает значение 1, в иных случаях – 0. Для автономных и бюджетных муниципальных учреждений показатель Rbsi принимает значение 1.
A6: № п/п | B6: Полное наименование учреждения | C6: Сокращенное наименование учреждения | D6: Тип учреждения | E6: Отметка об отсутствии муниципального задания | F6: Общая информация (Roii) | G6: на 2024 год | I6: Рейтинг открытости и прозрачности по учреждению (Ri=Roii*0,2+ Rmzi*0,4+ Rbsi*0,4) | J6: Комментарии
G7: Информация о муниципальном задании (Rmzi) | H7: Информация о показателях бюджетной сметы (Rbsi)
A8: 1 | B8: МУНИЦИПАЛЬНОЕ КАЗЕННОЕ УЧРЕЖДЕНИЕ "ЦЕНТРАЛИЗОВАННАЯ БУХГАЛТЕРИЯ МУНИЦИПАЛЬНЫХ ОБРАЗОВАНИЙ АРКАДАКСКОГО МУНИЦИПАЛЬНОГО РАЙОНА" | C8: МКУ "ЦБ МО АРКАДАКСКОГО МУНИЦИПАЛЬНОГО РАЙОНА" | D8: Казенное учреждение | F8: 1 | G8: 1 | H8: 1 | I8: =F8*0.2+G8*0.4+H8*0.4 -> 1
A9: 2 | B9: МУНИЦИПАЛЬНОЕ КАЗЕННОЕ УЧРЕЖДЕНИЕ "ЦЕНТРАЛИЗОВАННАЯ БУХГАЛТЕРИЯ УЧРЕЖДЕНИЙ ОБРАЗОВАНИЯ АРКАДАКСКОГО МУНИЦИПАЛЬНОГО РАЙОНА САРАТОВСКОЙ ОБЛАСТИ" | C9: МКУ "ЦБ УО АРКАДАКСКОГО МУНИЦИПАЛЬНОГО РАЙОНА" | D9: Казенное учреждение | F9: 1 | G9: 1 | H9: 1 | I9: =F9*0.2+G9*0.4+H9*0.4 -> 1
A10: 3 | B10: МУНИЦИПАЛЬНОЕ УЧРЕЖДЕНИЕ "ЦЕНТРАЛИЗОВАННАЯ БУХГАЛТЕРИЯ УЧРЕЖДЕНИЙ КУЛЬТУРЫ АРКАДАКСКОГО МУНИЦИПАЛЬНОГО РАЙОНА" | C10: МУ "ЦБ УЧРЕЖДЕНИЙ КУЛЬТУРЫ АРКАДАКСКОГО МУНИЦИПАЛЬНОГО РАЙОНА" | D10: Казенное учреждение | F10: 1 | G10: 1 | H10: 1 | I10: =F10*0.2+G10*0.4+H10*0.4 -> 1
A11: 4 | B11: МУНИЦИПАЛЬНОЕ УЧРЕЖДЕНИЕ "ОТДЕЛ ПО МАТЕРИАЛЬНО - ТЕХНИЧЕСКОМУ ОБСЛУЖИВАНИЮ УЧРЕЖДЕНИЙ КУЛЬТУРЫ АРКАДАКСКОГО МУНИЦИПАЛЬНОГО РАЙОНА" | C11: МУ "ОМТОУК" | D11: Казенное учреждение | F11: 1 | G11: 1 | H11: 1 | I11: =F11*0.2+G11*0.4+H11*0.4 -> 1
A12: 5 | B12: МУНИЦИПАЛЬНОЕ УЧРЕЖДЕНИЕ "АДМИНИСТРАТИВНО-ХОЗЯЙСТВЕННЫЙ ОТДЕЛ АДМИНИСТРАЦИИ МУНИЦИПАЛЬНОГО ОБРАЗОВАНИЯ АРКАДАКСКОГО МУНИЦИПАЛЬНОГО РАЙОНА" | C12: МУ "АХО АДМИНИСТРАЦИИ МО АРКАДАКСКОГО МР" | D12: Казенное учреждение | F12: 1 | G12: 1 | H12: 1 | I12: =F12*0.2+G12*0.4+H12*0.4 -> 1
A13: 6 | B13: МУНИЦИПАЛЬНОЕ БЮДЖЕТНОЕ ОБЩЕОБРАЗОВАТЕЛЬНОЕ УЧРЕЖДЕНИЕ - СРЕДНЯЯ ОБЩЕОБРАЗОВАТЕЛЬНАЯ ШКОЛА С. АЛЕКСЕЕВКА АРКАДАКСКОГО РАЙОНА САРАТОВСКОЙ ОБЛАСТИ | C13: МБОУ - СОШ С. АЛЕКСЕЕВКА АРКАДАКСКОГО РАЙОНА САРАТОВСКОЙ ОБЛАСТИ | D13: Бюджетное учреждение | F13: 1 | G13: 1 | H13: 1 | I13: =F13*0.2+G13*0.4+H13*0.4 -> 1
A14: 7 | B14: МУНИЦИПАЛЬНОЕ БЮДЖЕТНОЕ ДОШКОЛЬНОЕ ОБРАЗОВАТЕЛЬНОЕ УЧРЕЖДЕНИЕ - ДЕТСКИЙ САД "ТЕРЕМОК" С. ОЛЬШАНКА АРКАДАКСКОГО РАЙОНА САРАТОВСКОЙ ОБЛАСТИ | C14: МБДОУ - ДЕТСКИЙ САД "ТЕРЕМОК" С. ОЛЬШАНКА АРКАДАКСКОГО РАЙОНА САРАТОВСКОЙ ОБЛАСТИ | D14: Бюджетное учреждение | F14: 1 | G14: 1 | H14: 1 | I14: =F14*0.2+G14*0.4+H14*0.4 -> 1 | J14: В общей информации отсутствует ссылка на официальный сайт учреждения.
A15: 8 | B15: МУНИЦИПАЛЬНОЕ БЮДЖЕТНОЕ ОБЩЕОБРАЗОВАТЕЛЬНОЕ УЧРЕЖДЕНИЕ "СРЕДНЯЯ ОБЩЕОБРАЗОВАТЕЛЬНАЯ ШКОЛА С. СЕМЕНОВКА" АРКАДАКСКОГО РАЙОНА САРАТОВСКОЙ ОБЛАСТИ | C15: МБОУ "СОШ С. СЕМЕНОВКА" АРКАДАКСКОГО РАЙОНА САРАТОВСКОЙ ОБЛАСТИ | D15: Бюджетное учреждение | F15: 1 | G15: 1 | H15: 1 | I15: =F15*0.2+G15*0.4+H15*0.4 -> 1 | J15: В общей информации отсутствует ссылка на официальный сайт учреждения.
A16: 9 | B16: МУНИЦИПАЛЬНОЕ БЮДЖЕТНОЕ ОБЩЕОБРАЗОВАТЕЛЬНОЕ УЧРЕЖДЕНИЕ - СРЕДНЯЯ ОБЩЕОБРАЗОВАТЕЛЬНАЯ ШКОЛА С. КРАСНОЕ ЗНАМЯ АРКАДАКСКОГО РАЙОНА САРАТОВСКОЙ ОБЛАСТИ | C16: МБОУ- СОШ С. КРАСНОЕ ЗНАМЯ АРКАДАКСКОГО РАЙОНА САРАТОВСКОЙ ОБЛАСТИ | D16: Бюджетное учреждение | F16: 1 | G16: 1 | H16: 1 | I16: =F16*0.2+G16*0.4+H16*0.4 -> 1 | J16: В общей информации отсутствует ссылка на официальный сайт учреждения.
A17: 10 | B17: МУНИЦИПАЛЬНОЕ БЮДЖЕТНОЕ ОБЩЕОБРАЗОВАТЕЛЬНОЕ УЧРЕЖДЕНИЕ - СРЕДНЯЯ ОБЩЕОБРАЗОВАТЕЛЬНАЯ ШКОЛА С. НОВОСЕЛЬСКОЕ АРКАДАКСКОГО РАЙОНА САРАТОВСКОЙ ОБЛАСТИ | C17: МБОУ-СОШ С.НОВОСЕЛЬСКОЕ | D17: Бюджетное учреждение | F17: 1 | G17: 1 | H17: 1 | I17: =F17*0.2+G17*0.4+H17*0.4 -> 1
A18: 11 | B18: МУНИЦИПАЛЬНОЕ БЮДЖЕТНОЕ ОБЩЕОБРАЗОВАТЕЛЬНОЕ УЧРЕЖДЕНИЕ - СРЕДНЯЯ ОБЩЕОБРАЗОВАТЕЛЬНАЯ ШКОЛА С.ОЛЬШАНКА АРКАДАКСКОГО РАЙОНА САРАТОВСКОЙ ОБЛАСТИ | C18: МБОУ-СОШ С.ОЛЬШАНКА АРКАДАКСКОГО РАЙОНА САРАТОВСКОЙ ОБЛАСТИ | D18: Бюджетное учреждение | F18: 1 | G18: 1 | H18: 1 | I18: =F18*0.2+G18*0.4+H18*0.4 -> 1 | J18: В общей информации отсутствует ссылка на официальный сайт учреждения.
A19: 12 | B19: МУНИЦИПАЛЬНОЕ БЮДЖЕТНОЕ УЧРЕЖДЕНИЕ ДОПОЛНИТЕЛЬНОГО ОБРАЗОВАНИЯ " ДЕТСКО - ЮНОШЕСКАЯ СПОРТИВНАЯ ШКОЛА" ГОРОДА АРКАДАКА САРАТОВСКОЙ ОБЛАСТИ | C19: МБУ ДО "ДЮСШ" Г. АРКАДАКА САРАТОВСКОЙ ОБЛ. | D19: Бюджетное учреждение | F19: 1 | G19: 1 | H19: 1 | I19: =F19*0.2+G19*0.4+H19*0.4 -> 1 | J19: В общей информации отсутствует ссылка на официальный сайт учреждения.
A20: 13 | B20: МУНИЦИПАЛЬНОЕ БЮДЖЕТНОЕ ОБЩЕОБРАЗОВАТЕЛЬНОЕ УЧРЕЖДЕНИЕ - СРЕДНЯЯ ОБЩЕОБРАЗОВАТЕЛЬНАЯ ШКОЛА СЕЛА РОСТАШИ АРКАДАКСКОГО РАЙОНА САРАТОВСКОЙ ОБЛАСТИ | C20: МБОУ - СОШ С. РОСТАШИ АРКАДАКСКОГО РАЙОНА САРАТОВСКОЙ ОБЛАСТИ | D20: Бюджетное учреждение | F20: 1 | G20: 1 | H20: 1 | I20: =F20*0.2+G20*0.4+H20*0.4 -> 1
A21: 14 | B21: МУНИЦИПАЛЬНОЕ БЮДЖЕТНОЕ ОБЩЕОБРАЗОВАТЕЛЬНОЕ УЧРЕЖДЕНИЕ - СРЕДНЯЯ ОБЩЕОБРАЗОВАТЕЛЬНАЯ ШКОЛА №1 Г. АРКАДАКА САРАТОВСКОЙ ОБЛАСТИ | C21: МБОУ- СОШ №1 Г. АРКАДАКА САРАТОВСКОЙ ОБЛАСТИ | D21: Бюджетное учреждение | F21: 1 | G21: 1 | H21: 1 | I21: =F21*0.2+G21*0.4+H21*0.4 -> 1 | J21: В общей информации отсутствует ссылка на официальный сайт учреждения.
A22: 15 | B22: МУНИЦИПАЛЬНОЕ БЮДЖЕТНОЕ ОБЩЕОБРАЗОВАТЕЛЬНОЕ УЧРЕЖДЕНИЕ - СРЕДНЯЯ ОБЩЕОБРАЗОВАТЕЛЬНАЯ ШКОЛА №2 ГОРОДА АРКАДАКА САРАТОВСКОЙ ОБЛАСТИ | C22: МБОУ - СОШ №2 ГОРОДА АРКАДАКА САРАТОВСКОЙ ОБЛАСТИ | D22: Бюджетное учреждение | F22: 1 | G22: 1 | H22: 1 | I22: =F22*0.2+G22*0.4+H22*0.4 -> 1 | J22: В общей информации отсутствует ссылка на официальный сайт учреждения.
A23: 16 | B23: МУНИЦИПАЛЬНОЕ БЮДЖЕТНОЕ ОБЩЕОБРАЗОВАТЕЛЬНОЕ УЧРЕЖДЕНИЕ - СРЕДНЯЯ ОБЩЕОБРАЗОВАТЕЛЬНАЯ ШКОЛА №3 ГОРОДА АРКАДАКА САРАТОВСКОЙ ОБЛАСТИ | C23: МБОУ - СОШ №3 ГОРОДА АРКАДАКА САРАТОВСКОЙ ОБЛАСТИ | D23: Бюджетное учреждение | F23: 1 | G23: 1 | H23: 1 | I23: =F23*0.2+G23*0.4+H23*0.4 -> 1 | J23: В общей информации отсутствует ссылка на официальный сайт учреждения.
A24: 17 | B24: МЕЖМУНИЦИПАЛЬНОЕ РАЙОННОЕ УЧРЕЖДЕНИЕ КУЛЬТУРЫ ""ЦЕНТРАЛИЗОВАННАЯ КЛУБНАЯ СИСТЕМА" РАЙОННЫЙ ДОМ КУЛЬТУРЫ"" АРКАДАКСКОГО МУНИЦИПАЛЬНОГО РАЙОНА | C24: МРУК ""ЦКС" РДК"" АРКАДАКСКОГО МУНИЦИПАЛЬНОГО РАЙОНА | D24: Бюджетное учреждение | F24: 1 | G24: 1 | H24: 1 | I24: =F24*0.2+G24*0.4+H24*0.4 -> 1 | J24: В общей информации отсутствует ссылка на официальный сайт учреждения.
A25: 18 | B25: МЕЖМУНИЦИПАЛЬНОЕ РАЙОННОЕ УЧРЕЖДЕНИЕ КУЛЬТУРЫ "АРКАДАКСКАЯ МЕЖПОСЕЛЕНЧЕСКАЯ ЦЕНТРАЛЬНАЯ БИБЛИОТЕКА" АРКАДАКСКОГО РАЙОНА | C25: МРУК "АРКАДАКСКАЯ МЦБ" | D25: Бюджетное учреждение | F25: 1 | G25: 1 | H25: 1 | I25: =F25*0.2+G25*0.4+H25*0.4 -> 1 | J25: В общей информации отсутствует ссылка на официальный сайт учреждения.
A26: 19 | B26: МУНИЦИПАЛЬНОЕ БЮДЖЕТНОЕ ДОШКОЛЬНОЕ ОБРАЗОВАТЕЛЬНОЕ УЧРЕЖДЕНИЕ "ДЕТСКИЙ САД "ЧАЙКА" Г. АРКАДАКА САРАТОВСКОЙ ОБЛАСТИ | C26: МБДОУ "ДЕТСКИЙ САД "ЧАЙКА" Г. АРКАДАКА | D26: Бюджетное учреждение | F26: 1 | G26: 1 | H26: 1 | I26: =F26*0.2+G26*0.4+H26*0.4 -> 1
A27: 20 | B27: МУНИЦИПАЛЬНОЕ БЮДЖЕТНОЕ ДОШКОЛЬНОЕ ОБРАЗОВАТЕЛЬНОЕ УЧРЕЖДЕНИЕ - ДЕТСКИЙ САД "СВЕТЛЯЧОК" Г.АРКАДАКА САРАТОВСКОЙ ОБЛАСТИ | C27: МБДОУ ДЕТСКИЙ САД "СВЕТЛЯЧОК" Г. АРКАДАКА | D27: Бюджетное учреждение | F27: 1 | G27: 1 | H27: 1 | I27: =F27*0.2+G27*0.4+H27*0.4 -> 1 | J27: В общей информации отсутствует ссылка на официальный сайт учреждения.
A28: 21 | B28: МУНИЦИПАЛЬНОЕ БЮДЖЕТНОЕ УЧРЕЖДЕНИЕ ДОПОЛНИТЕЛЬНОГО ОБРАЗОВАНИЯ "ДЕТСКИЙ ОЗДОРОВИТЕЛЬНО-ОБРАЗОВАТЕЛЬНЫЙ ЦЕНТР "ГОЛУБАЯ ЕЛЬ" АРКАДАКСКОГО РАЙОНА САРАТОВСКОЙ ОБЛАСТИ | C28: МБУ ДО "ДООЦ "ГОЛУБАЯ ЕЛЬ" АРКАДАКСКОГО РАЙОНА САРАТОВСКОЙ ОБЛАСТИ | D28: Бюджетное учреждение | F28: 1 | G28: 1 | H28: 1 | I28: =F28*0.2+G28*0.4+H28*0.4 -> 1 | J28: В общей информации отсутствует ссылка на официальный сайт учреждения.
A29: 22 | B29: МУНИЦИПАЛЬНОЕ БЮДЖЕТНОЕ УЧРЕЖДЕНИЕ ДОПОЛНИТЕЛЬНОГО ОБРАЗОВАНИЯ - ДВОРЕЦ СПОРТА ДЛЯ ДЕТЕЙ И ЮНОШЕСТВА ГОРОДА АРКАДАКА САРАТОВСКОЙ ОБЛАСТИ | C29: МБУДО - ДСДЮ Г. АРКАДАКА САРАТОВСКОЙ ОБЛАСТИ | D29: Бюджетное учреждение | F29: 1 | G29: 1 | H29: 1 | I29: =F29*0.2+G29*0.4+H29*0.4 -> 1 | J29: В общей информации отсутствует ссылка на официальный сайт учреждения.
A30: 23 | B30: МУНИЦИПАЛЬНОЕ БЮДЖЕТНОЕ УЧРЕЖДЕНИЕ ДОПОЛНИТЕЛЬНОГО ОБРАЗОВАНИЯ - ДОМ ДЕТСКОГО ТВОРЧЕСТВА ГОРОДА АРКАДАКА САРАТОВСКОЙ ОБЛАСТИ | C30: МБУ ДО - ДДТ ГОРОДА АРКАДАКА САРАТОВСКОЙ ОБЛАСТИ | D30: Бюджетное учреждение | F30: 1 | G30: 1 | H30: 1 | I30: =F30*0.2+G30*0.4+H30*0.4 -> 1 | J30: В общей информации отсутствует ссылка на официальный сайт учреждения.
A31: 24 | B31: МУНИЦИПАЛЬНОЕ БЮДЖЕТНОЕ ДОШКОЛЬНОЕ ОБРАЗОВАТЕЛЬНОЕ УЧРЕЖДЕНИЕ - ДЕТСКИЙ САД "ВАСИЛЁК" С.КИСТЕНДЕЙ АРКАДАКСКОГО РАЙОНА САРАТОВСКОЙ ОБЛАСТИ | C31: МБДОУ - ДЕТСКИЙ САД "ВАСИЛЁК" С.КИСТЕНДЕЙ АРКАДАКСКОГО РАЙОНА САРАТОВСКОЙ ОБЛАСТИ | D31: Бюджетное учреждение | F31: 1 | G31: 1 | H31: 1 | I31: =F31*0.2+G31*0.4+H31*0.4 -> 1 | J31: В общей информации отсутствует ссылка на официальный сайт учреждения.
A32: 25 | B32: МУНИЦИПАЛЬНОЕ БЮДЖЕТНОЕ ДОШКОЛЬНОЕ ОБРАЗОВАТЕЛЬНОЕ УЧРЕЖДЕНИЕ - ДЕТСКИЙ САД "ЗВЕЗДОЧКА" Г. АРКАДАКА САРАТОВСКОЙ ОБЛАСТИ | C32: МБДОУ - ДЕТСКИЙ САД "ЗВЕЗДОЧКА" Г. АРКАДАКА | D32: Бюджетное учреждение | F32: 1 | G32: 1 | H32: 1 | I32: =F32*0.2+G32*0.4+H32*0.4 -> 1 | J32: В общей информации отсутствует ссылка на официальный сайт учреждения.
A33: 26 | B33: МУНИЦИПАЛЬНОЕ БЮДЖЕТНОЕ ДОШКОЛЬНОЕ ОБРАЗОВАТЕЛЬНОЕ УЧРЕЖДЕНИЕ - ДЕТСКИЙ САД "ЛАСТОЧКА" Г. АРКАДАКА САРАТОВСКОЙ ОБЛАСТИ | C33: МБДОУ - ДЕТСКИЙ САД "ЛАСТОЧКА" Г.АРКАДАКА САРАТОВСКОЙ ОБЛАСТИ | D33: Бюджетное учреждение | F33: 1 | G33: 1 | H33: 1 | I33: =F33*0.2+G33*0.4+H33*0.4 -> 1 | J33: В общей информации отсутствует ссылка на официальный сайт учреждения.
A34: 27 | B34: МУНИЦИПАЛЬНОЕ БЮДЖЕТНОЕ ДОШКОЛЬНОЕ ОБРАЗОВАТЕЛЬНОЕ УЧРЕЖДЕНИЕ - ДЕТСКИЙ САД "СОЛНЫШКО" Г. АРКАДАКА САРАТОВСКОЙ ОБЛАСТИ | C34: МБДОУ - ДЕТСКИЙ САД "СОЛНЫШКО" Г. АРКАДАКА САРАТОВСКОЙ ОБЛАСТИ | D34: Бюджетное учреждение | F34: 1 | G34: 1 | H34: 1 | I34: =F34*0.2+G34*0.4+H34*0.4 -> 1 | J34: В общей информации отсутствует ссылка на официальный сайт учреждения.
A35: 28 | B35: МУНИЦИПАЛЬНОЕ БЮДЖЕТНОЕ УЧРЕЖДЕНИЕ "БЛАГОУСТРОЙСТВО АРКАДАК" | C35: МБУ "БЛАГОУСТРОЙСТВО АРКАДАК" | D35: Бюджетное учреждение | F35: 1 | G35: 1 | H35: 1 | I35: =F35*0.2+G35*0.4+H35*0.4 -> 1 | J35: В общей информации отсутствует ссылка на официальный сайт учреждения.
A36: ИТОГО (Rмо=(∑mi=1Ri)/m) | I36: =SUM(I8:I35)/COUNT(I8:I35) -> 1

Sheet Раздел 2. Аткарский
A1: 2.1 Итоговое значение рейтинга открытости и прозрачности муниципальных учреждений муниципального образования, рассчитанного на основе данных раздела «Независимая система оценки качества» официального сайта Российской Федерации для размещения информации о государственных (муниципальных) учреждениях (www.bus.gov.ru)
A2: Наименование муниципального образования | C2: Аткарский муниципальный район
A3: Дата проведения оценки | C3: 45399
A4: Комментарий:
A5: Показатели Roii, Rmzi Rbsi при наличии опубликованной информации на указанном сайте принимают значения 1, в иных случаях – 0. Если муниципальному учреждению муниципальное задание не доводится (муниципальное учреждение является казенным), то показатель Rmzi принимает значение 1, в иных случаях – 0. Для автономных и бюджетных муниципальных учреждений показатель Rbsi принимает значение 1.
A6: № п/п | B6: Полное наименование учреждения | C6: Сокращенное наименование учреждения | D6: Тип учреждения | E6: Отметка об отсутствии муниципального задания | F6: Общая информация (Roii) | G6: на 2024 год | I6: Рейтинг открытости и прозрачности по учреждению (Ri=Roii*0,2+ Rmzi*0,4+ Rbsi*0,4) | J6: Комментарии
G7: Информация о муниципальном задании (Rmzi) | H7: Информация о показателях бюджетной сметы (Rbsi)
A8: 1 | B8: МУНИЦИПАЛЬНОЕ ОБЩЕОБРАЗОВАТЕЛЬНОЕ УЧРЕЖДЕНИЕ – СРЕДНЯЯ ОБЩЕОБРАЗОВАТЕЛЬНАЯ ШКОЛА № 1 ИМЕНИ 397-Й САРНЕНСКОЙ ДИВИЗИИ ГОРОДА АТКАРСКА САРАТОВСКОЙ ОБЛАСТИ | C8: МОУ-СОШ N1 имени 397-й Сарненской дивизии города Аткарска Саратовской области | D8: автономное | F8: 1 | G8: 1 | H8: 1 | I8: =F8*0.2+G8*0.4+H8*0.4 -> 1
A9: 2 | B9: МУНИЦИПАЛЬНОЕ ОБЩЕОБРАЗОВАТЕЛЬНОЕ УЧРЕЖДЕНИЕ - ОСНОВНАЯ ОБЩЕОБРАЗОВАТЕЛЬНАЯ ШКОЛА №2 ГОРОДА АТКАРСКА САРАТОВСКОЙ ОБЛАСТИ | C9: МОУ-ООШ N 2 г. Аткарска Саратовской обл | D9: автономное | F9: 1 | G9: 1 | H9: 1 | I9: =F9*0.2+G9*0.4+H9*0.4 -> 1
A10: 3 | B10: МУНИЦИПАЛЬНОЕ ОБЩЕОБРАЗОВАТЕЛЬНОЕ УЧРЕЖДЕНИЕ - СРЕДНЯЯ ОБЩЕОБРАЗОВАТЕЛЬНАЯ ШКОЛА №3 ГОРОДА АТКАРСКА САРАТОВСКОЙ ОБЛАСТИ ИМЕНИ ГЕРОЯ СОВЕТСКОГО СОЮЗА АНТОНОВА ВЛАДИМИРА СЕМЕНОВИЧА | C10: МОУ-СОШ N3 г. Аткарска Саратовской области имени Антонова Владимира Семеновича | D10: автономное | F10: 1 | G10: 1 | H10: 1 | I10: =F10*0.2+G10*0.4+H10*0.4 -> 1
A11: 4 | B11: МУНИЦИПАЛЬНОЕ ОБЩЕОБРАЗОВАТЕЛЬНОЕ УЧРЕЖДЕНИЕ - ОСНОВНАЯ ОБЩЕОБРАЗОВАТЕЛЬНАЯ ШКОЛА №6 ГОРОДА АТКАРСКА САРАТОВСКОЙ ОБЛАСТИ | C11: МОУ-ООШ N 6 г. Аткарска Саратовской области | D11: автономное | F11: 1 | G11: 1 | H11: 1 | I11: =F11*0.2+G11*0.4+H11*0.4 -> 1
A12: 5 | B12: МУНИЦИПАЛЬНОЕ ОБЩЕОБРАЗОВАТЕЛЬНОЕ УЧРЕЖДЕНИЕ - СРЕДНЯЯ ОБЩЕОБРАЗОВАТЕЛЬНАЯ ШКОЛА № 8 ГОРОДА АТКАРСКА САРАТОВСКОЙ ОБЛАСТИ | C12: МОУ-СОШ N8 г. Аткарска Саратовской области | D12: автономное | F12: 1 | G12: 1 | H12: 1 | I12: =F12*0.2+G12*0.4+H12*0.4 -> 1
A13: 6 | B13: МУНИЦИПАЛЬНОЕ ОБЩЕОБРАЗОВАТЕЛЬНОЕ УЧРЕЖДЕНИЕ - СРЕДНЯЯ ОБЩЕОБРАЗОВАТЕЛЬНАЯ ШКОЛА № 9 ГОРОДА АТКАРСКА САРАТОВСКОЙ ОБЛАСТИ | C13: МОУ-СОШ N9 г. Аткарска Саратовской области | D13: автономное | F13: 1 | G13: 1 | H13: 1 | I13: =F13*0.2+G13*0.4+H13*0.4 -> 1
A14: 7 | B14: МУНИЦИПАЛЬНОЕ ОБЩЕОБРАЗОВАТЕЛЬНОЕ УЧРЕЖДЕНИЕ - СРЕДНЯЯ ОБЩЕОБРАЗОВАТЕЛЬНАЯ ШКОЛА № 10 ГОРОДА АТКАРСКА САРАТОВСКОЙ ОБЛАСТИ | C14: МОУ-СОШ N10 г. Аткарска Саратовской области | D14: автономное | F14: 1 | G14: 1 | H14: 1 | I14: =F14*0.2+G14*0.4+H14*0.4 -> 1
A15: 8 | B15: МУНИЦИПАЛЬНОЕ АВТОНОМНОЕ УЧРЕЖДЕНИЕ ДОПОЛНИТЕЛЬНОГО ОБРАЗОВАНИЯ "ЦЕНТР ДЕТСКОГО ТВОРЧЕСТВА ГОРОДА АТКАРСКА САРАТОВСКОЙ ОБЛАСТИ" | C15: МАУ ДО ЦДТ | D15: автономное | F15: 1 | G15: 1 | H15: 1 | I15: =F15*0.2+G15*0.4+H15*0.4 -> 1
A16: 9 | B16: МУНИЦИПАЛЬНОЕ УЧРЕЖДЕНИЕ "ОРГАНИЗАЦИОННО-МЕТОДИЧЕСКИЙ ЦЕНТР УЧРЕЖДЕНИЙ ОБРАЗОВАНИЯ" АТКАРСКОГО МУНИЦИПАЛЬНОГО РАЙОНА | C16: МУ "ОМЦ УО" | D16: автономное | F16: 1 | G16: 1 | H16: 1 | I16: =F16*0.2+G16*0.4+H16*0.4 -> 1
A17: 10 | B17: МУНИЦИПАЛЬНОЕ УЧРЕЖДЕНИЕ "ХОЗЯЙСТВЕННО-ЭКСПЛУАТАЦИОННАЯ ГРУППА УЧРЕЖДЕНИЙ ОБРАЗОВАНИЯ АТКАРСКОГО МУНИЦИПАЛЬНОГО РАЙ | C17: МУ "ХЭГ УО" | D17: Казенное | F17: 1 | G17: 1 | H17: 1 | I17: =F17*0.2+G17*0.4+H17*0.4 -> 1 | J17: В общей информации отсутствует ссылка на официальный сайт учреждения.
A18: 11 | B18: МУНИЦИПАЛЬНОЕ АВТОНОМНОЕ УЧРЕЖДЕНИЕ КУЛЬТУРЫ "КУЛЬТУРНО-ПРОСВЕТИТЕЛЬНЫЙ ЦЕНТР ДОСУГА И КИНО ИМ.Б.АНДРЕЕВА" АТКАРСКОГО МУНИЦИПАЛЬНОГО РАЙОНА | C18: МАУК ЦДК | D18: автономное | F18: 1 | G18: 1 | H18: 1 | I18: =F18*0.2+G18*0.4+H18*0.4 -> 1
A19: 12 | B19: УПРАВЛЕНИЕ КУЛЬТУРЫ И ТУРИЗМА АДМИНИСТРАЦИИ АТКАРСКОГО МУНИЦИПАЛЬНОГО РАЙОНА САРАТОВСКОЙ ОБЛАСТИ | C19: УПРАВЛЕНИЕ КУЛЬТУРЫ И ТУРИЗМА | D19: казенное | F19: 1 | G19: 0 | H19: 0 | I19: =F19*0.2+G19*0.4+H19*0.4 -> 0.2
A20: 13 | B20: МУНИЦИПАЛЬНОЕ УЧРЕЖДЕНИЕ "ХОЗЯЙСТВЕННО-ЭКСПЛУАТАЦИОННАЯ ГРУППА УЧРЕЖДЕНИЙ КУЛЬТУРЫ И КИНО АТКАРСКОГО МУНИЦИПАЛЬНОГО РАЙОНА" | C20: МУ "ХЭГ УК" | D20: бюджетное | F20: 1 | G20: 1 | H20: 1 | I20: =F20*0.2+G20*0.4+H20*0.4 -> 1
A21: 14 | B21: МУНИЦИПАЛЬНОЕ УЧРЕЖДЕНИЕ КУЛЬТУРЫ "АТКАРСКАЯ МЕЖПОСЕЛЕНЧЕСКАЯ ЦЕНТРАЛЬНАЯ БИБЛИОТЕКА" АТКАРСКОГО МУНИЦИПАЛЬНОГО РАЙОНА | C21: МУК АМЦБ | D21: бюджетное | F21: 1 | G21: 1 | H21: 1 | I21: =F21*0.2+G21*0.4+H21*0.4 -> 1
A22: 15 | B22: МУНИЦИПАЛЬНОЕ УЧРЕЖДЕНИЕ КУЛЬТУРЫ "РАЙОННЫЙ КУЛЬТУРНЫЙ ЦЕНТР" | C22: МУК "РКЦ" | D22: бюджетное | F22: 1 | G22: 1 | H22: 1 | I22: =F22*0.2+G22*0.4+H22*0.4 -> 1 | J22: Не указана должность лица, уполномоченного утверждать муниципальное задание
A23: 16 | B23: МУНИЦИПАЛЬНОЕ УЧРЕЖДЕНИЕ "ЦЕНТРАЛИЗОВАННОЕ АДМИНИСТРАТИВНО-ХОЗЯЙСТВЕННОЕ УПРАВЛЕНИЕ ОРГАНОВ МЕСТНОГО САМОУПРАВЛЕНИЯ АТКАРСКОГО МУНИЦИПАЛЬНОГО РАЙОНА САРАТОВСКОЙ ОБЛАСТИ" | C23: МУ "ЦАХУ" | D23: бюджетное | F23: 1 | G23: 1 | H23: 1 | I23: =F23*0.2+G23*0.4+H23*0.4 -> 1 | J23: В общей информации отсутствует ссылка на официальный сайт учреждения.
A24: 17 | B24: МУНИЦИПАЛЬНОЕ АВТОНОМНОЕ УЧРЕЖДЕНИЕ "СПОРТИВНАЯ ШКОЛА Г.АТКАРСКА САРАТОВСКОЙ ОБЛАСТИ" | C24: МАУ "СПОРТИВНАЯ ШКОЛА Г.АТКАРСКА САРАТОВСКОЙ ОБЛАСТИ" | D24: автономное | F24: 1 | G24: 1 | H24: 1 | I24: =F24*0.2+G24*0.4+H24*0.4 -> 1
A25: 18 | B25: МУНИЦИПАЛЬНОЕ АВТОНОМНОЕ УЧРЕЖДЕНИЕ "АТКАРСКИЙ ФИЗКУЛЬТУРНО - ОЗДОРОВИТЕЛЬНЫЙ КОМПЛЕКС "ДЕЛЬФИН" АТКАРСКОГО МУНИЦИПАЛЬНОГО РАЙОНА | C25: МАУ ФОК "ДЕЛЬФИН" | D25: автономное | F25: 1 | G25: 1 | H25: 1 | I25: =F25*0.2+G25*0.4+H25*0.4 -> 1
A26: ИТОГО (Rмо=(∑mi=1Ri)/m) | I26: =SUM(I8:I25)/COUNT(I8:I25) -> 0.95555556

Sheet Раздел 2. Базарно-Карабулакский
A1: 2.1 Итоговое значение рейтинга открытости и прозрачности муниципальных учреждений муниципального образования, рассчитанного на основе данных раздела «Независимая система оценки качества» официального сайта Российской Федерации для размещения информации о государственных (муниципальных) учреждениях (www.bus.gov.ru)
A2: Наименование муниципального образования | C2: Базарно-Карабулакский муниципальный район
A3: Дата проведения оценки | C3: 45399
A4: Комментарий:
A5: Показатели Roii, Rmzi Rbsi при наличии опубликованной информации на указанном сайте принимают значения 1, в иных случаях – 0. Если муниципальному учреждению муниципальное задание не доводится (муниципальное учреждение является казенным), то показатель Rmzi принимает значение 1, в иных случаях – 0. Для автономных и бюджетных муниципальных учреждений показатель Rbsi принимает значение 1.
A6: № п/п | B6: Полное наименование учреждения | C6: Сокращенное наименование учреждения | D6: Тип учреждения | E6: Отметка об отсутствии муниципального задания | F6: Общая информация (Roii) | G6: на 2024 год | I6: Рейтинг открытости и прозрачности по учреждению (Ri=Roii*0,2+ Rmzi*0,4+ Rbsi*0,4) | J6: Комментарии
G7: Информация о муниципальном задании (Rmzi) | H7: Информация о показателях бюджетной сметы (Rbsi)
A8: 1 | B8: Муниципальное учреждение Базарно-Карабулакского муниципального района «Служба единого балансодержателя» | C8: МУ БКМР «СЕБ» | D8: казенное | F8: 1 | G8: 1 | H8: 1 | I8: =F8*0.2+G8*0.4+H8*0.4 -> 1 | J8: В общей информации отсутствует ссылка на официальный сайт учреждения.
A9: 2 | B9: Муниципальное бюджетное учреждение культуры «Базарно-Карабулакская Межпоселенческая центральная библиотека» | C9: МБУК «Базарно –Карабулакская МЦБ» | D9: бюджетное | F9: 1 | G9: 1 | H9: 1 | I9: =F9*0.2+G9*0.4+H9*0.4 -> 1 | J9: В общей информации отсутствует ссылка на официальный сайт учреждения.
A10: 3 | B10: Муниципальное бюджетное учреждение культуры «Культурно-досуговый методический центр Базарнокарабулакского муниципального образования» | C10: МБУК «КДМЦ Базарнокарабулакского МО» | D10: бюджетное | F10: 1 | G10: 1 | H10: 1 | I10: =F10*0.2+G10*0.4+H10*0.4 -> 1 | J10: В общей информации отсутствует ссылка на официальный сайт учреждения.
A11: 4 | B11: Муниципальное бюджетное учреждение культуры «Культурно-досуговый центр Свободинского муниципального образования» | C11: МБУК «КДЦ Свободинского МО» | D11: бюджетное | F11: 1 | G11: 1 | H11: 1 | I11: =F11*0.2+G11*0.4+H11*0.4 -> 1
A12: 5 | B12: Муниципальное бюджетное учреждение культуры «Культурно-досуговый центр Алексеевского муниципального образования» | C12: МБУК «КДЦ Алексеевскогго МО» | D12: бюджетное | F12: 1 | G12: 1 | H12: 1 | I12: =F12*0.2+G12*0.4+H12*0.4 -> 1
A13: 6 | B13: Муниципальное бюджетное учреждение культуры «Культурно- досуговый центр Старобурасского муниципального образования» | C13: МБУК «КДЦ Старобурасского МО» | D13: бюджетное | F13: 1 | G13: 1 | H13: 1 | I13: =F13*0.2+G13*0.4+H13*0.4 -> 1 | J13: В общей информации отсутствует ссылка на официальный сайт учреждения.
A14: 7 | B14: Муниципальное бюджетное учреждение культуры «Культурно- досуговый центр Максимовского муниципального образования» | C14: МБУК «КДЦ Максимовского МО» | D14: бюджетное | F14: 1 | G14: 1 | H14: 1 | I14: =F14*0.2+G14*0.4+H14*0.4 -> 1 | J14: В общей информации отсутствует ссылка на официальный сайт учреждения.
A15: 8 | B15: Муниципальное бюджетное учреждение культуры «Культурно- досуговый центр Старожуковского муниципального образования» | C15: МБУК «КДЦ Старожуковского МО» | D15: бюджетное | F15: 1 | G15: 1 | H15: 1 | I15: =F15*0.2+G15*0.4+H15*0.4 -> 1
A16: 9 | B16: Муниципальное бюджетное учреждение культуры «Культурно- досуговый центр Липовского муниципального образования» | C16: МБУК «КДЦ Липовского МО» | D16: бюджетное | F16: 1 | G16: 1 | H16: 1 | I16: =F16*0.2+G16*0.4+H16*0.4 -> 1 | J16: В общей информации отсутствует ссылка на официальный сайт учреждения.
A17: 10 | B17: Муниципальное бюджетное учреждение культуры «Культурно- досуговый центр Яковлевского муниципального образования» | C17: МБУК «КДЦ Яковлевского МО» | D17: бюджетное | F17: 1 | G17: 1 | H17: 1 | I17: =F17*0.2+G17*0.4+H17*0.4 -> 1 | J17: В общей информации отсутствует ссылка на официальный сайт учреждения.
A18: 11 | B18: Муниципальное бюджетное учреждение культуры «Культурно- досуговый центр Шняевского муниципального образования» | C18: МБУК «КДЦ Шняевского МО» | D18: бюджетное | F18: 1 | G18: 1 | H18: 1 | I18: =F18*0.2+G18*0.4+H18*0.4 -> 1 | J18: В общей информации отсутствует ссылка на официальный сайт учреждения.
A19: 12 | B19: Муниципальное бюджетное учреждение культуры «Культурно- досуговый центр Большечечуйского муниципального образования» | C19: МБУК «КДЦ Большечечуйского МО» | D19: бюджетное | F19: 1 | G19: 1 | H19: 1 | I19: =F19*0.2+G19*0.4+H19*0.4 -> 1
A20: 13 | B20: Муниципальное казенное учреждение «Учреждение по хозяйственному обслуживанию Базарно-Карабулакского муниципального образования» | C20: МКУ «УХО» | D20: казенное | F20: 1 | G20: 1 | H20: 1 | I20: =F20*0.2+G20*0.4+H20*0.4 -> 1 | J20: В общей информации отсутствует ссылка на официальный сайт учреждения.
A21: 14 | B21: Муниципальное казенное учреждение «Централизованная бухгалтерия по обслуживанию муниципальных образований Базарно-Карабулакского муниципального района Саратовской области» | C21: МКУ «ЦБМО» | D21: казенное | F21: 1 | G21: 1 | H21: 1 | I21: =F21*0.2+G21*0.4+H21*0.4 -> 1 | J21: В общей информации отсутствует ссылка на официальный сайт учреждения.
A22: 15 | B22: Муниципальное автономное учреждение дополнительного образования «Детско-юношеская спортивная школа» р.п. Базарный Карабулак Базарно-Карабулакского муниципального района Саратовской области | C22: МАУДО "ДЮСШ" р.п. Базарный Карабулак | D22: автономное | F22: 1 | G22: 1 | H22: 1 | I22: =F22*0.2+G22*0.4+H22*0.4 -> 1 | J22: В общей информации указан некорректный номер телефона учреждения.
A23: 16 | B23: Муниципальное бюджетное учреждение дополнительного образования «Дом детского творчества» Базарно-Карабулакского муниципального района Саратовской области | C23: МБУДО "ДДТ" | D23: бюджетное | F23: 1 | G23: 1 | H23: 1 | I23: =F23*0.2+G23*0.4+H23*0.4 -> 1 | J23: В общей информации отсутствует ссылка на официальный сайт учреждения.
A24: 17 | B24: Муниципальное бюджетное дошкольное образовательное учреждение «Детский сад № 1 «Теремок» р.п. Базарный Карабулак Саратовской области» | C24: МБДОУ ДС № 1 "Теремок" р.п. Базарный Карабулак | D24: бюджетное | F24: 1 | G24: 1 | H24: 1 | I24: =F24*0.2+G24*0.4+H24*0.4 -> 1 | J24: В общей информации отсутствует ссылка на официальный сайт учреждения.
A25: 18 | B25: Муниципальное бюджетное дошкольное образовательное учреждение «Детский сад № 2 «Светлячок» р.п. Базарный Карабулак Саратовской области» | C25: МБДОУ ДС № 2 "Светлячок" р.п. Базарный Карабулак | D25: бюджетное | F25: 1 | G25: 1 | H25: 1 | I25: =F25*0.2+G25*0.4+H25*0.4 -> 1
A26: 19 | B26: Муниципальное бюджетное дошкольное образовательное учреждение «Детский сад № 5 «Радость» р.п. Базарный Карабулак Саратовской области» | C26: МБДОУ ДС № 5 "Радость" р.п. Базарный Карабулак | D26: бюджетное | F26: 1 | G26: 1 | H26: 1 | I26: =F26*0.2+G26*0.4+H26*0.4 -> 1 | J26: В общей информации отсутствует ссылка на официальный сайт учреждения.
A27: 20 | B27: Муниципальное автономное дошкольное образовательное учреждение «Детский сад «Радуга» р.п. Базарный Карабулак Саратовской области» | C27: МАДОУ ДС "Радуга" р.п. Базарный Карабулак | D27: автономное | F27: 1 | G27: 1 | H27: 1 | I27: =F27*0.2+G27*0.4+H27*0.4 -> 1
A28: 21 | B28: Муниципальное бюджетное дошкольное образовательное учреждение «Детский сад с. Алексеевка Базарно-Карабулакского муниципального района Саратовской области» | C28: МБДОУ ДС с. Алексеевка | D28: бюджетное | F28: 1 | G28: 1 | H28: 1 | I28: =F28*0.2+G28*0.4+H28*0.4 -> 1
A29: 22 | B29: Муниципальное бюджетное дошкольное образовательное учреждение «Детский сад с. Ивановка Базарно-Карабулакского муниципального района Саратовской области» | C29: МБДОУ ДС с. Ивановка | D29: бюджетное | F29: 1 | G29: 1 | H29: 1 | I29: =F29*0.2+G29*0.4+H29*0.4 -> 1 | J29: В общей информации указан некорректный номер телефона учреждения.
A30: 23 | B30: Муниципальное бюджетное дошкольное образовательное учреждение «Детский сад с. Вязовка Базарно-Карабулакского муниципального района Саратовской области» | C30: МБДОУ ДС с. Вязовка | D30: бюджетное | F30: 1 | G30: 1 | H30: 1 | I30: =F30*0.2+G30*0.4+H30*0.4 -> 1 | J30: В общей информации указан некорректный номер телефона учреждения.
A31: 24 | B31: Муниципальное бюджетное дошкольное образовательное учреждение «Детский сад с. Казанла Базарно-Карабулакского муниципального района Саратовской области» | C31: МБДОУ ДС с. Казанла | D31: бюджетное | F31: 1 | G31: 1 | H31: 1 | I31: =F31*0.2+G31*0.4+H31*0.4 -> 1 | J31: В общей информации указан некорректный номер телефона учреждения.
A32: 25 | B32: Муниципальное бюджетное дошкольное образовательное учреждение «Детский сад с. Березовка Базарно-Карабулакского муниципального района Саратовской области» | C32: МБДОУ ДС с. Березовка | D32: бюджетное | F32: 1 | G32: 1 | H32: 1 | I32: =F32*0.2+G32*0.4+H32*0.4 -> 1 | J32: В общей информации указан некорректный номер телефона учреждения.
A33: 26 | B33: Муниципальное бюджетное дошкольное образовательное учреждение «Детский сад р.п. Свободный Базарно-Карабулакского муниципального района Саратовской области» | C33: МБДОУ ДС р.п. Свободный | D33: бюджетное | F33: 1 | G33: 1 | H33: 1 | I33: =F33*0.2+G33*0.4+H33*0.4 -> 1
A34: 27 | B34: Муниципальное бюджетное дошкольное образовательное учреждение «Детский сад с. Сухой Карабулак Базарно-Карабулакского муниципального района Саратовской области» | C34: МБДОУ ДС с. Сухой Карабулак | D34: бюджетное | F34: 1 | G34: 1 | H34: 1 | I34: =F34*0.2+G34*0.4+H34*0.4 -> 1 | J34: В общей информации указан некорректный номер телефона учреждения.
A35: 28 | B35: Муниципальное бюджетное дошкольное образовательное учреждение «Детский сад с. Ключи Базарно-Карабулакского муниципального района Саратовской области» | C35: МБДОУ ДС с. Ключи | D35: бюджетное | F35: 1 | G35: 1 | H35: 1 | I35: =F35*0.2+G35*0.4+H35*0.4 -> 1 | J35: В общей информации указан некорректный номер телефона учреждения.
A36: 29 | B36: Муниципальное бюджетное дошкольное образовательное учреждение «Детский сад с. Тепляковка Базарно-Карабулакского муниципального района Саратовской области» | C36: МБДОУ ДС с. Тепляковка | D36: бюджетное | F36: 1 | G36: 1 | H36: 1 | I36: =F36*0.2+G36*0.4+H36*0.4 -> 1 | J36: В общей информации указан некорректный номер телефона учреждения.
A37: 30 | B37: Муниципальное бюджетное дошкольное образовательное учреждение «Детский сад с. Большая Гусиха Базарно-Карабулакского муниципального района Саратовской области» | C37: МБДОУ ДС с. Большая Гусиха | D37: бюджетное | F37: 1 | G37: 1 | H37: 1 | I37: =F37*0.2+G37*0.4+H37*0.4 -> 1 | J37: В общей информации указан некорректный номер телефона учреждения.
A38: 31 | B38: Муниципальное бюджетное дошкольное образовательное учреждение «Детский сад с. Шняево Базарно-Карабулакского муниципального района Саратовской области» | C38: МБДОУ ДС с. Шняево | D38: бюджетное | F38: 1 | G38: 1 | H38: 1 | I38: =F38*0.2+G38*0.4+H38*0.4 -> 1 | J38: В общей информации указан некорректный номер телефона учреждения.
A39: 32 | B39: Муниципальное бюджетное дошкольное образовательное учреждение «Детский сад с. Первая Ханенёвка Базарно-Карабулакского муниципального района Саратовской области» | C39: МБДОУ ДС с. Первая Ханеневка | D39: бюджетное | F39: 1 | G39: 1 | H39: 1 | I39: =F39*0.2+G39*0.4+H39*0.4 -> 1 | J39: В общей информации отсутствует ссылка на официальный сайт учреждения.
A40: 33 | B40: Муниципальное бюджетное дошкольное образовательное учреждение «Детский сад с. Старая Жуковка Базарно-Карабулакского муниципального района Саратовской области» | C40: МБДОУ ДС с. Старая Жуковка | D40: бюджетное | F40: 1 | G40: 1 | H40: 1 | I40: =F40*0.2+G40*0.4+H40*0.4 -> 1 | J40: В общей информации указан некорректный номер телефона учреждения.
A41: 34 | B41: Муниципальное бюджетное дошкольное образовательное учреждение «Детский сад с. Яковлевка Базарно-Карабулакского муниципального района Саратовской области» | C41: МБДОУ ДС с. Яковлевка | D41: бюджетное | F41: 1 | G41: 1 | H41: 1 | I41: =F41*0.2+G41*0.4+H41*0.4 -> 1
A42: 35 | B42: Муниципальное бюджетное дошкольное образовательное учреждение «Детский сад с. Стригай Базарно-Карабулакского муниципального района Саратовской области» | C42: МБДОУ ДС с. Стригай | D42: бюджетное | F42: 1 | G42: 1 | H42: 1 | I42: =F42*0.2+G42*0.4+H42*0.4 -> 1 | J42: В общей информации отсутствует ссылка на официальный сайт учреждения.
A43: 36 | B43: Муниципальное бюджетное дошкольное образовательное учреждение «Детский сад с. Максимовка Базарно-Карабулакского муниципального района Саратовской области» | C43: МБДОУ ДС с. Максимовка | D43: бюджетное | F43: 1 | G43: 1 | H43: 1 | I43: =F43*0.2+G43*0.4+H43*0.4 -> 1
A44: 37 | B44: Муниципальное бюджетное дошкольное образовательное учреждение «Детский сад с. Лесная Нееловка Базарно-Карабулакского муниципального района Саратовской области» | C44: МБДОУ ДС с. Лесная Нееловка | D44: бюджетное | F44: 1 | G44: 1 | H44: 1 | I44: =F44*0.2+G44*0.4+H44*0.4 -> 1
A45: 38 | B45: Муниципальное бюджетное дошкольное образовательное учреждение «Детский сад «Родничок» с. Большая Чечуйка Базарно-Карабулакского муниципального района Саратовской области» | C45: МБДОУ ДС с. Большая Чечуйка | D45: бюджетное | F45: 1 | G45: 1 | H45: 1 | I45: =F45*0.2+G45*0.4+H45*0.4 -> 1 | J45: В общей информации указан некорректный номер телефона учреждения.
A46: 39 | B46: Муниципальное бюджетное дошкольное образовательное учреждение «Детский сад «Колосок» с. Хватовка Базарно-Карабулакского муниципального района Саратовской области» | C46: МБДОУ ДС с. Хватовка | D46: бюджетное | F46: 1 | G46: 1 | H46: 1 | I46: =F46*0.2+G46*0.4+H46*0.4 -> 1 | J46: В общей информации отсутствует ссылка на официальный сайт учреждения.
A47: 40 | B47: Муниципальное бюджетное дошкольное образовательное учреждение «Центр развития ребенка – детский сад с. Старые Бурасы Базарно-Карабулакского муниципального района Саратовской области» | C47: МБДОУ ДС с. Старые Бурасы | D47: бюджетное | F47: 1 | G47: 1 | H47: 1 | I47: =F47*0.2+G47*0.4+H47*0.4 -> 1
A48: 41 | B48: Муниципальное бюджетное общеобразовательное учреждение «Средняя общеобразовательная школа № 1 р.п. Базарный Карабулак Саратовской области» | C48: МБОУ СОШ № 1 р.п. Базарный Карабулак | D48: бюджетное | F48: 1 | G48: 1 | H48: 1 | I48: =F48*0.2+G48*0.4+H48*0.4 -> 1 | J48: В общей информации отсутствует ссылка на официальный сайт учреждения.
A49: 42 | B49: Муниципальное бюджетное общеобразовательное учреждение «Средняя общеобразовательная школа № 2 р.п. Базарный Карабулак Саратовской области» | C49: МБОУ СОШ № 2 р.п. Базарный Карабулак | D49: бюджетное | F49: 1 | G49: 1 | H49: 1 | I49: =F49*0.2+G49*0.4+H49*0.4 -> 1 | J49: В общей информации отсутствует ссылка на официальный сайт учреждения.
A50: 43 | B50: Муниципальное автономное общеобразовательное учреждение «Средняя общеобразовательная школа р. п. Свободный Базарно-Карабулакского муниципального района Саратовской области» | C50: МАОУ СОШ р.п. Свободный | D50: автономное | F50: 1 | G50: 1 | H50: 1 | I50: =F50*0.2+G50*0.4+H50*0.4 -> 1 | J50: В общей информации указан некорректный номер телефона учреждения.
A51: 44 | B51: Муниципальное бюджетное общеобразовательное учреждение «Средняя общеобразовательная школа с. Яковлевка Базарно-Карабулакского муниципального района Саратовской области» | C51: МБОУ СОШ с. Яковлевка | D51: бюджетное | F51: 1 | G51: 1 | H51: 1 | I51: =F51*0.2+G51*0.4+H51*0.4 -> 1 | J51: В общей информации отсутствует ссылка на официальный сайт учреждения.
A52: 45 | B52: Муниципальное бюджетное учреждение "Информационно-методический центр Базарно-Карабулакского муниципального района Саратовской области" | C52: МБУ "ИМЦ" | D52: бюджетное | F52: 1 | G52: 1 | H52: 1 | I52: =F52*0.2+G52*0.4+H52*0.4 -> 1
A53: 46 | B53: Муниципальное бюджетное учреждение «Базарно-Карабулакский оздоровительный комплекс «Ласточка» | C53: МБУ "ОК «Ласточка" | D53: бюджетное | F53: 1 | G53: 1 | H53: 1 | I53: =F53*0.2+G53*0.4+H53*0.4 -> 1 | J53: В общей информации отсутствует ссылка на официальный сайт учреждения.
A54: 47 | B54: Муниципальное казенное учреждение «Центр по обслуживанию учреждений образования Базарно-Карабулакского муниципального района» | C54: МКУ "ЦОУО" | D54: казенное | F54: 1 | G54: 1 | H54: 1 | I54: =F54*0.2+G54*0.4+H54*0.4 -> 1
A55: 48 | B55: Муниципальное бюджетное учреждение "Спортивный комплекс "Колос" Базарно-Карабулакского муниципального образования" | C55: МБУ «СК «Колос» | D55: бюджетное | E55: Находится в стадии ликвидации, муниципальное задание не утверждено
A56: ИТОГО (Rмо=(∑mi=1Ri)/m) | I56: =SUM(I8:I54)/COUNT(I8:I54) -> 1

Sheet Раздел 2. Балаковский
A1: 2.1 Итоговое значение рейтинга открытости и прозрачности муниципальных учреждений муниципального образования, рассчитанного на основе данных раздела «Независимая система оценки качества» официального сайта Российской Федерации для размещения информации о государственных (муниципальных) учреждениях (www.bus.gov.ru)
A2: Наименование муниципального образования | C2: Балаковский муниципальный район
A3: Дата проведения оценки | C3: 45400
A4: Комментарий:
A5: Показатели Roii, Rmzi Rbsi при наличии опубликованной информации на указанном сайте принимают значения 1, в иных случаях – 0. Если муниципальному учреждению муниципальное задание не доводится (муниципальное учреждение является казенным), то показатель Rmzi принимает значение 1, в иных случаях – 0. Для автономных и бюджетных муниципальных учреждений показатель Rbsi принимает значение 1.
A6: № п/п | B6: Полное наименование учреждения | C6: Сокращенное наименование учреждения | D6: Тип учреждения | E6: Отметка об отсутствии муниципального задания | F6: Общая информация (Roii) | G6: на 2024 год | I6: Рейтинг открытости и прозрачности по учреждению (Ri=Roii*0,2+ Rmzi*0,4+ Rbsi*0,4) | J6: Комментарии
G7: Информация о муниципальном задании (Rmzi) | H7: Информация о показателях бюджетной сметы (Rbsi)
A8: 1 | B8: Муниципальное казенное учреждение Балаковского муниципального района "Управление жилищно-коммунального хозяйства" | C8: МКУ «УЖКХ» | D8: Казенное | F8: 1 | G8: 1 | H8: 1 | I8: =F8*0.2+G8*0.4+H8*0.4 -> 1 | J8: В общей информации отсутствует ссылка на официальный сайт учреждения.
A9: 2 | B9: Муниципальное казённое учреждение муниципального образования город Балаково "Управление дорожного хозяйства и благоустройства" | C9: МКУ «УДХБ» | D9: Казенное | F9: 1 | G9: 1 | H9: 1 | I9: =F9*0.2+G9*0.4+H9*0.4 -> 1 | J9: В общей информации отсутствует ссылка на официальный сайт учреждения.
A10: 3 | B10: Муниципальное казенное учреждение "Централизованная бухгалтерия учреждений образования Балаковского муниципального района Саратовской области" | C10: МКУ «ЦБУО БМР» | D10: Казенное | F10: 1 | G10: 1 | H10: 1 | I10: =F10*0.2+G10*0.4+H10*0.4 -> 1 | J10: В общей информации отсутствует ссылка на официальный сайт учреждения.
A11: 4 | B11: Муниципальное казённое учреждение "Управление по делам гражданской обороны, предупреждения и ликвидации последствий чрезвычайных ситуаций администрации Балаковского муниципального района" | C11: МКУ «УПРАВЛЕНИЕ ПО ДЕЛАМ ГО и ЧС БМР» | D11: Казенное | F11: 1 | G11: 1 | H11: 1 | I11: =F11*0.2+G11*0.4+H11*0.4 -> 1
A12: 5 | B12: Муниципальное казенное учреждение "Управление по транспортно-хозяйственному обеспечению, работе с населением, делопроизводству и архивному делу" Балаковского муниципального района | C12: МКУ «УТХО РНД И АД» БМР | D12: Казенное | F12: 1 | G12: 1 | H12: 1 | I12: =F12*0.2+G12*0.4+H12*0.4 -> 1 | J12: В общей информации отсутствует ссылка на официальный сайт учреждения.
A13: 6 | B13: Муниципальное казенное учреждение Балаковского муниципального района "Служба субсидий" | C13: МКУ БМР «Служба субсидий» | D13: Казенное | F13: 1 | G13: 1 | H13: 1 | I13: =F13*0.2+G13*0.4+H13*0.4 -> 1 | J13: В общей информации отсутствует ссылка на официальный сайт учреждения.
A14: 7 | B14: Муниципальное казенное учреждение "Организационно-методический центр Балаковского муниципального района Саратовской области" | C14: МКУ «ОМЦ» | D14: Казенное | F14: 1 | G14: 1 | H14: 1 | I14: =F14*0.2+G14*0.4+H14*0.4 -> 1 | J14: В общей информации отсутствует ссылка на официальный сайт учреждения.
A15: 8 | B15: Муниципальное казённое учреждение "Центр бухгалтерского обслуживания Балаковского муниципального района" | C15: МКУ «ЦБО БМР» | D15: Казенное | F15: 1 | G15: 1 | H15: 1 | I15: =F15*0.2+G15*0.4+H15*0.4 -> 1 | J15: В общей информации отсутствует ссылка на официальный сайт учреждения.
A16: 9 | B16: Муниципальное бюджетное специализированное похоронное учреждение муниципального образования город Балаково "Комбинат благоустройства" | C16: МБСПУ «КОМБИНАТ БЛАГОУСТРОЙСТВА» | D16: Бюджетное | F16: 1 | G16: 1 | H16: 1 | I16: =F16*0.2+G16*0.4+H16*0.4 -> 1 | J16: В общей информации отсутствует ссылка на официальный сайт учреждения.
A17: 10 | B17: Муниципальное бюджетное учреждение "Центр военно-патриотического воспитания молодежи и подростков "Набат" муниципального образования город Балаково | C17: МБУ «ЦЕНТР «НАБАТ» | D17: Бюджетное | F17: 1 | G17: 1 | H17: 1 | I17: =F17*0.2+G17*0.4+H17*0.4 -> 1 | J17: В общей информации отсутствует ссылка на официальный сайт учреждения.
A18: 11 | B18: Муниципальное автономное учреждение культуры Натальинского муниципального образования Балаковского муниципального района Саратовской области "Натальинский центр культуры" | C18: МАУК «НАТАЛЬИНСКИЙ ЦК» | D18: Автономное | F18: 1 | G18: 1 | H18: 1 | I18: =F18*0.2+G18*0.4+H18*0.4 -> 1
A19: 12 | B19: Муниципальное бюджетное учреждение Натальинского муниципального образования Балаковского муниципального района Саратовской области "Натальинская служба благоустройства и водоснабжения" | C19: МБУ НМО «НСБиВ» | D19: Бюджетное | F19: 1 | G19: 1 | H19: 1 | I19: =F19*0.2+G19*0.4+H19*0.4 -> 1 | J19: В общей информации отсутствует ссылка на официальный сайт учреждения.
A20: 13 | B20: Муниципальное автономное учреждение "Бизнес-инкубатор Балаковского муниципального района Саратовской области" | C20: МАУ «БИЗНЕС-ИНКУБАТОР БМР» | D20: Автономное | F20: 1 | G20: 1 | H20: 1 | I20: =F20*0.2+G20*0.4+H20*0.4 -> 1 | J20: В общей информации отсутствует ссылка на официальный сайт учреждения.
A21: 14 | B21: Муниципальное автономное дошкольное образовательное учреждение "Детский сад компенсирующего вида № 1" г. Балаково Саратовской области | C21: МАДОУ ДЕТСКИЙ САД № 1 | D21: Автономное | F21: 1 | G21: 1 | H21: 1 | I21: =F21*0.2+G21*0.4+H21*0.4 -> 1
A22: 15 | B22: Муниципальное автономное дошкольное образовательное учреждение "Детский сад № 2 "Ласточка" г. Балаково Саратовской области | C22: МАДОУ ДЕТСКИЙ САД № 2 | D22: Автономное | F22: 1 | G22: 1 | H22: 1 | I22: =F22*0.2+G22*0.4+H22*0.4 -> 1
A23: 16 | B23: Муниципальное автономное дошкольное образовательное учреждение - детский сад компенсирующего вида №3 "Радуга" г. Балаково Саратовской области | C23: МАДОУ ДЕТСКИЙ САД № 3 | D23: Автономное | F23: 1 | G23: 1 | H23: 1 | I23: =F23*0.2+G23*0.4+H23*0.4 -> 1
A24: 17 | B24: Муниципальное автономное дошкольное образовательное учреждение "Детский сад № 4" г. Балаково Саратовской области | C24: МАДОУ ДЕТСКИЙ САД № 4 | D24: Автономное | F24: 1 | G24: 1 | H24: 1 | I24: =F24*0.2+G24*0.4+H24*0.4 -> 1
A25: 18 | B25: Муниципальное автономное дошкольное образовательное учреждение "Детский сад комбинированного вида №5 "Умка" г.Балаково Саратовской области | C25: МАДОУ ДЕТСКИЙ САД № 5 | D25: Автономное | F25: 1 | G25: 1 | H25: 1 | I25: =F25*0.2+G25*0.4+H25*0.4 -> 1
A26: 19 | B26: Муниципальное автономное дошкольное образовательное учреждение "Детский сад № 6 "Тополёк" г. Балаково Саратовской области | C26: МАДОУ ДЕТСКИЙ САД № 6 | D26: Автономное | F26: 1 | G26: 1 | H26: 1 | I26: =F26*0.2+G26*0.4+H26*0.4 -> 1 | J26: В общей информации указан некорректный номер телефона учреждения.
A27: 20 | B27: Муниципальное автономное дошкольное образовательное учреждение "Детский сад № 7 "Улыбка" г.Балаково Саратовской области | C27: МАДОУ ДЕТСКИЙ САД № 7 | D27: Автономное | F27: 1 | G27: 1 | H27: 1 | I27: =F27*0.2+G27*0.4+H27*0.4 -> 1
A28: 21 | B28: Муниципальное автономное дошкольное образовательное учреждение "Детский сад № 8" г. Балаково Саратовской области | C28: МАДОУ ДЕТСКИЙ САД № 8 | D28: Автономное | F28: 1 | G28: 1 | H28: 1 | I28: =F28*0.2+G28*0.4+H28*0.4 -> 1 | J28: Не указаны ФИО и должность лица, уполномоченного утверждать муниципальное задание
A29: 22 | B29: Муниципальное автономное дошкольное образовательное учреждение "Детский сад № 9" г. Балаково Саратовской области | C29: МАДОУ ДЕТСКИЙ САД № 9 | D29: Автономное | F29: 1 | G29: 1 | H29: 1 | I29: =F29*0.2+G29*0.4+H29*0.4 -> 1 | J29: В общей информации указан некорректный номер телефона учреждения.
A30: 23 | B30: Муниципальное автономное дошкольное образовательное учреждение "Детский сад № 11 "Сказка" г.Балаково Саратовской области | C30: МАДОУ ДЕТСКИЙ САД № 11 | D30: Автономное | F30: 1 | G30: 1 | H30: 1 | I30: =F30*0.2+G30*0.4+H30*0.4 -> 1
A31: 24 | B31: Муниципальное автономное дошкольное образовательное учреждение "Детский сад комбинированного вида № 12 "Журавушка" г. Балаково Саратовской области | C31: МАДОУ ДЕТСКИЙ САД № 12 | D31: Автономное | F31: 1 | G31: 1 | H31: 1 | I31: =F31*0.2+G31*0.4+H31*0.4 -> 1
A32: 25 | B32: Муниципальное автономное дошкольное образовательное учреждение "Детский сад № 13 "Жемчужинка" г. Балаково Саратовской области | C32: МАДОУ ДЕТСКИЙ САД № 13 | D32: Автономное | F32: 1 | G32: 1 | H32: 1 | I32: =F32*0.2+G32*0.4+H32*0.4 -> 1 | J32: В общей информации указан некорректный номер телефона учреждения.
A33: 26 | B33: Муниципальное автономное дошкольное образовательное учреждение «Детский сад №14» г.Балаково саратовской области | C33: МАДОУ ДЕТСКИЙ САД № 14 | D33: Автономное | F33: 1 | G33: 1 | H33: 1 | I33: =F33*0.2+G33*0.4+H33*0.4 -> 1
A34: 27 | B34: Муниципальное автономное дошкольное образовательное учреждение "Детский сад №16 "Ромашка" г. Балаково Саратовской области | C34: МАДОУ ДЕТСКИЙ САД № 16 | D34: Автономное | F34: 1 | G34: 1 | H34: 1 | I34: =F34*0.2+G34*0.4+H34*0.4 -> 1 | J34: В общей информации указан некорректный номер телефона учреждения.
A35: 28 | B35: Муниципальное автономное дошкольное образовательное учреждение "Детский сад №17 "Затейники" г.Балаково Саратовской области | C35: МАДОУ ДЕТСКИЙ САД № 17 | D35: Автономное | F35: 1 | G35: 1 | H35: 1 | I35: =F35*0.2+G35*0.4+H35*0.4 -> 1
A36: 29 | B36: Муниципальное автономное дошкольное образовательное учреждение "Детский сад № 18 "Малыш" г.Балаково Саратовской области | C36: МАДОУ ДЕТСКИЙ САД № 18 | D36: Автономное | F36: 1 | G36: 1 | H36: 1 | I36: =F36*0.2+G36*0.4+H36*0.4 -> 1
A37: 30 | B37: Муниципальное автономное дошкольное образовательное учреждение «Детский сад №19 «Светлячок» г. Балаково Саратовской области | C37: МАДОУ ДЕТСКИЙ САД № 19 «СВЕТЛЯЧОК» | D37: Автономное | F37: 1 | G37: 1 | H37: 1 | I37: =F37*0.2+G37*0.4+H37*0.4 -> 1 | J37: В общей информации указан некорректный номер телефона учреждения.
A38: 31 | B38: Муниципальное автономное дошкольное образовательное учреждение "Детский сад №20 "Олимпийская сказка" г.Балаково Саратовской области | C38: МАДОУ ДЕТСКИЙ САД № 20 | D38: Автономное | F38: 1 | G38: 1 | H38: 1 | I38: =F38*0.2+G38*0.4+H38*0.4 -> 1
A39: 32 | B39: Муниципальное автономное дошкольное образовательное учреждение "Детский сад комбинированного вида № 22 "Ладушки" г. Балаково Саратовской области | C39: МАДОУ ДЕТСКИЙ САД № 22 | D39: Автономное | F39: 1 | G39: 1 | H39: 1 | I39: =F39*0.2+G39*0.4+H39*0.4 -> 1
A40: 33 | B40: Муниципальное автономное дошкольное образовательное учреждение « Детский сад №23» г.Балаково Саратовской области | C40: МАДОУ ДЕТСКИЙ САД № 23 | D40: Автономное | F40: 1 | G40: 1 | H40: 1 | I40: =F40*0.2+G40*0.4+H40*0.4 -> 1
A41: 34 | B41: Муниципальное автономное дошкольное образовательное учреждение "Детский сад комбинированного вида № 24 "Непоседы" г. Балаково Саратовской области | C41: МАДОУ ДЕТСКИЙ САД № 24 | D41: Автономное | F41: 1 | G41: 1 | H41: 1 | I41: =F41*0.2+G41*0.4+H41*0.4 -> 1
A42: 35 | B42: Муниципальное автономное дошкольное образовательное учреждение "Детский сад комбинированного вида № 33" г. Балаково Саратовской области | C42: МАДОУ ДЕТСКИЙ САД № 33 | D42: Автономное | F42: 1 | G42: 1 | H42: 1 | I42: =F42*0.2+G42*0.4+H42*0.4 -> 1
A43: 36 | B43: Муниципальное автономное дошкольное образовательное учреждение «Детский сад № 34 «Теремок» г. Балаково Саратовской области | C43: МАДОУ ДЕТСКИЙ САД № 34 | D43: Автономное | F43: 1 | G43: 1 | H43: 1 | I43: =F43*0.2+G43*0.4+H43*0.4 -> 1
A44: 37 | B44: Муниципальное автономное дошкольное образовательное учреждение «Детский сад №35» г.Балаково Саратовской области | C44: МАДОУ ДЕТСКИЙ САД № 35 | D44: Автономное | F44: 1 | G44: 1 | H44: 1 | I44: =F44*0.2+G44*0.4+H44*0.4 -> 1
A45: 38 | B45: Муниципальное автономное дошкольное образовательное учреждение "Детский сад комбинированного вида № 38 "Совёнок" г. Балаково Саратовской области | C45: МАДОУ ДЕТСКИЙ САД № 38 | D45: Автономное | F45: 1 | G45: 1 | H45: 1 | I45: =F45*0.2+G45*0.4+H45*0.4 -> 1
A46: 39 | B46: Муниципальное автономное дошкольное образовательное учреждение "Детский сад № 39 "Солнышко" г.Балаково Саратовской области | C46: МАДОУ ДЕТСКИЙ САД № 39 | D46: Автономное | F46: 1 | G46: 1 | H46: 1 | I46: =F46*0.2+G46*0.4+H46*0.4 -> 1
A47: 40 | B47: Муниципальное автономное дошкольное образовательное учреждение "Детский сад комбинированного вида № 41 "Березка" г. Балаково Саратовской области | C47: МАДОУ ДЕТСКИЙ САД № 41 | D47: Автономное | F47: 1 | G47: 1 | H47: 1 | I47: =F47*0.2+G47*0.4+H47*0.4 -> 1
A48: 41 | B48: Муниципальное автономное дошкольное образовательное учреждение "Детский сад комбинированного вида №50 "Тополек" г.Балаково Саратовской области | C48: МАДОУ ДЕТСКИЙ САД № 50 | D48: Автономное | F48: 1 | G48: 1 | H48: 1 | I48: =F48*0.2+G48*0.4+H48*0.4 -> 1
A49: 42 | B49: Муниципальное автономное дошкольное образовательное учреждение "Детский сад № 56" г. Балаково Саратовской области | C49: МАДОУ ДЕТСКИЙ САД № 56 | D49: Автономное | F49: 1 | G49: 1 | H49: 1 | I49: =F49*0.2+G49*0.4+H49*0.4 -> 1
... A77: 70 | B77: Муниципальное автономное общеобразовательное учреждение "Средняя общеобразовательная школа № 21" г. Балаково Саратовской области | C77: МАОУ СОШ № 21 | D77: Автономное | F77: 1 | G77: 1 | H77: 1 | I77: =F77*0.2+G77*0.4+H77*0.4 -> 1
A78: 71 | B78: Муниципальное автономное общеобразовательное учреждение "Средняя общеобразовательная школа №22" г. Балаково Саратовской области | C78: МАОУ СОШ № 22 | D78: Автономное | F78: 1 | G78: 1 | H78: 1 | I78: =F78*0.2+G78*0.4+H78*0.4 -> 1 | J78: Не указано отчество лица, уполномоченного утверждать муниципальное задание
A79: 72 | B79: Муниципальное автономное общеобразовательное учреждение "Средняя общеобразовательная школа № 25" г. Балаково Саратовской области | C79: МАОУ СОШ № 25 | D79: Автономное | F79: 1 | G79: 1 | H79: 1 | I79: =F79*0.2+G79*0.4+H79*0.4 -> 1
A80: 73 | B80: Муниципальное автономное общеобразовательное учреждение "Средняя общеобразовательная школа № 26" г. Балаково Саратовской области | C80: МАОУ СОШ № 26 | D80: Автономное | F80: 1 | G80: 1 | H80: 1 | I80: =F80*0.2+G80*0.4+H80*0.4 -> 1
A81: 74 | B81: Муниципальное автономное общеобразовательное учреждение "Средняя общеобразовательная школа № 27 с углубленным изучением отдельных предметов" г. Балаково Саратовской области | C81: МАОУ СОШ № 27 | D81: Автономное | F81: 1 | G81: 1 | H81: 1 | I81: =F81*0.2+G81*0.4+H81*0.4 -> 1
A82: 75 | B82: Муниципальное автономное общеобразовательное учреждение "Средняя общеобразовательная школа № 28" г. Балаково Саратовской области | C82: МАОУ СОШ № 28 | D82: Автономное | F82: 1 | G82: 1 | H82: 1 | I82: =F82*0.2+G82*0.4+H82*0.4 -> 1
A83: 76 | B83: Муниципальное автономное общеобразовательное учреждение "Основная общеобразовательная школа с. Быков Отрог" Балаковского района Саратовской области | C83: МАОУ ООШ С. БЫКОВ ОТРОГ | D83: Автономное | F83: 1 | G83: 1 | H83: 1 | I83: =F83*0.2+G83*0.4+H83*0.4 -> 1
A84: 77 | B84: Муниципальное автономное общеобразовательное учреждение "Основная общеобразовательная школа с. Еланка" Балаковского района Саратовской области | C84: МАОУ ООШ С. ЕЛАНКА | D84: Автономное | F84: 1 | G84: 1 | H84: 1 | I84: =F84*0.2+G84*0.4+H84*0.4 -> 1
A85: 78 | B85: Муниципальное автономное общеобразовательное учреждение "Основная общеобразовательная школа с. Комсомольское" Балаковского района Саратовской области | C85: МАОУ ООШ С. КОМСОМОЛЬСКОЕ | D85: Автономное | F85: 1 | G85: 1 | H85: 1 | I85: =F85*0.2+G85*0.4+H85*0.4 -> 1
A86: 79 | B86: Муниципальное автономное общеобразовательное учреждение "Средняя общеобразовательная школа с. Кормежка имени Ф.П.Полынина" Балаковского района Саратовской области | C86: МАОУ СОШ С. КОРМЕЖКА ИМ. Ф.П. ПОЛЫНИНА | D86: Автономное | F86: 1 | G86: 1 | H86: 1 | I86: =F86*0.2+G86*0.4+H86*0.4 -> 1
A87: 80 | B87: Муниципальное автономное общеобразовательное учреждение "Основная общеобразовательная школа с. Малая быковка" Балаковского района Саратовской области | C87: МАОУ ООШ С. МАЛАЯ БЫКОВКА | D87: Автономное | F87: 1 | G87: 1 | H87: 1 | I87: =F87*0.2+G87*0.4+H87*0.4 -> 1
A88: 81 | B88: Муниципальное автономное общеобразовательное учреждение "Основная общеобразовательная школа с. Малое Перекопное" Балаковского района Саратовской области | C88: МАОУ ООШ С. МАЛОЕ ПЕРЕКОПНОЕ | D88: Автономное | F88: 1 | G88: 1 | H88: 1 | I88: =F88*0.2+G88*0.4+H88*0.4 -> 1
A89: 82 | B89: Муниципальное автономное общеобразовательное учреждение "Средняя общеобразовательная школа с. Маянга" Балаковского района Саратовской области | C89: МАОУ СОШ С. МАЯНГА | D89: Автономное | F89: 1 | G89: 1 | H89: 1 | I89: =F89*0.2+G89*0.4+H89*0.4 -> 1
A90: 83 | B90: Муниципальное автономное общеобразовательное учреждение "Средняя общеобразовательная школа с. Новая Елюзань" Балаковского района Саратовской области | C90: МАОУ СОШ С.НОВАЯ ЕЛЮЗАНЬ | D90: Автономное | F90: 1 | G90: 1 | H90: 1 | I90: =F90*0.2+G90*0.4+H90*0.4 -> 1
... A96: 89 | B96: Муниципальное автономное учреждение дополнительного образования "Центр дополнительного образования" г. Балаково Саратовской области | C96: МАУДО ЦДО | D96: Автономное | F96: 1 | G96: 1 | H96: 1 | I96: =F96*0.2+G96*0.4+H96*0.4 -> 1
A97: 90 | B97: Муниципальное автономное учреждение "Детский оздоровительный (профильный) центр "Салют" Балаковского района Саратовской области | C97: МАУ ДОЦ «САЛЮТ» | D97: Автономное | F97: 1 | G97: 1 | H97: 1 | I97: =F97*0.2+G97*0.4+H97*0.4 -> 1 | J97: В общей информации отсутствует ссылка на официальный сайт учреждения.
A98: 91 | B98: Муниципальное автономное учреждение "Детский оздоровительный (профильный) центр "Ласточка" Балаковского района Саратовской области | C98: МАУ ДОЦ «ЛАСТОЧКА» | D98: Автономное | F98: 1 | G98: 1 | H98: 1 | I98: =F98*0.2+G98*0.4+H98*0.4 -> 1
A99: 92 | B99: Муниципальное автономное учреждение дополнительного образования "Детская школа искусств №1" | C99: МАУДО «ДШИ №1» | D99: Автономное | F99: 1 | G99: 1 | H99: 1 | I99: =F99*0.2+G99*0.4+H99*0.4 -> 1
A100: 93 | B100: Муниципальное автономное учреждение дополнительного образования "Детская школа искусств №2 им. И.Я.Паницкого" | C100: МАУДО «ДШИ №2 ИМ. И.Я. ПАНИЦКОГО | D100: Автономное | F100: 1 | G100: 1 | H100: 1 | I100: =F100*0.2+G100*0.4+H100*0.4 -> 1
A101: 94 | B101: Муниципальное автономное учреждение дополнительного образования "Детская школа искусств №4" | C101: МАУДО «ДШИ №4» | D101: Автономное | F101: 1 | G101: 1 | H101: 1 | I101: =F101*0.2+G101*0.4+H101*0.4 -> 1
A102: 95 | B102: Муниципальное автономное учреждение дополнительного образования "Детская музыкальная школа № 1" | C102: МАУДО «ДМШ №1» | D102: Автономное | F102: 1 | G102: 1 | H102: 1 | I102: =F102*0.2+G102*0.4+H102*0.4 -> 1
A103: 96 | B103: Муниципальное автономное учреждение дополнительного образования "Балаковская детская художественная школа им.В.И. Задорожного" | C103: МАУДО «БХШ ИМ.В.И.ЗАДОРОЖНОГО» | D103: Автономное | F103: 1 | G103: 1 | H103: 1 | I103: =F103*0.2+G103*0.4+H103*0.4 -> 1 | J103: В общей информации отсутствует ссылка на официальный сайт учреждения.
A104: 97 | B104: Муниципальное автономное учреждение "Центр комплексного обслуживания детей и молодежи "Молодёжная инициатива" муниципального образования город Балаково | C104: МАУ «ЦКОДМ «МИ» | D104: Автономное | F104: 1 | G104: 1 | H104: 1 | I104: =F104*0.2+G104*0.4+H104*0.4 -> 1 | J104: В общей информации отсутствует ссылка на официальный сайт учреждения.
A105: 98 | B105: Муниципальное автономное учреждение "Городской подростково-молодёжный центр "Ровесник" муниципального образования город балаково | C105: МАУ «ГПМЦ «РОВЕСНИК» | D105: Автономное | F105: 1 | G105: 1 | H105: 1 | I105: =F105*0.2+G105*0.4+H105*0.4 -> 1
A106: 99 | B106: Муниципальное автономное учреждение культуры "Концертная организация "Городской центр искусств им. М.Э.Сиропова" муниципального образования город Балаково | C106: МАУК «КО «ГЦИ» | D106: Автономное | F106: 1 | G106: 1 | H106: 1 | I106: =F106*0.2+G106*0.4+H106*0.4 -> 1
A107: 100 | B107: Муниципальное автономное учреждение культуры "Балаковская городская центральная библиотека" муниципального образования город Балаково | C107: МАУК «БГЦБ» | D107: Автономное | F107: 1 | G107: 1 | H107: 1 | I107: =F107*0.2+G107*0.4+H107*0.4 -> 1
A108: 101 | B108: Муниципальное автономное учреждение культуры "Межпоселенческая центральная библиотека Балаковского муниципального района" | C108: МАУК «МЦБ БМР» | D108: Автономное | F108: 1 | G108: 1 | H108: 1 | I108: =F108*0.2+G108*0.4+H108*0.4 -> 1
A109: 102 | B109: Муниципальное автономное учреждение культуры "Дворец культуры" муниципального образования город Балаково | C109: МАУК «ДК» | D109: Автономное | F109: 1 | G109: 1 | H109: 1 | I109: =F109*0.2+G109*0.4+H109*0.4 -> 1
A110: 103 | B110: Муниципальное автономное учреждение культуры "Балаковский театр юного зрителя имени Е.А. Лебедева" муниципального образования город Балаково | C110: «БАЛАКОВСКИЙ ТЮЗ ИМ. Е.А. ЛЕБЕДЕВА» | D110: Автономное | F110: 1 | G110: 1 | H110: 1 | I110: =F110*0.2+G110*0.4+H110*0.4 -> 1 | J110: В общей информации отсутствует ссылка на официальный сайт учреждения.
A111: 104 | B111: Муниципальное автономное учреждение культуры "Быково-Отрогский социально-культурный центр" | C111: МАУК «БЫКОВО-ОТРОГСКИЙ СКЦ» | D111: Автономное | F111: 1 | G111: 1 | H111: 1 | I111: =F111*0.2+G111*0.4+H111*0.4 -> 1 | J111: В общей информации указан некорректный номер телефона учреждения.
A112: 105 | B112: Муниципальное автономное учреждение "Спортивная школа "Юность" | C112: МАУ «СШ ЮНОСТЬ» | D112: Автономное | F112: 1 | G112: 1 | H112: 1 | I112: =F112*0.2+G112*0.4+H112*0.4 -> 1
A113: 106 | B113: Муниципальное автономное учреждение "Спортивная школа "Олимпик" | C113: МАУ «СШ «Олимпик» | D113: Автономное | F113: 1 | G113: 1 | H113: 1 | I113: =F113*0.2+G113*0.4+H113*0.4 -> 1 | J113: В общей информации отсутствует ссылка на официальный сайт учреждения.
A114: 107 | B114: Муниципальное автономное учреждение "Спортивная школа "Турбина" | C114: МАУ «СШ «ТУРБИНА» | D114: Автономное | F114: 1 | G114: 1 | H114: 1 | I114: =F114*0.2+G114*0.4+H114*0.4 -> 1 | J114: В общей информации отсутствует ссылка на официальный сайт учреждения.
A115: 108 | B115: Муниципальное автономное учреждение "Спортивная школа олимпийского резерва "Балаково" | C115: МАУ «СШОР «БАЛАКОВО» | D115: Автономное | F115: 1 | G115: 1 | H115: 1 | I115: =F115*0.2+G115*0.4+H115*0.4 -> 1
A116: 109 | B116: Муниципальное автономное учреждение "Спортивная школа "Альбатрос" | C116: МАУ «СШ «АЛЬБАТРОС» | D116: Автономное | F116: 1 | G116: 1 | H116: 1 | I116: =F116*0.2+G116*0.4+H116*0.4 -> 1
A117: 110 | B117: Муниципальное автономное учреждение "Универсальный спортивный комплекс "Форум" муниципального образования город Балаково | C117: МАУ «УСК «ФОРУМ» | D117: Автономное | F117: 1 | G117: 1 | H117: 1 | I117: =F117*0.2+G117*0.4+H117*0.4 -> 1 | J117: В общей информации отсутствует ссылка на официальный сайт учреждения.
A118: 111 | B118: Муниципальное автономное учреждение Балаковского муниципального района "Информационный центр "Балаковские вести" | C118: «ИНФОРМАЦИОННЫЙ ЦЕНТР БАЛАКОВСКИЕ ВЕСТИ» | D118: Автономное | F118: 1 | G118: 1 | H118: 1 | I118: =F118*0.2+G118*0.4+H118*0.4 -> 1
A119: ИТОГО (Rмо=(∑mi=1Ri)/m) | I119: =SUM(I8:I118)/COUNT(I8:I118) -> 1

Sheet Раздел 2. Балашовский
A1: 2.1 Итоговое значение рейтинга открытости и прозрачности муниципальных учреждений муниципального образования, рассчитанного на основе данных раздела «Независимая система оценки качества» официального сайта Российской Федерации для размещения информации о государственных (муниципальных) учреждениях (www.bus.gov.ru)
A2: Наименование муниципального образования | C2: Балашовский муниципальный район
A3: Дата проведения оценки | C3: 45400
A4: Комментарий:
A5: Показатели Roii, Rmzi Rbsi при наличии опубликованной информации на указанном сайте принимают значения 1, в иных случаях – 0. Если муниципальному учреждению муниципальное задание не доводится (муниципальное учреждение является казенным), то показатель Rmzi принимает значение 1, в иных случаях – 0. Для автономных и бюджетных муниципальных учреждений показатель Rbsi принимает значение 1.
A6: № п/п | B6: Полное наименование учреждения | C6: Сокращенное наименование учреждения | D6: Тип учреждения | E6: Отметка об отсутствии муниципального задания | F6: Общая информация (Roii) | G6: на 2024 год | I6: Рейтинг открытости и прозрачности по учреждению (Ri=Roii*0,2+ Rmzi*0,4+ Rbsi*0,4) | J6: Комментарии
G7: Информация о муниципальном задании (Rmzi) | H7: Информация о показателях бюджетной сметы (Rbsi)
A8: 1 | B8: муниципальное учреждение "Централизованная бухгалтерия учреждений культуры Балашовского муниципального района" | C8: МУ "ЦБ УК БМР" | D8: Б | F8: 1 | G8: 1 | H8: 1 | I8: =F8*0.2+G8*0.4+H8*0.4 -> 1 | J8: В общей информации отсутствует ссылка на официальный сайт учреждения.
A9: 2 | B9: муниципальное учреждение "Киновидеоцентр" | C9: МУ "Киновидеоцентр" | D9: Б | F9: 1 | G9: 1 | H9: 1 | I9: =F9*0.2+G9*0.4+H9*0.4 -> 1
A10: 3 | B10: муниципальное учреждение "Балашовский краеведческий музей" | C10: МУ "БКМ" | D10: Б | F10: 1 | G10: 1 | H10: 1 | I10: =F10*0.2+G10*0.4+H10*0.4 -> 1
A11: 4 | B11: муниципальное учреждение "Городская централизованная библиотечная система" | C11: МУ "ГЦБС" | D11: Б | F11: 1 | G11: 1 | H11: 1 | I11: =F11*0.2+G11*0.4+H11*0.4 -> 1
A12: 5 | B12: Муниципальное автономное учреждение культуры "Балашовский драматический театр" | C12: МАУК "БДТ" | D12: А | F12: 1 | G12: 1 | H12: 1 | I12: =F12*0.2+G12*0.4+H12*0.4 -> 1
A13: 6 | B13: муниципальное учреждение культуры "Центр культуры Балашовского муниципального района" | C13: МУК "ЦК БМР" | D13: Б | F13: 1 | G13: 1 | H13: 1 | I13: =F13*0.2+G13*0.4+H13*0.4 -> 1
A14: 7 | B14: муниципальное учреждение культуры "Балашовская межпоселенческая центральная библиотека" | C14: МУК "Балашовская МЦБ" | D14: Б | F14: 1 | G14: 1 | H14: 1 | I14: =F14*0.2+G14*0.4+H14*0.4 -> 1
A15: 8 | B15: муниципальное учреждение "Культурно-досуговый центр Балашовского муниципального района" | C15: МУ "КДЦ БМР" | D15: Б | F15: 1 | G15: 1 | H15: 1 | I15: =F15*0.2+G15*0.4+H15*0.4 -> 1
A16: 9 | B16: муниципальное учреждение "Централизованная бухгалтерия учреждений образования Балашовского муниципального района Саратовской области" | C16: МУ "ЦБ УО БМР" | D16: Б | F16: 1 | G16: 1 | H16: 1 | I16: =F16*0.2+G16*0.4+H16*0.4 -> 1 | J16: В общей информации отсутствует ссылка на официальный сайт учреждения. Не указаны ФИО и должность лица, уполномоченного утверждать муниципальное задание
A17: 10 | B17: Муниципальное автономное образовательное учреждение дополнительного образования детей "Детский оздоровительно-образовательный лагерь "Колос" р.п. Пинеровка Балашовского муниципального района Саратовской области | C17: МАОУ ДОД ДООЛ "Колос" | D17: А | F17: 1 | G17: 1 | H17: 1 | I17: =F17*0.2+G17*0.4+H17*0.4 -> 1
A18: 11 | B18: муниципальное бюджетное учреждение дополнительного образования "Центр дополнительного образования "Созвездие" г. Балашова Саратовской области" | C18: МБУДО Центр "Созвездие" г. Балашова | D18: Б | F18: 1 | G18: 1 | H18: 1 | I18: =F18*0.2+G18*0.4+H18*0.4 -> 1
A19: 12 | B19: Муниципальное общеобразовательное учреждение "Средняя общеобразовательная школа с.Хоперское Балашовского района Саратовской области" | C19: МОУ СОШ с.Хоперское Балашовского района Саратовской области | D19: Б | F19: 1 | G19: 1 | H19: 1 | I19: =F19*0.2+G19*0.4+H19*0.4 -> 1
A20: 13 | B20: Муниципальное общеобразовательное учреждение "Средняя общеобразовательная школа с.Тростянка Балашовского района Саратовской области" | C20: МОУ СОШ с.Тростянка | D20: Б | F20: 1 | G20: 1 | H20: 1 | I20: =F20*0.2+G20*0.4+H20*0.4 -> 1
A21: 14 | B21: Муниципальное общеобразовательное учреждение "Средняя общеобразовательная школа с. Барки Балашовского района Саратовской области" | C21: МОУ СОШ с. Барки Балашовского района Саратовской области | D21: Б | F21: 1 | G21: 1 | H21: 1 | I21: =F21*0.2+G21*0.4+H21*0.4 -> 1 | J21: Не указаны ФИО и должность лица, уполномоченного утверждать муниципальное задание
A22: 15 | B22: Муниципальное общеобразовательное учреждение "Средняя общеобразовательная школа с. Терновка Балашовского района Саратовской области" | C22: МОУ СОШ с. Терновка Балашовского района Саратовской области | D22: Б | F22: 1 | G22: 1 | H22: 1 | I22: =F22*0.2+G22*0.4+H22*0.4 -> 1
A23: 16 | B23: Муниципальное общеобразовательное учреждение "Средняя общеобразовательная школа с. Старый Хопёр Балашовского района Саратовской области" | C23: МОУ СОШ с. Старый Хопёр | D23: Б | F23: 1 | G23: 1 | H23: 1 | I23: =F23*0.2+G23*0.4+H23*0.4 -> 1
A24: 17 | B24: Муниципальное общеобразовательное учреждение "Средняя общеобразовательная школа имени Всеволода Павловича Сергеева с. Родничок Балашовского района Саратовской области" | C24: МОУ СОШ с. Родничок им. В.П. Сергеева Балашовского района Саратовской области | D24: Б | F24: 1 | G24: 1 | H24: 1 | I24: =F24*0.2+G24*0.4+H24*0.4 -> 1
A25: 18 | B25: Муниципальное общеобразовательное учреждение "Средняя общеобразовательная школа с.Репное Балашовского района Саратовской области" | C25: МОУ СОШ с. Репное Балашовского района Саратовской области | D25: Б | F25: 1 | G25: 1 | H25: 1 | I25: =F25*0.2+G25*0.4+H25*0.4 -> 1
A26: 19 | B26: Муниципальное автономное общеобразовательное учреждение "Средняя общеобразовательная школа с. Большой Мелик Балашовского района Саратовской области" | C26: МАОУ СОШ с. Большой Мелик Балашовского района Саратовской области | D26: А | F26: 1 | G26: 1 | H26: 1 | I26: =F26*0.2+G26*0.4+H26*0.4 -> 1
A27: 20 | B27: Муниципальное общеобразовательное учреждение "Средняя общеобразовательная школа п. Соцземледельский Балашовского района Саратовской области" | C27: МОУ СОШ п. Соцземледельскй Балашовского района Саратовской области | D27: Б | F27: 1 | G27: 1 | H27: 1 | I27: =F27*0.2+G27*0.4+H27*0.4 -> 1 | J27: Не указана должность лица, уполномоченного утверждать муниципальное задание
A28: 21 | B28: Муниципальное автономное общеобразовательное учреждение "Средняя общеобразовательная школа р.п. Пинеровка Балашовского района Саратовской области" | C28: МАОУ СОШ р.п. Пинеровка Балашовского района Саратовской области | D28: А | F28: 1 | G28: 1 | H28: 1 | I28: =F28*0.2+G28*0.4+H28*0.4 -> 1
A29: 22 | B29: Муниципальное общеобразовательное учреждение "Гимназия №1" г. Балашова Саратовской области | C29: МОУ "Гимназия №1" г. Балашова Саратовской области | D29: Б | F29: 1 | G29: 1 | H29: 1 | I29: =F29*0.2+G29*0.4+H29*0.4 -> 1
A30: 23 | B30: муниципальное общеобразовательное учреждение "Средняя общеобразовательная школа №3 г. Балашова Саратовской области" | C30: МОУ СОШ №3 г. Балашова | D30: Б | F30: 1 | G30: 1 | H30: 1 | I30: =F30*0.2+G30*0.4+H30*0.4 -> 1
A31: 24 | B31: Муниципальное общеобразовательное учреждение "Вечерняя (сменная) общеобразовательная школа №4 г. Балашова Саратовской области" при Федеральном казенном учреждении "Лечебное исправительное учреждение №3 Управления Федеральной службы исполнения наказаний РО | C31: МОУ В(С)ОШ №4 г. Балашова Саратовской области при ФКУ ЛИУ-3 УФСИН России по Саратовской области | D31: Б | F31: 1 | G31: 1 | H31: 1 | I31: =F31*0.2+G31*0.4+H31*0.4 -> 1
A32: 25 | B32: Муниципальное общеобразовательное учреждение "Средняя общеобразовательная школа №7 г. Балашова Саратовской области" | C32: МОУ СОШ №7 г. Балашова Саратовской области | D32: Б | F32: 1 | G32: 1 | H32: 1 | I32: =F32*0.2+G32*0.4+H32*0.4 -> 1
A33: 26 | B33: Муниципальное общеобразовательное учреждение "Средняя общеобразовательная школа №16 г. Балашова Саратовской области" | C33: МОУ СОШ №16 г. Балашова | D33: Б | F33: 1 | G33: 1 | H33: 1 | I33: =F33*0.2+G33*0.4+H33*0.4 -> 1
A34: 27 | B34: Муниципальное общеобразовательное учреждение "Гимназия имени Героя Советского Союза Ю.А. Гарнаева г. Балашова Саратовской области" | C34: МОУ "Гимназия имени Ю.А. Гарнаева" | D34: Б | F34: 1 | G34: 1 | H34: 1 | I34: =F34*0.2+G34*0.4+H34*0.4 -> 1 | J34: На сайте в общей информации указ тип учреждения «автономное»
A35: 28 | B35: Муниципальное общеобразовательное учреждение "Вечерняя (сменная) общеобразовательная школа № 3 г. Балашова Саратовской области" при Федеральном казенном учреждении "Тюрьма управления Федеральной службы исполнения наказаний по Саратовской области" | C35: МОУ В(С)ОШ № 3 г. Балашова при ФКУТ УФСИН по Саратовской области | D35: Б | F35: 1 | G35: 1 | H35: 1 | I35: =F35*0.2+G35*0.4+H35*0.4 -> 1
A36: 29 | B36: Муниципальное общеобразовательное учреждение "Лицей" г. Балашова Саратовской области | C36: МОУ Лицей г. Балашова | D36: Б | F36: 1 | G36: 1 | H36: 1 | I36: =F36*0.2+G36*0.4+H36*0.4 -> 1
A37: 30 | B37: Муниципальное общеобразовательное учреждение "Средняя общеобразовательная школа №12 г. Балашова Саратовской области" | C37: МОУ СОШ №12 г. Балашова Саратовской области | D37: Б | F37: 1 | G37: 1 | H37: 1 | I37: =F37*0.2+G37*0.4+H37*0.4 -> 1
A38: 31 | B38: муниципальное бюджетное общеобразовательное учреждение "Средняя общеобразовательная школа №9 имени Петра Аркадьевича Столыпина г. Балашова Саратовской области" | C38: МБОУ СОШ №9 имени П.А. Столыпина г. Балашова Саратовской области | D38: Б | F38: 1 | G38: 1 | H38: 1 | I38: =F38*0.2+G38*0.4+H38*0.4 -> 1 | J38: На сайте в общей информации указ тип учреждения «автономное»
A39: 32 | B39: муниципальное дошкольное образовательное учреждение "Детский сад "Радуга" села Хоперское Балашовского района Саратовской области" | C39: МДОУ д/с "Радуга" села Хоперское | D39: Б | F39: 1 | G39: 1 | H39: 1 | I39: =F39*0.2+G39*0.4+H39*0.4 -> 1
A40: 33 | B40: муниципальное бюджетное дошкольное образовательное учреждение "Детский сад "Зернышко" села Репное Балашовского района Саратовской области" | C40: МБДОУ "Детский сад "Зернышко" села Репное" | D40: Б | F40: 1 | G40: 1 | H40: 1 | I40: =F40*0.2+G40*0.4+H40*0.4 -> 1
A41: 34 | B41: Муниципальное дошкольное образовательное учреждение "Детский сад "Колосок" села Старый Хопер Балашовского района Саратовской области" | C41: МДОУ д/с "Колосок" с. Старый Хопер | D41: Б | F41: 1 | G41: 1 | H41: 1 | I41: =F41*0.2+G41*0.4+H41*0.4 -> 1
A42: 35 | B42: Муниципальное дошкольное образовательное учреждение "Детский сад "Гнёздышко" рабочего поселка Пинеровка Балашовского района Саратовской области" | C42: МДОУ д/с "Гнёздышко" р.п. Пинеровка | D42: Б | F42: 1 | G42: 1 | H42: 1 | I42: =F42*0.2+G42*0.4+H42*0.4 -> 1
A43: 36 | B43: Муниципальное дошкольное образовательное учреждение "Детский сад "Ручеек" рабочего поселка Пинеровка Балашовского района Саратовской области" | C43: МДОУ д/с "Ручеек" р.п. Пинеровка | D43: Б | F43: 1 | G43: 1 | H43: 1 | I43: =F43*0.2+G43*0.4+H43*0.4 -> 1
A44: 37 | B44: Муниципальное дошкольное образовательное учреждение "Детский сад "Сказка" села Тростянка Балашовского района Саратовской области" | C44: МДОУ д/с "Сказка" с. Тростянка | D44: Б | F44: 1 | G44: 1 | H44: 1 | I44: =F44*0.2+G44*0.4+H44*0.4 -> 1
A45: 38 | B45: Муниципальное дошкольное образовательное учреждение "Детский сад комбинированного вида "Звездочка" г.Балашова Саратовской области" | C45: МДОУ д/с "Звездочка" г. Балашова | D45: Б | F45: 1 | G45: 1 | H45: 1 | I45: =F45*0.2+G45*0.4+H45*0.4 -> 1
A46: 39 | B46: Муниципальное дошкольное образовательное учреждение "Детский сад комбинированного вида "Челночок" г. Балашова Саратовской области" | C46: МДОУ д/с "Челночок" г. Балашова | D46: Б | F46: 1 | G46: 1 | H46: 1 | I46: =F46*0.2+G46*0.4+H46*0.4 -> 1
A47: 40 | B47: Муниципальное дошкольное образовательное учреждение "Детский сад комбинированного вида "Дубравушка" города Балашова Саратовской области" | C47: МДОУ д/с "Дубравушка" г. Балашова | D47: Б | F47: 1 | G47: 1 | H47: 1 | I47: =F47*0.2+G47*0.4+H47*0.4 -> 1
A48: 41 | B48: Муниципальное дошкольное образовательное учреждение "Детский сад комбинированного вида "Ласточка" города Балашова Саратовской области" | C48: МДОУ д/с "Ласточка" г. Балашова | D48: Б | F48: 1 | G48: 1 | H48: 1 | I48: =F48*0.2+G48*0.4+H48*0.4 -> 1
A49: 42 | B49: Муниципальное дошкольное образовательное учреждение "Детский сад комбинированного вида "Одуванчик" города Балашова Саратовской области" | C49: МДОУ д/с "Одуванчик" г. Балашова | D49: Б | F49: 1 | G49: 1 | H49: 1 | I49: =F49*0.2+G49*0.4+H49*0.4 -> 1
A50: 43 | B50: Муниципальное дошкольное образовательное учреждение "Детский сад комбинированного вида "Елочка" г. Балашова Саратовской области" | C50: МДОУ д/с "Елочка г. Балашова | D50: Б | F50: 1 | G50: 1 | H50: 1 | I50: =F50*0.2+G50*0.4+H50*0.4 -> 1
... A53: 46 | B53: Муниципальное дошкольное образовательное учреждение "Детский сад комбинированного вида "Росинка" города Балашова Саратовской области" | C53: МДОУ д/с "Росинка" г. Балашова | D53: Б | F53: 1 | G53: 1 | H53: 1 | I53: =F53*0.2+G53*0.4+H53*0.4 -> 1
A54: 47 | B54: Муниципальное дошкольное образовательное учреждение "Детский сад комбинированного вида "Дюймовочка" города Балашова Саратовской области" | C54: МДОУ д/с "Дюймовочка" г. Балашова | D54: Б | F54: 1 | G54: 1 | H54: 1 | I54: =F54*0.2+G54*0.4+H54*0.4 -> 1 | J54: В общей информации указан некорректный номер телефона учреждения.
A55: 48 | B55: Муниципальное дошкольное образовательное учреждение "Детский сад комбинированного вида "Ландыш" города Балашова Саратовской области" | C55: МДОУ д/с "Ландыш" г. Балашова | D55: А | F55: 1 | G55: 1 | H55: 1 | I55: =F55*0.2+G55*0.4+H55*0.4 -> 1 | J55: В общей информации указан некорректный номер телефона учреждения.
A56: 49 | B56: Муниципальное дошкольное образовательное учреждение "Детский сад " Лучик" города Балашова Саратовской области" | C56: МДОУ д/с "Лучик" г. Балашова | D56: Б | F56: 1 | G56: 1 | H56: 1 | I56: =F56*0.2+G56*0.4+H56*0.4 -> 1
A57: 50 | B57: Муниципальное автономное дошкольное образовательное учреждение "Детский сад комбинированного вида "Юбилейный" города Балашова Саратовской области" | C57: МАДОУ "Детский сад "Юбилейный" города Балашова" | D57: А | F57: 1 | G57: 1 | H57: 1 | I57: =F57*0.2+G57*0.4+H57*0.4 -> 1
A58: 51 | B58: Муниципальное автономное дошкольное образовательное учреждение "Детский сад комбинированного вида "Пчёлка" г. Балашова Саратовской области" | C58: МАДОУ д/с "Пчёлка" г. Балашова | D58: А | F58: 1 | G58: 1 | H58: 1 | I58: =F58*0.2+G58*0.4+H58*0.4 -> 1
A59: 52 | B59: Муниципальное дошкольное образовательное учреждение "Детский сад комбинированного вида "Космос" города Балашова Саратовской области" | C59: МДОУ д/с "Космос" г. Балашова | D59: Б | F59: 1 | G59: 1 | H59: 1 | I59: =F59*0.2+G59*0.4+H59*0.4 -> 1
A60: 53 | B60: муниципальное бюджетное учреждение "Централизованная бухгалтерия органов местного самоуправления Балашовского муниципального района" | C60: МБУ "ЦБ ОМСУ БМР" | D60: Б | F60: 1 | G60: 1 | H60: 1 | I60: =F60*0.2+G60*0.4+H60*0.4 -> 1 | J60: В общей информации отсутствует ссылка на официальный сайт учреждения.
A61: 54 | B61: Муниципальное автономное учреждение "Редакция газеты Балашовская правда" | C61: МАУ "Редакция газеты "Балашовская правда" | D61: А | F61: 1 | G61: 1 | H61: 1 | I61: =F61*0.2+G61*0.4+H61*0.4 -> 1
A62: 55 | B62: Муниципальное бюджетное учреждение муниципального образования город Балашов Саратовской области "Благоустройство и озеленение" | C62: МБУ МО г.Балашов "Благоустройство и озеленение" | D62: Б | F62: 1 | G62: 1 | H62: 1 | I62: =F62*0.2+G62*0.4+H62*0.4 -> 1 | J62: В общей информации отсутствует ссылка на официальный сайт учреждения.
A63: 56 | B63: муниципальное автономное учреждение "Информационное агентство "Балашов" | C63: МАУ "ИА "Балашов" | D63: А | F63: 1 | G63: 0 | H63: 1 | I63: =F63*0.2+G63*0.4+H63*0.4 -> 0.6 | J63: Отсутствует муниципальное задание на 2024 год. В общей информации отсутствует ссылка на официальный сайт учреждения.
A64: 57 | B64: Муниципальное бюджетное учреждение дополнительного образования "Спортивная школа Балашовского муниципального района" | C64: МБУ ДО "СШ БМР" | D64: Б | F64: 1 | G64: 1 | H64: 1 | I64: =F64*0.2+G64*0.4+H64*0.4 -> 1
A65: 58 | B65: Муниципальное автономное учреждение дополнительного образования "Спортивная школа по игровым видам спорта" Балашовского муниципального района Саратовской области | C65: МАУ ДО "СШ по игровым видам спорта" | D65: А | F65: 1 | G65: 1 | H65: 1 | I65: =F65*0.2+G65*0.4+H65*0.4 -> 1
A66: 59 | B66: Муниципальное автономное дошкольное образовательное учреждение "Детский сад комбинированного вида "Спутник" города Балашова Саратовской области" | C66: МДОУ д/с "Спутник"г. Балашов | D66: А | F66: 1 | G66: 1 | H66: 1 | I66: =F66*0.2+G66*0.4+H66*0.4 -> 1 | J66: В общей информации отсутствует ссылка на официальный сайт учреждения.
A67: 60 | B67: муниципальное казенное учреждение "Центр информационно-методического и технического обеспечения учреждений образования Балашовского муниципального района" | C67: МКУ "Центр информационно-методического и технического обеспечения УО БМР" | D67: К | F67: 1 | G67: 1 | H67: 1 | I67: =F67*0.2+G67*0.4+H67*0.4 -> 1 | J67: В общей информации отсутствует ссылка на официальный сайт учреждения.
A68: 61 | B68: муниципальное казенное учреждение "Управление по делам гражданской обороны и чрезвычайным ситуациям Балашовского муниципального района" | C68: МКУ «Управление ГО и ЧС» | D68: К | F68: 1 | G68: 1 | H68: 1 | I68: =F68*0.2+G68*0.4+H68*0.4 -> 1
A69: 62 | B69: муниципальное казенное учреждение "Административно-хозяйственное управление Балашовского муниципального района" | C69: МКУ "АХУ" БМР | D69: К | F69: 1 | G69: 1 | H69: 1 | I69: =F69*0.2+G69*0.4+H69*0.4 -> 1 | J69: В общей информации отсутствует ссылка на официальный сайт учреждения.
A70: 63 | B70: муниципальное казенное учреждение "Управление сельского хозяйства Балашовского муниципального района" | C70: МКУ "Управление сельского хозяйства" БМР | D70: К | F70: 1 | G70: 1 | H70: 1 | I70: =F70*0.2+G70*0.4+H70*0.4 -> 1
A71: 64 | B71: Муниципальное казенное учреждение муниципального образования город Балашов "Городское ЖКХ" | C71: МКУ МО г. Балашов "Городское ЖКХ" | D71: К | F71: 1 | G71: 1 | H71: 1 | I71: =F71*0.2+G71*0.4+H71*0.4 -> 1
A72: ИТОГО (Rмо=(∑mi=1Ri)/m) | I72: =SUM(I8:I71)/COUNT(I8:I71) -> 0.99375

Sheet Раздел 2. Балтайский
A1: 2.1 Итоговое значение рейтинга открытости и прозрачности муниципальных учреждений муниципального образования, рассчитанного на основе данных раздела «Независимая система оценки качества» официального сайта Российской Федерации для размещения информации о государственных (муниципальных) учреждениях (www.bus.gov.ru)
A2: Наименование муниципального образования | C2: Балтайский муниципальный район
A3: Дата проведения оценки | C3: 45399
A4: Комментарий:
A5: Показатели Roii, Rmzi Rbsi при наличии опубликованной информации на указанном сайте принимают значения 1, в иных случаях – 0. Если муниципальному учреждению муниципальное задание не доводится (муниципальное учреждение является казенным), то показатель Rmzi принимает значение 1, в иных случаях – 0. Для автономных и бюджетных муниципальных учреждений показатель Rbsi принимает значение 1.
A6: № п/п | B6: Полное наименование учреждения | C6: Сокращенное наименование учреждения | D6: Тип учреждения | E6: Отметка об отсутствии муниципального задания | F6: Общая информация (Roii) | G6: на 2024 год | I6: Рейтинг открытости и прозрачности по учреждению (Ri=Roii*0,2+ Rmzi*0,4+ Rbsi*0,4) | J6: Комментарии
G7: Информация о муниципальном задании (Rmzi) | H7: Информация о показателях бюджетной сметы (Rbsi)
A8: 1 | B8: Муниципальное бюджетное общеобразовательное учреждение -средняя общеобразовательная школа с. Балтай Балтайского муниципального района Саратовской области | C8: МБОУ СОШ с. Балтай | D8: Бюджетное учреждение | F8: 1 | G8: 1 | H8: 1 | I8: =F8*0.2+G8*0.4+H8*0.4 -> 1
A9: 2 | B9: Муниципальное бюджетное общеобразовательное учреждение -средняя общеобразовательная школа с. Барнуковка Балтайского муниципального района Саратовской области | C9: МБОУ СОШ с. Барнуковка | D9: Бюджетное учреждение | F9: 1 | G9: 1 | H9: 1 | I9: =F9*0.2+G9*0.4+H9*0.4 -> 1 | J9: В общей информации отсутствует ссылка на официальный сайт учреждения.
A10: 3 | B10: Муниципальное бюджетное общеобразовательное учреждение -средняя общеобразовательная школа с. Садовка Балтайского муниципального района саратовской области | C10: МБОУ СОШ с. Садовка | D10: Бюджетное учреждение | F10: 1 | G10: 1 | H10: 1 | I10: =F10*0.2+G10*0.4+H10*0.4 -> 1 | J10: В общей информации отсутствует ссылка на официальный сайт учреждения.
A11: 4 | B11: Муниципальное бюджетное общеобразовательное учреждение -средняя общеобразовательная школа с. Большие Озерки Балтайского муниципального района Саратовской области | C11: МБОУ СОШ с. Б.Озерки | D11: Бюджетное учреждение | F11: 1 | G11: 1 | H11: 1 | I11: =F11*0.2+G11*0.4+H11*0.4 -> 1 | J11: В общей информации отсутствует ссылка на официальный сайт учреждения.
A12: 5 | B12: Муниципальное общеобразовательное учреждение -средняя общеобразовательная школа имени Героя Советского Союза Н.И.Овсянникова с. Донгуз Балтайского района Саратовской области | C12: МОУ СОШ с. Донгуз | D12: Бюджетное учреждение | F12: 1 | G12: 1 | H12: 1 | I12: =F12*0.2+G12*0.4+H12*0.4 -> 1
A13: 6 | B13: Муниципальное общеобразовательное учреждении - средняя общеобразовательная школа имени заслуженного учителя РСФСР Худякова В.И. с. Царевщина Балтайского района Саратовской области | C13: МОУ СОШ с. Царевщина | D13: Бюджетное учреждение | F13: 1 | G13: 1 | H13: 1 | I13: =F13*0.2+G13*0.4+H13*0.4 -> 1 | J13: В общей информации отсутствует ссылка на официальный сайт учреждения.
A14: 7 | B14: Муниципальное бюджетное общеобразовательное учреждение -средняя общеобразовательная школа с. Столыпино Балтайского муниципального района Саратовской области | C14: МБОУ СОШ с. Столыпино | D14: Бюджетное учреждение | F14: 1 | G14: 1 | H14: 1 | I14: =F14*0.2+G14*0.4+H14*0.4 -> 1 | J14: В общей информации отсутствует ссылка на официальный сайт учреждения.
A15: 8 | B15: Муниципальное бюджетное дошкольное образовательное учреждение «Детский сад с. Балтай» Балтайского муниципального района Саратовской области | C15: МБДОУ «Детский сад с. Балтай» | D15: Бюджетное учреждение | F15: 1 | G15: 1 | H15: 1 | I15: =F15*0.2+G15*0.4+H15*0.4 -> 1 | J15: В общей информации отсутствует ссылка на официальный сайт учреждения.
A16: 9 | B16: Муниципальное бюджетное дошкольное образовательное учреждение «Детский сад с. Садовка» Балтайского муниципального района Саратовской области | C16: МБДОУ «Детский сад с. Садовка» | D16: Бюджетное учреждение | F16: 1 | G16: 1 | H16: 1 | I16: =F16*0.2+G16*0.4+H16*0.4 -> 1 | J16: В общей информации отсутствует ссылка на официальный сайт учреждения.
A17: 10 | B17: Муниципальное бюджетное дошкольное образовательное учреждение «Детский сад с. Царевщина» Балтайского муниципального района Саратовской области | C17: МБДОУ «Детский сад с. Царевщина» | D17: Бюджетное учреждение | F17: 1 | G17: 1 | H17: 1 | I17: =F17*0.2+G17*0.4+H17*0.4 -> 1 | J17: В общей информации отсутствует ссылка на официальный сайт учреждения.
A18: 11 | B18: Муниципальное бюджетное учреждение дополнительного образования «Дом детского творчества Балтайского муниципального района Саратовской области» | C18: МБУ ДО ДДТ | D18: Бюджетное учреждение | F18: 1 | G18: 1 | H18: 1 | I18: =F18*0.2+G18*0.4+H18*0.4 -> 1 | J18: В общей информации отсутствует ссылка на официальный сайт учреждения.
A19: 12 | B19: Муниципальное бюджетное учреждение дополнительного образования Детско-юношеская спортивная школа Балтайского муниципального района Саратовской области | C19: МБУ ДО ДЮСШ | D19: Бюджетное учреждение | F19: 1 | G19: 1 | H19: 1 | I19: =F19*0.2+G19*0.4+H19*0.4 -> 1
A20: 13 | B20: Муниципальное казенное учреждение «Централизованная бухгалтерия учреждений образования Балтайского муниципального района» | C20: МКУ «ЦБ УО БМР» | D20: Казенное учреждений | F20: 1 | G20: 1 | H20: 1 | I20: =F20*0.2+G20*0.4+H20*0.4 -> 1 | J20: В общей информации отсутствует ссылка на официальный сайт учреждения.
A21: 14 | B21: Муниципальное казенное учреждение «Балтайский методический центр» | C21: МКУ «Балтайский МЦ» | D21: Казенное учреждений | F21: 1 | G21: 1 | H21: 1 | I21: =F21*0.2+G21*0.4+H21*0.4 -> 1 | J21: В общей информации отсутствует ссылка на официальный сайт учреждения.
A22: 15 | B22: Муниципальное бюджетное учреждение «Столыпинский физкультурно –оздоровительный комплекс» Балтайского муниципального района Саратовской области | C22: МБУ «Столыпинский ФОК» Балтайского муниципального района | D22: бюджетное учреждение | F22: 1 | G22: 1 | H22: 1 | I22: =F22*0.2+G22*0.4+H22*0.4 -> 1 | J22: В общей информации отсутствует ссылка на официальный сайт учреждения.
A23: 16 | B23: Муниципальное бюджетное учреждение культуры «Межпоселенческая централизованная клубная система» Балтайского муниципального района | C23: МБУК МЦКС БМР | D23: Бюджетное учреждение | F23: 1 | G23: 1 | H23: 1 | I23: =F23*0.2+G23*0.4+H23*0.4 -> 1 | J23: В общей информации отсутствует ссылка на официальный сайт учреждения.
A24: 17 | B24: Муниципальное бюджетное учреждение культуры «Межпоселенческая централизованная библиотечная система» Балтайского муниципального района Саратовской области | C24: МБУК МЦБС БМР | D24: Бюджетное учреждение | F24: 1 | G24: 1 | H24: 1 | I24: =F24*0.2+G24*0.4+H24*0.4 -> 1 | J24: В общей информации отсутствует ссылка на официальный сайт учреждения.
A25: 18 | B25: Муниципальное бюджетное учреждение дополнительного образования «Детская школа искусств» Балтайского муниципального района Саратовской области | C25: МБУДО ДШИ БМР | D25: Бюджетное учреждение | F25: 1 | G25: 1 | H25: 1 | I25: =F25*0.2+G25*0.4+H25*0.4 -> 1
A26: 19 | B26: Муниципальное казенное учреждение «Центр бухгалтерского, технического и хозяйственного обслуживания учреждений культуры» Балтайского муниципального района Саратовской области | C26: МКУ ЦБ ТХО УК БМР | D26: Казенное учреждений | F26: 1 | G26: 1 | H26: 1 | I26: =F26*0.2+G26*0.4+H26*0.4 -> 1 | J26: В общей информации отсутствует ссылка на официальный сайт учреждения.
A27: 20 | B27: Муниципальное казенное учреждение «Муниципал» | C27: МКУ «Муниципал» | D27: Казенное учреждение | F27: 1 | G27: 1 | H27: 1 | I27: =F27*0.2+G27*0.4+H27*0.4 -> 1 | J27: В общей информации отсутствует ссылка на официальный сайт учреждения.
A28: ИТОГО (Rмо=(∑mi=1Ri)/m) | I28: =SUM(I8:I27)/COUNT(I8:I27) -> 1

Sheet Раздел 2. Вольский 
A1: 2.1 Итоговое значение рейтинга открытости и прозрачности муниципальных учреждений муниципального образования, рассчитанного на основе данных раздела «Независимая система оценки качества» официального сайта Российской Федерации для размещения информации о государственных (муниципальных) учреждениях (www.bus.gov.ru)
A2: Наименование муниципального образования | C2: Вольский муниципальный район
A3: Дата проведения оценки | C3: 45401
A4: Комментарий:
A5: Показатели Roii, Rmzi Rbsi при наличии опубликованной информации на указанном сайте принимают значения 1, в иных случаях – 0. Если муниципальному учреждению муниципальное задание не доводится (муниципальное учреждение является казенным), то показатель Rmzi принимает значение 1, в иных случаях – 0. Для автономных и бюджетных муниципальных учреждений показатель Rbsi принимает значение 1.
A6: № п/п | B6: Полное наименование учреждения | C6: Сокращенное наименование учреждения | D6: Тип учреждения | E6: Отметка об отсутствии муниципального задания | F6: Общая информация (Roii) | G6: на 2024 год | I6: Рейтинг открытости и прозрачности по учреждению (Ri=Roii*0,2+ Rmzi*0,4+ Rbsi*0,4) | J6: Комментарии
G7: Информация о муниципальном задании (Rmzi) | H7: Информация о показателях бюджетной сметы (Rbsi)
A8: 1 | B8: МУНИЦИПАЛЬНОЕ УЧРЕЖДЕНИЕ "ЦЕНТРАЛИЗОВАННАЯ БУХГАЛТЕРИЯ" | C8: МУ "ЦЕНТРАЛИЗОВАННАЯ БУХГАЛТЕРИЯ" | D8: Казенное | F8: 1 | G8: 1 | H8: 1 | I8: =F8*0.2+G8*0.4+H8*0.4 -> 1
A9: 2 | B9: МУНИЦИПАЛЬНОЕ УЧРЕЖДЕНИЕ "МУНИЦИПАЛЬНЫЙ АРХИВ ВОЛЬСКОГО МУНИЦИПАЛЬНОГО РАЙОНА" | C9: МУ "МУНИЦИПАЛЬНЫЙ АРХИВ ВМР" | D9: Казенное | F9: 1 | G9: 1 | H9: 1 | I9: =F9*0.2+G9*0.4+H9*0.4 -> 1 | J9: В общей информации указан некорректный номер телефона
A10: 3 | B10: МУНИЦИПАЛЬНОЕ УЧРЕЖДЕНИЕ "УПРАВЛЕНИЕ МАТЕРИАЛЬНО-ТЕХНИЧЕСКОГО ОБЕСПЕЧЕНИЯ ВОЛЬСКОГО МУНИЦИПАЛЬНОГО РАЙОНА" | C10: МУ "УМТО ВМР" | D10: Казенное | F10: 1 | G10: 1 | H10: 1 | I10: =F10*0.2+G10*0.4+H10*0.4 -> 1
A11: 4 | B11: МУНИЦИПАЛЬНОЕ УЧРЕЖДЕНИЕ "ИНФОРМАЦИОННЫЙ ЦЕНТР "ВОЛЬСКАЯ ЖИЗНЬ" | C11: МУ ИЦ "ВОЛЬСКАЯ ЖИЗНЬ" | D11: Казенное | F11: 1 | G11: 1 | H11: 1 | I11: =F11*0.2+G11*0.4+H11*0.4 -> 1
A12: 5 | B12: МУНИЦИПАЛЬНОЕ УЧРЕЖДЕНИЕ "ОРГАНИЗАЦИОННЫЙ ЦЕНТР ПО ОБСЛУЖИВАНИЮ ОБРАЗОВАТЕЛЬНЫХ УЧРЕЖДЕНИЙ ВОЛЬСКОГО МУНИЦИПАЛЬНОГО РАЙОНА САРАТОВСКОЙ ОБЛАСТИ" | C12: МУ "ОРГЦЕНТР" | D12: Казенное | F12: 1 | G12: 1 | H12: 1 | I12: =F12*0.2+G12*0.4+H12*0.4 -> 1
A13: 6 | B13: МУНИЦИПАЛЬНОЕ УЧРЕЖДЕНИЕ "ЦЕНТРАЛИЗОВАННАЯ БУХГАЛТЕРИЯ УЧРЕЖДЕНИЙ КУЛЬТУРЫ И КИНО ВОЛЬСКОГО МУНИЦИПАЛЬНОГО РАЙОНА" | C13: МУ "ЦБУК И К" | D13: Казенное | F13: 1 | G13: 1 | H13: 1 | I13: =F13*0.2+G13*0.4+H13*0.4 -> 1 | J13: В общей информации отсутствует ссылка на официальный сайт учреждения.
A14: 7 | B14: МУНИЦИПАЛЬНОЕ УЧРЕЖДЕНИЕ "УПРАВЛЕНИЕ СЕЛЬСКОГО ХОЗЯЙСТВА ВОЛЬСКОГО МУНИЦИПАЛЬНОГО РАЙОНА" | C14: МУ "УСХ ВОЛЬСКОГО МУНИЦИПАЛЬНОГО РАЙОНА" | D14: Казенное | F14: 1 | G14: 1 | H14: 1 | I14: =F14*0.2+G14*0.4+H14*0.4 -> 1
A15: 8 | B15: МУНИЦИПАЛЬНОЕ УЧРЕЖДЕНИЕ "УПРАВЛЕНИЕ ПО ДЕЛАМ ГРАЖДАНСКОЙ ОБОРОНЫ И ЧРЕЗВЫЧАЙНЫМ СИТУАЦИЯМ ВОЛЬСКОГО МУНИЦИПАЛЬНОГО РАЙОНА" | C15: МУ "УПРАВЛЕНИЕ ПО ДЕЛАМ ГО И ЧС ВОЛЬСКОГО МУНИЦИПАЛЬНОГО РАЙОНА" | D15: Казенное | F15: 1 | G15: 1 | H15: 1 | I15: =F15*0.2+G15*0.4+H15*0.4 -> 1
A16: 9 | B16: МУНИЦИПАЛЬНОЕ КАЗЕННОЕ УЧРЕЖДЕНИЕ "ВОЛЬСКТЕПЛОЭНЕРГО" | C16: МКУ "ВОЛЬСКТЕПЛОЭНЕРГО" | D16: Казенное | F16: 1 | G16: 1 | H16: 1 | I16: =F16*0.2+G16*0.4+H16*0.4 -> 1 | J16: В общей информации отсутствует ссылка на официальный сайт учреждения.
A17: 10 | B17: МУНИЦИПАЛЬНОЕ УЧРЕЖДЕНИЕ " ЦЕНТРАЛИЗОВАННАЯ БУХГАЛТЕРИЯ УЧРЕЖДЕНИЙ ОБРАЗОВАНИЯ ВОЛЬСКОГО МУНИЦИПАЛЬНОГО РАЙОНА САРАТОВСКОЙ ОБЛАСТИ" | C17: МУ " ЦБУО" | D17: Казенное | F17: 1 | G17: 1 | H17: 1 | I17: =F17*0.2+G17*0.4+H17*0.4 -> 1 | J17: В общей информации отсутствует ссылка на официальный сайт учреждения.
A18: 11 | B18: МУНИЦИПАЛЬНОЕ УЧРЕЖДЕНИЕ "ОТДЕЛ ПО МАТЕРИАЛЬНО-ТЕХНИЧЕСКОМУ ОБСЛУЖИВАНИЮ УЧРЕЖДЕНИЙ КУЛЬТУРЫ И КИНО ВОЛЬСКОГО МУНИЦИПАЛЬНОГО РАЙОНА" | C18: МУ "ОМТОУКИК" | D18: Казенное | F18: 1 | G18: 1 | H18: 1 | I18: =F18*0.2+G18*0.4+H18*0.4 -> 1 | J18: В общей информации отсутствует ссылка на официальный сайт учреждения.
A19: 12 | B19: МУНИЦИПАЛЬНОЕ ОБЩЕОБРАЗОВАТЕЛЬНОЕ УЧРЕЖДЕНИЕ ВОЛЬСКОГО МУНИЦИПАЛЬНОГО РАЙОНА "ГИМНАЗИЯ ИМЕНИ ГЕРОЯ СОВЕТСКОГО СОЮЗА В.В. ТАЛАЛИХИНА Г. ВОЛЬСКА САРАТОВСКОЙ ОБЛАСТИ" | C19: ГИМНАЗИЯ Г. ВОЛЬСКА | D19: Автономное | F19: 1 | G19: 0 | H19: 1 | I19: =F19*0.2+G19*0.4+H19*0.4 -> 0.6 | J19: Отсутствует муниципальное задание на 2024 год. В общей информации указан некорректный номер телефона
A20: 13 | B20: МУНИЦИПАЛЬНОЕ ДОШКОЛЬНОЕ ОБРАЗОВАТЕЛЬНОЕ УЧРЕЖДЕНИЕ ВОЛЬСКОГО МУНИЦИПАЛЬНОГО РАЙОНА "ДЕТСКИЙ САД № 20 "ОСТРОВОК" Г. ВОЛЬСКА САРАТОВСКОЙ ОБЛАСТИ" | C20: МДОУ ВМР "ДЕТСКИЙ САД № 20 "ОСТРОВОК" | D20: Автономное | F20: 1 | G20: 0 | H20: 1 | I20: =F20*0.2+G20*0.4+H20*0.4 -> 0.6 | J20: Отсутствует муниципальное задание на 2024 год.
A21: 14 | B21: МУНИЦИПАЛЬНОЕ ДОШКОЛЬНОЕ ОБРАЗОВАТЕЛЬНОЕ УЧРЕЖДЕНИЕ ВОЛЬСКОГО МУНИЦИПАЛЬНОГО РАЙОНА "ДЕТСКИЙ САД № 30 "СКАЗКА" КОМБИНИРОВАННОГО ВИДА Г. ВОЛЬСКА САРАТОВСКОЙ ОБЛАСТИ" | C21: МДОУ ВМР "ДЕТСКИЙ САД № 30 "СКАЗКА" | D21: Автономное | F21: 1 | G21: 0 | H21: 1 | I21: =F21*0.2+G21*0.4+H21*0.4 -> 0.6 | J21: Отсутствует муниципальное задание на 2024 год.
A22: 15 | B22: МУНИЦИПАЛЬНОЕ ДОШКОЛЬНОЕ ОБРАЗОВАТЕЛЬНОЕ УЧРЕЖДЕНИЕ ВОЛЬСКОГО МУНИЦИПАЛЬНОГО РАЙОНА "ДЕТСКИЙ САД № 16 "КОРАБЛИК" Г.ВОЛЬСКА САРАТОВСКОЙ ОБЛАСТИ" | C22: МДОУ ВМР "ДЕТСКИЙ САД № 16 "КОРАБЛИК" | D22: Автономное | F22: 1 | G22: 1 | H22: 1 | I22: =F22*0.2+G22*0.4+H22*0.4 -> 1 | J22: В общей информации указан некорректный номер телефона
A23: 16 | B23: МУНИЦИПАЛЬНОЕ ДОШКОЛЬНОЕ ОБРАЗОВАТЕЛЬНОЕ УЧРЕЖДЕНИЕ ВОЛЬСКОГО МУНИЦИПАЛЬНОГО РАЙОНА "ДЕТСКИЙ САД КОМБИНИРОВАННОГО ВИДА № 25 "ТЕРЕМОК" Г. ВОЛЬСКА САРАТОВСКОЙ ОБЛАСТИ" | C23: МДОУ ВМР "ДЕТСКИЙ САД № 25 "ТЕРЕМОК" | D23: Автономное | F23: 1 | G23: 0 | H23: 1 | I23: =F23*0.2+G23*0.4+H23*0.4 -> 0.6 | J23: Отсутствует муниципальное задание на 2024 год.
A24: 17 | B24: МУНИЦИПАЛЬНОЕ ДОШКОЛЬНОЕ ОБРАЗОВАТЕЛЬНОЕ УЧРЕЖДЕНИЕ ВОЛЬСКОГО МУНИЦИПАЛЬНОГО РАЙОНА "ДЕТСКИЙ САД № 6 "КОЛОБОК" Г. ВОЛЬСКА САРАТОВСКОЙ ОБЛАСТИ" | C24: МДОУ ВМР "ДЕТСКИЙ САД № 6 "КОЛОБОК" | D24: Автономное | F24: 1 | G24: 0 | H24: 1 | I24: =F24*0.2+G24*0.4+H24*0.4 -> 0.6 | J24: Отсутствует муниципальное задание на 2024 год.
A25: 18 | B25: МУНИЦИПАЛЬНОЕ ОБЩЕОБРАЗОВАТЕЛЬНОЕ УЧРЕЖДЕНИЕ ВОЛЬСКОГО МУНИЦИПАЛЬНОГО РАЙОНА "ЛИЦЕЙ Г. ВОЛЬСКА САРАТОВСКОЙ ОБЛАСТИ" | C25: МОУ ВМР ЛИЦЕЙ Г. ВОЛЬСКА | D25: Автономное | F25: 1 | G25: 0 | H25: 1 | I25: =F25*0.2+G25*0.4+H25*0.4 -> 0.6 | J25: Отсутствует муниципальное задание на 2024 год.
A26: 19 | B26: МУНИЦИПАЛЬНОЕ ДОШКОЛЬНОЕ ОБРАЗОВАТЕЛЬНОЕ УЧРЕЖДЕНИЕ ВОЛЬСКОГО МУНИЦИПАЛЬНОГО РАЙОНА "ЦЕНТР РАЗВИТИЯ РЕБЕНКА-ДЕТСКИЙ САД № 17 "ЛАДУШКИ" Г. ВОЛЬСКА САРАТОВСКОЙ ОБЛАСТИ" | C26: МДОУ ВМР "ЦРР-ДЕТСКИЙ САД № 17 "ЛАДУШКИ" | D26: Автономное | F26: 1 | G26: 0 | H26: 1 | I26: =F26*0.2+G26*0.4+H26*0.4 -> 0.6 | J26: Отсутствует муниципальное задание на 2024 год.
A27: 20 | B27: МУНИЦИПАЛЬНОЕ ДОШКОЛЬНОЕ ОБРАЗОВАТЕЛЬНОЕ УЧРЕЖДЕНИЕ ВОЛЬСКОГО МУНИЦИПАЛЬНОГО РАЙОНА "ДЕТСКИЙ САД КОМБИНИРОВАННОГО ВИДА № 1 "ЛАСТОЧКА" Г. ВОЛЬСКА САРАТОВСКОЙ ОБЛАСТИ" | C27: МДОУ ВМР "ДЕТСКИЙ САД КОМБИНИРОВАННОГО ВИДА №1 Г.ВОЛЬСКА" | D27: Автономное | F27: 1 | G27: 0 | H27: 1 | I27: =F27*0.2+G27*0.4+H27*0.4 -> 0.6 | J27: Отсутствует муниципальное задание на 2024 год.
... A48: 41 | B48: МУНИЦИПАЛЬНОЕ УЧРЕЖДЕНИЕ ДОПОЛНИТЕЛЬНОГО ОБРАЗОВАНИЯ "ДЕТСКИЙ ОЗДОРОВИТЕЛЬНО-ОБРАЗОВАТЕЛЬНЫЙ (ПРОФИЛЬНЫЙ) ЦЕНТР "ЦЕМЕНТНИК" Г. ВОЛЬСКА САРАТОВСКОЙ ОБЛАСТИ" | C48: МУ ДО "ДООЦ "ЦЕМЕНТНИК" Г. ВОЛЬСКА" | D48: Бюджетное | F48: 1 | G48: 0 | H48: 1 | I48: =F48*0.2+G48*0.4+H48*0.4 -> 0.6 | J48: Отсутствует муниципальное задание на 2024 год. В общей информации отсутствует ссылка на официальный сайт учреждения.
A49: 42 | B49: МУНИЦИПАЛЬНОЕ ДОШКОЛЬНОЕ ОБРАЗОВАТЕЛЬНОЕ УЧРЕЖДЕНИЕ "ДЕТСКИЙ САД С. ШИРОКИЙ БУЕРАК ВОЛЬСКОГО РАЙОНА САРАТОВСКОЙ ОБЛАСТИ" | C49: МДОУ "ДЕТСКИЙ САД С. ШИРОКИЙ БУЕРАК" | D49: Бюджетное | F49: 1 | G49: 0 | H49: 1 | I49: =F49*0.2+G49*0.4+H49*0.4 -> 0.6
A50: 43 | B50: МУНИЦИПАЛЬНОЕ ДОШКОЛЬНОЕ ОБРАЗОВАТЕЛЬНОЕ УЧРЕЖДЕНИЕ "ДЕТСКИЙ САД № 29 "ЯГОДКА" Р. П. СЕННОЙ ВОЛЬСКОГО РАЙОНА САРАТОВСКОЙ ОБЛАСТИ" | C50: МДОУ "ДЕТСКИЙ САД № 29 "ЯГОДКА" Р. П. СЕННОЙ" | D50: Бюджетное | F50: 1 | G50: 1 | H50: 1 | I50: =F50*0.2+G50*0.4+H50*0.4 -> 1
A51: 44 | B51: МУНИЦИПАЛЬНОЕ ДОШКОЛЬНОЕ ОБРАЗОВАТЕЛЬНОЕ УЧРЕЖДЕНИЕ "ДЕТСКИЙ САД "СВЕТЛЯЧОК" С.ЧЕРКАССКОЕ ВОЛЬСКОГО РАЙОНА САРАТОВСКОЙ ОБЛАСТИ" | C51: МДОУ "ДЕТСКИЙ САД "СВЕТЛЯЧОК" С.ЧЕРКАССКОЕ" | D51: Бюджетное | F51: 1 | G51: 0 | H51: 1 | I51: =F51*0.2+G51*0.4+H51*0.4 -> 0.6 | J51: Отсутствует муниципальное задание на 2024 год.
A52: 45 | B52: МУНИЦИПАЛЬНОЕ УЧРЕЖДЕНИЕ КУЛЬТУРЫ "ЦЕНТРАЛИЗОВАННАЯ БИБЛИОТЕЧНАЯ СИСТЕМА" | C52: МУК"ЦБС" | D52: Бюджетное | F52: 1 | G52: 1 | H52: 1 | I52: =F52*0.2+G52*0.4+H52*0.4 -> 1
A53: 46 | B53: МУНИЦИПАЛЬНОЕ УЧРЕЖДЕНИЕ ВОЛЬСКИЙ КРАЕВЕДЧЕСКИЙ МУЗЕЙ | C53: МУ ВКМ | D53: Бюджетное | F53: 1 | G53: 1 | H53: 1 | I53: =F53*0.2+G53*0.4+H53*0.4 -> 1
A54: 47 | B54: МУНИЦИПАЛЬНОЕ УЧРЕЖДЕНИЕ КУЛЬТУРЫ "ЦЕНТРАЛИЗОВАННАЯ КЛУБНАЯ СИСТЕМА" | C54: МУК "ЦКС" | D54: Бюджетное | F54: 1 | G54: 1 | H54: 1 | I54: =F54*0.2+G54*0.4+H54*0.4 -> 1
A55: ИТОГО (Rмо=(∑mi=1Ri)/m) | I55: =SUM(I8:I54)/COUNT(I8:I54) -> 0.77021277

Sheet Раздел 2. Воскресенский
A1: 2.1 Итоговое значение рейтинга открытости и прозрачности муниципальных учреждений муниципального образования, рассчитанного на основе данных раздела «Независимая система оценки качества» официального сайта Российской Федерации для размещения информации о государственных (муниципальных) учреждениях (www.bus.gov.ru)
A2: Наименование муниципального образования | C2: Воскресенский муниципальный район
A3: Дата проведения оценки | C3: 45400
A4: Комментарий:
A5: Показатели Roii, Rmzi Rbsi при наличии опубликованной информации на указанном сайте принимают значения 1, в иных случаях – 0. Если муниципальному учреждению муниципальное задание не доводится (муниципальное учреждение является казенным), то показатель Rmzi принимает значение 1, в иных случаях – 0. Для автономных и бюджетных муниципальных учреждений показатель Rbsi принимает значение 1.
A6: № п/п | B6: Полное наименование учреждения | C6: Сокращенное наименование учреждения | D6: Тип учреждения | E6: Отметка об отсутствии муниципального задания | F6: Общая информация (Roii) | G6: на 2024 год | I6: Рейтинг открытости и прозрачности по учреждению (Ri=Roii*0,2+ Rmzi*0,4+ Rbsi*0,4) | J6: Комментарии
G7: Информация о муниципальном задании (Rmzi) | H7: Информация о показателях бюджетной сметы (Rbsi)
A8: 1 | B8: Муниципальное казенное учреждение «Централизованная бухгалтерия администрации Воскресенского муниципального района» | C8: МКУ «ЦБ администрации ВМР | D8: казенное | F8: 1 | G8: 1 | H8: 1 | I8: =F8*0.2+G8*0.4+H8*0.4 -> 1 | J8: В общей информации отсутствует ссылка на официальный сайт учреждения.
A9: 2 | B9: Муниципальное казенное учреждение «Управление материально-технического обеспечения администрации Воскресенского муниципального района» | C9: МКУ «УМТО администрация ВМР» | D9: казенное | F9: 1 | G9: 1 | H9: 1 | I9: =F9*0.2+G9*0.4+H9*0.4 -> 1 | J9: В общей информации отсутствует ссылка на официальный сайт учреждения.
A10: 3 | B10: Муниципальное учреждение культуры «Центральная клубная система» | C10: МУК «ЦКС» | D10: бюджетное | F10: 1 | G10: 1 | H10: 1 | I10: =F10*0.2+G10*0.4+H10*0.4 -> 1 | J10: В общей информации отсутствует ссылка на официальный сайт учреждения.
A11: 4 | B11: Муниципальное учреждение культуры «Воскресенская межпоселенческая библиотека» | C11: МУК «ВМЦБ» | D11: бюджетное | F11: 1 | G11: 1 | H11: 1 | I11: =F11*0.2+G11*0.4+H11*0.4 -> 1 | J11: На сайте указано наименование учреждения «Муниципальное учреждение культуры «Воскресенская межпоселенческая центральная библиотека». В общей информации отсутствует ссылка на официальный сайт учреждения.
A12: 5 | B12: Муниципальное бюджетное учреждение «Районный Дом культуры» | C12: МБУ «РДК» | D12: бюджетное | F12: 1 | G12: 1 | H12: 1 | I12: =F12*0.2+G12*0.4+H12*0.4 -> 1 | J12: В общей информации отсутствуют ссылка на официальный сайт учреждения и электронная почта.
A13: 6 | B13: Муниципальное учреждение дополнительного образования «Детская школа искусств» | C13: МУДО «ДШИс.Воскресенское» | D13: бюджетное | F13: 1 | G13: 1 | H13: 1 | I13: =F13*0.2+G13*0.4+H13*0.4 -> 1 | J13: На сайте указано наименование учреждения «Муниципальное учреждение дополнительного образования «Детская школа искусств с. Воскресенское Воскресенского района Саратовской области». В общей информации отсутствует ссылка на официальный сайт учреждения.
A14: 7 | B14: Муниципальное учреждение дополнительного образования «Елшанская детская школа искусств» | C14: МУДО «ЕДШИ» | D14: бюджетное | F14: 1 | G14: 1 | H14: 1 | I14: =F14*0.2+G14*0.4+H14*0.4 -> 1
A15: 8 | B15: Муниципальное учреждение «Централизованная бухгалтерия управления образования администрации Воскресенского района Саратовской области | C15: МУ ЦБ УО | D15: казенное | F15: 1 | G15: 1 | H15: 1 | I15: =F15*0.2+G15*0.4+H15*0.4 -> 1 | J15: В общей информации отсутствует ссылка на официальный сайт учреждения.
A16: 9 | B16: Муниципальное дошкольное образовательное учреждение «Детский сад «Солнышко» с. Синодское Воскресенского района Саратовской области | C16: МДОУ «Детский сад «Солнышко» с. Синодское Воскресенского района Саратовской области | D16: бюджетное | F16: 1 | G16: 0 | H16: 1 | I16: =F16*0.2+G16*0.4+H16*0.4 -> 0.6 | J16: Отсутствует муниципальное задание на 2024 год. В общей информации отсутствует электронная почта учреждения.
A17: 10 | B17: Муниципальное дошкольное образовательное учреждение «Детский сад «Ромашка» с. Елшанка Воскресенского района Саратовской области | C17: МДОУ «Детский сад «Ромашка» с. Елшанка Воскресенского района Саратовской области | D17: бюджетное | F17: 1 | G17: 0 | H17: 1 | I17: =F17*0.2+G17*0.4+H17*0.4 -> 0.6 | J17: Отсутствует муниципальное задание на 2024 год. В общей информации отсутствует электронная почта учреждения.
A18: 11 | B18: Муниципальное дошкольное образовательное учреждение «Детский сад «Солнышко» с. Ново-Алексеевка Воскресенского района Саратовской области | C18: МДОУ «Детский сад «Солнышко» с. Ново-Алексеевка Воскресенского района Саратовской области | D18: бюджетное | F18: 1 | G18: 0 | H18: 1 | I18: =F18*0.2+G18*0.4+H18*0.4 -> 0.6 | J18: Отсутствует муниципальное задание на 2024 год. В общей информации отсутствует электронная почта учреждения.
A19: 12 | B19: Муниципальное дошкольное образовательное учреждение «Детский сад «Колосок» с. Воскресенское Воскресенского района Саратовской области | C19: МДОУ «Детский сад «Колосок» с. Воскресенское Воскресенского района Саратовской области | D19: бюджетное | F19: 1 | G19: 0 | H19: 1 | I19: =F19*0.2+G19*0.4+H19*0.4 -> 0.6 | J19: Отсутствует муниципальное задание на 2024 год. В общей информации отсутствует электронная почта учреждения.
A20: 13 | B20: Муниципальное общеобразовательное учреждение «Основная общеобразовательная школа с. Студеновка Воскресенского района Саратовской области» | C20: МОУ «ООШ с. Студеновка» Воскресенского района Саратовской области» | D20: бюджетное | F20: 1 | G20: 0 | H20: 1 | I20: =F20*0.2+G20*0.4+H20*0.4 -> 0.6 | J20: Отсутствует муниципальное задание на 2024 год. В общей информации отсутствует электронная почта учреждения.
